Workbook
Name Additional_Factor: 'אפשרויות בחירה'!$C$706:$C$854
Name Amoritization: 'אפשרויות בחירה'!$C$544:$C$548
Name Capsule: 'אפשרויות בחירה'!$C$934:$C$936
Name Company_Name: 'File Name Info'!$A$34:$A$130
Name Company_Name_ID: 'File Name Info'!$A$34:$B$130
Name Consortium: 'אפשרויות בחירה'!$C$512:$C$513
Name Country_list: 'אפשרויות בחירה'!$C$4:$C$85
Name Country_list_funds: 'אפשרויות בחירה'!$C$4:$C$103
Name CSA: 'אפשרויות בחירה'!$C$693:$C$694
Name Delivery: 'אפשרויות בחירה'!$C$670:$C$671
Name Dependence_Independence: 'אפשרויות בחירה'!$C$658:$C$659
Name Duration_Underlying_Interest_Rate: 'אפשרויות בחירה'!$C$685:$C$692
Name File_Type: 'File Name Info'!$A$10:$A$12
Name Full_File_Type: 'File Name Info'!$A$11:$B$13
Name Full_Type: 'File Name Info'!$A$2:$B$8
Name Full_Type_Nostro: 'File Name Info'!$A$3:$B$6
Name Full_Year: 'File Name Info'!$A$22:$B$31
Name Fund_Strategy: 'אפשרויות בחירה'!$C$595:$C$625
Name Fund_type: 'אפשרויות בחירה'!$C$326:$C$496
Name Holding_interest: 'אפשרויות בחירה'!$C$146:$C$147
Name In_the_books: 'אפשרויות בחירה'!$C$660:$C$661
Name Industry_Sector: 'אפשרויות בחירה'!#REF!
Name Industry_sector_all: 'אפשרויות בחירה'!$C$202:$C$325
Name Industry_sectors: 'אפשרויות בחירה'!$C$202:$C$325
Name israel_abroad: 'אפשרויות בחירה'!$C$2:$C$3
Name Issuer_Number_Banks: 'אפשרויות בחירה'!$C$111:$C$113
Name Issuer_Number_Fund: 'אפשרויות בחירה'!$C$114:$C$117
Name issuer_number_loan: 'אפשרויות בחירה'!$C$118:$C$126
Name Issuer_Number_Type: 'אפשרויות בחירה'!$C$104:$C$110
Name Issuer_Number_Type_2: 'אפשרויות בחירה'!#REF!
Name Issuer_Number_Type_3: 'אפשרויות בחירה'!#REF!
Name Issuer_Number_Type_V2: 'אפשרויות בחירה'!$C$104:$C$110
Name Issuer_Type_TFunds: 'אפשרויות בחירה'!#REF!
Name Leading_factor: 'אפשרויות בחירה'!$C$697:$C$705
Name Linked_Type: 'אפשרויות בחירה'!$C$514:$C$517
Name other_investments: 'אפשרויות בחירה'!$C$1018:$C$1051
Name Penalty: 'אפשרויות בחירה'!$C$855:$C$856
Name QTR: 'File Name Info'!$A$15:$A$19
Name Rating_Agency: 'אפשרויות בחירה'!$C$188:$C$201
Name real_estate_lifestage: 'אפשרויות בחירה'!$C$638:$C$646
Name real_estate_loans: 'אפשרויות בחירה'!$C$551:$C$589
Name Real_Estate_Main_Use: 'אפשרויות בחירה'!$C$626:$C$637
Name Recourse_Nonrecourse: 'אפשרויות בחירה'!$C$542:$C$543
Name Repayment_Rights: 'אפשרויות בחירה'!$C$549:$C$550
Name Reset_frequency: 'אפשרויות בחירה'!$C$662:$C$669
Name Security_ID_Number_Type: 'אפשרויות בחירה'!#REF!
Name Security_Number_Loans: 'אפשרויות בחירה'!$C$131
Name Stock_Exchange: 'אפשרויות בחירה'!#REF!
Name Stock_Exchange_Gov_Bonds: 'אפשרויות בחירה'!$C$148:$C$181
Name Subordination_Risk: 'אפשרויות בחירה'!$C$186:$C$187
Name Tradeable_Status: 'אפשרויות בחירה'!#REF!
Name Tradeable_Status_All: 'אפשרויות בחירה'!$C$135:$C$145
Name tradeable_status_bonds: 'אפשרויות בחירה'!#REF!
Name tradeable_status_funds: 'אפשרויות בחירה'!#REF!
Name tradeable_status_stock: 'אפשרויות בחירה'!#REF!
Name Tradeable_Status_v2: 'אפשרויות בחירה'!#REF!
Name tradeable_status_warrants: 'אפשרויות בחירה'!#REF!
Name tradeable_status_warrants_v2: 'אפשרויות בחירה'!#REF!
Name Transaction: 'אפשרויות בחירה'!$C$647:$C$650
Name Type: 'File Name Info'!$A$2:$A$8

Sheet עמוד פתיחה
A1: קובץ דיווח עבור רשימת נכסים ברמת הנכס הבודד (חוזר גופים מוסדיים 2015-9-14)
A3: יש לבחור תחום: | D3: נכסי עמיתים - קופות גמל
A5: האם מדובר בקובץ לממומנה או לציבור: | D5: לציבור
A7: יש לבחור את רבעון הדיווח: | D7: 02
A9: יש לבחור את שנת הדיווח: | D9: 2026
A11: יש לבחור את הגוף המוסדי: | D11: מחוג - מינהל גמל לעובדי חברת חשמל לישראל בע"מ
A13: ח.פ. הגוף המוסדי: | D13: =IFERROR(VLOOKUP(D11,'File Name Info'!A35:B130,2,0),"תא מחושב") -> 512362914
A15: שם קובץ לשמירה | D15: =IF(D5="לממונה",CONCATENATE(D13, "_",VLOOKUP(D3,Full_Type,2,0),"_",D7,VLOOKUP(D9,Full_Year,2,0),".xlxs"),IF(D5="לציבור",CONCATENATE(D13,"_",VLOOKUP(D3,Full_Type_Nostro,2,0),"_",VLOOKUP(D5,Full_File_Type,2,0),"_",D7,VLOOKUP(D9,Full_Year,2,0),".xlsx"),"שם קובץ לשמירה")) -> 512362914_gm_p_0226.xlsx

Sheet סכום נכסים
C1: ידווח בקבצי נכסי הנוסטרו בלבד
A2: אפיק | B2: שווי הוגן (באלפי ש"ח) | C2: עלות מופחתת (באלפי ש"ח) | D2: השיטה שיושמה בדוח הכספי | E2: שיעור מסך נכסי השקעה
A3: מזומנים ושווי מזומנים | B3: =SUM('מזומנים ושווי מזומנים'!O:O) -> 207102.97 | E3: =SUM('מזומנים ושווי מזומנים'!O:O)/B30 -> 0.075652558
A4: איגרות חוב ממשלתיות | B4: =SUM('איגרות חוב ממשלתיות'!U:U) -> 1005165.6 | E4: =SUM('איגרות חוב ממשלתיות'!U:U)/B30 -> 0.36717653
A5: ניירות ערך מסחריים | B5: =SUM('ניירות ערך מסחריים'!AD:AD) -> 0 | E5: =SUM('ניירות ערך מסחריים'!AD:AD)/B30 -> 0
A6: איגרות חוב | B6: =SUM('איגרות חוב'!AD:AD) -> 421577.8 | E6: =SUM('איגרות חוב'!AD:AD)/B30 -> 0.15399798
A7: מניות מבכ ויהש | B7: =SUM('מניות מבכ ויהש'!U:U) -> 657447.74 | E7: =SUM('מניות מבכ ויהש'!U:U)/B30 -> 0.24015882
A8: קרנות סל | B8: =SUM('קרנות סל'!T:T) -> 134800.65 | E8: =SUM('קרנות סל'!T:T)/B30 -> 0.049241274
A9: קרנות נאמנות | B9: =SUM('קרנות נאמנות'!T:T) -> 0 | E9: =SUM('קרנות נאמנות'!T:T)/B30 -> 0
A10: כתבי אופציה | B10: =SUM('כתבי אופציה'!W:W) -> 1114.686 | E10: =SUM('כתבי אופציה'!W:W)/B30 -> 0.00040718319
A11: אופציות | B11: =SUM(אופציות!V:V) -> 0 | E11: =SUM(אופציות!V:V)/B30 -> 0
A12: חוזים עתידיים | B12: =SUM('חוזים עתידיים'!R:R) -> 2639.984 | E12: =SUM('חוזים עתידיים'!R:R)/B30 -> 0.00096435868
A13: מוצרים מובנים | B13: =SUM('מוצרים מובנים'!Z:Z) -> 9648.91 | E13: =SUM('מוצרים מובנים'!Z:Z)/B30 -> 0.0035246464
A14: לא סחיר איגרות חוב ממשלתיות | B14: =SUM('לא סחיר איגרות חוב ממשלתיות'!U:U) -> 0 | E14: =SUM('לא סחיר איגרות חוב ממשלתיות'!U:U)/B30 -> 0
A15: לא סחיר איגרות חוב מיועדות | B15: =SUM('לא סחיר איגרות חוב מיועדות'!N:N) -> 0 | E15: =SUM('לא סחיר איגרות חוב מיועדות'!N:N)/B30 -> 0
A16: אפיק השקעה מובטח תשואה | B16: =SUM('אפיק השקעה מובטח תשואה'!F:F) -> 0 | E16: =SUM('אפיק השקעה מובטח תשואה'!F:F)/B30 -> 0
A17: לא סחיר ניירות ערך מסחריים | B17: =SUM('לא סחיר ניירות ערך מסחריים'!AI:AI) -> 5936.735 | E17: =SUM('לא סחיר ניירות ערך מסחריים'!AI:AI)/B30 -> 0.0021686275
A18: לא סחיר איגרות חוב | B18: =SUM('לא סחיר איגרות חוב'!AG:AG) -> 33474.97 | E18: =SUM('לא סחיר איגרות חוב'!AG:AG)/B30 -> 0.012228058
A19: לא סחיר מניות מבכ ויהש | B19: =SUM('לא סחיר מניות מבכ ויהש'!X:X) -> 0 | E19: =SUM('לא סחיר מניות מבכ ויהש'!X:X)/B30 -> 0
A20: קרנות השקעה | B20: =SUM('קרנות השקעה'!W:W) -> 113176.5 | E20: =SUM('קרנות השקעה'!W:W)/B30 -> 0.041342197
A21: לא סחיר כתבי אופציה | B21: =SUM('לא סחיר כתבי אופציה'!Z:Z) -> 457.55 | E21: =SUM('לא סחיר כתבי אופציה'!Z:Z)/B30 -> 0.00016713825
A22: לא סחיר אופציות | B22: =SUM('לא סחיר אופציות'!Z:Z) -> 0 | E22: =SUM('לא סחיר אופציות'!Z:Z)/B30 -> 0
A23: לא סחיר נגזרים אחרים | B23: =SUM('לא סחיר נגזרים אחרים'!R:R) -> 15176.604 | E23: =SUM('לא סחיר נגזרים אחרים'!R:R)/B30 -> 0.0055438553
A24: הלוואות | B24: =SUM(הלוואות!AT:AT) -> 4739.886 | E24: =SUM(הלוואות!AT:AT)/B30 -> 0.001731431
A25: לא סחיר מוצרים מובנים | B25: =SUM('לא סחיר מוצרים מובנים'!AB:AB) -> 5195.742 | E25: =B25/B30 -> 0.0018979505
A26: פיקדונות מעל 3 חודשים | B26: =SUM('פיקדונות מעל 3 חודשים'!T:T) -> 119077.8 | E26: =SUM('פיקדונות מעל 3 חודשים'!T:T)/B30 -> 0.043497881
A27: זכויות מקרקעין | B27: =SUM('זכויות מקרקעין'!S:S) -> 1400 | E27: =SUM('זכויות מקרקעין'!S:S)/B30 -> 0.00051140543
A28: השקעה בחברות מוחזקות | B28: =SUM('השקעה בחברות מוחזקות'!U:U) -> 0 | E28: =SUM('השקעה בחברות מוחזקות'!U:U)/B30 -> 0
A29: נכסים אחרים | B29: =SUM('נכסים אחרים'!N:N) -> -580.076 | E29: =SUM('נכסים אחרים'!N:N)/B30 -> -0.00021189573
A30: סך הכל נכסים | B30: =IF(SUM(B3:B29)=0,0.0001,SUM(B3:B29)) -> 2737554 | C30: =SUM(C3:C29) -> 0 | D30: =SUM(D3:D29) -> 0 | E30: =SUM(E3:E29) -> 1
A31: מסגרות אשראי
A32: יתרות התחייבות להשקעה | B32: =SUM('יתרות התחייבות להשקעה'!O:O) -> 68118.19 | E32: =B32/B30 -> 0.024882866

Sheet מזומנים ושווי מזומנים
A1: מספר קופה/קרן/ח.פ. עבור חברת ביטוח | B1: מספר מסלול | C1: שם הבנק | D1: מספר מזהה בנק | E1: סוג מספר מזהה בנק | F1: מאפיין עיקרי | G1: ישראל/חו"ל | H1: בעל עניין/צד קשור | I1: דירוג הבנק | J1: שם מדרג | K1: מטבע פעילות | L1: שווי מטבעי | M1: שער חליפין | N1: שיעור ריבית | O1: שווי הוגן (באלפי ש"ח) | P1: שיעור מנכסי אפיק ההשקעה | Q1: שיעור מסך נכסי ההשקעה
A2: 13710 | B2: 13711 | C2: בנק מזרחי | D2: 20-444 | E2: סימול בנק | F2: מזומן ועו"ש נקוב במט"ח | G2: ישראל | H2: לא | I2: AAA | J2: S&P מעלות | K2: AUD | L2: 38.58 | M2: 2.0512 | O2: 79.135 | P2: 0.0096092678 | Q2: 0.00088254022
A3: 13710 | B3: 13711 | C3: בנק מזרחי | D3: 20-444 | E3: סימול בנק | F3: פקדון במט"ח עד שלושה חודשים | G3: ישראל | H3: לא | I3: AAA | J3: S&P מעלות | K3: AUD | L3: 19.889 | M3: 2.0512 | O3: 40.797 | P3: 0.0049539224 | Q3: 0.00045498116
A4: 13710 | B4: 13711 | C4: בנק מזרחי | D4: 20-444 | E4: סימול בנק | F4: פקדון במט"ח עד שלושה חודשים | G4: ישראל | H4: לא | I4: AAA | J4: S&P מעלות | K4: EUR | L4: 70.224 | M4: 3.3945 | O4: 238.376 | P4: 0.028945614 | Q4: 0.0026584407
A5: 13710 | B5: 13711 | C5: בנק מזרחי | D5: 20-444 | E5: סימול בנק | F5: פקדון במט"ח עד שלושה חודשים | G5: ישראל | H5: לא | I5: AAA | J5: S&P מעלות | K5: HKD | L5: 8.541 | M5: 0.3803 | O5: 3.248 | P5: 0.00039442315 | Q5: 3.6224851e-05
A6: 13710 | B6: 13711 | C6: בנק מזרחי | D6: 20-444 | E6: סימול בנק | F6: פקדון במט"ח עד שלושה חודשים | G6: ישראל | H6: לא | I6: AAA | J6: S&P מעלות | K6: USD | L6: 815.691 | M6: 2.978 | O6: 2429.127 | P6: 0.29496463 | Q6: 0.027090321
A7: 13710 | B7: 13711 | C7: בנק מזרחי | D7: 20-444 | E7: סימול בנק | F7: מזומן ועו"ש נקוב במט"ח | G7: ישראל | H7: לא | I7: AAA | J7: S&P מעלות | K7: USD | L7: 265.092 | M7: 2.978 | O7: 789.445 | P7: 0.095860881 | Q7: 0.0088041134
A8: 13710 | B8: 13711 | C8: בנק מזרחי | D8: 20-444 | E8: סימול בנק | F8: מזומן ועו"ש נקוב במט"ח | G8: ישראל | H8: לא | I8: AAA | J8: S&P מעלות | K8: HKD | L8: 116.546 | M8: 0.3803 | O8: 44.323 | P8: 0.0053820174 | Q8: 0.00049429852
A9: 13710 | B9: 13711 | C9: בנק מזרחי | D9: 20-444 | E9: סימול בנק | F9: מזומן ועו"ש נקוב במט"ח | G9: ישראל | H9: לא | I9: AAA | J9: S&P מעלות | K9: EUR | L9: 52.732 | M9: 3.3945 | O9: 179 | P9: 0.021735639 | Q9: 0.0019962578
A10: 13710 | B10: 13711 | C10: בנק מזרחי | D10: 20-444 | E10: סימול בנק | F10: מזומן ועו"ש נקוב במט"ח | G10: ישראל | H10: לא | I10: AAA | J10: S&P מעלות | K10: GBP | L10: 3.779 | M10: 3.9389 | O10: 14.885 | P10: 0.0018074576 | Q10: 0.00016600162
A11: 13710 | B11: 13711 | C11: בנק מזרחי | D11: 20-444 | E11: סימול בנק | F11: מזומן ועו"ש בש"ח | G11: ישראל | H11: לא | I11: AAA | J11: S&P מעלות | K11: ILS | L11: 70.724 | M11: 1 | O11: 70.724 | P11: 0.0085879351 | Q11: 0.00078873836
A12: 13710 | B12: 13711 | C12: בנק מזרחי | D12: 20-444 | E12: סימול בנק | F12: פח"ק/פר"י | G12: ישראל | H12: לא | I12: AAA | J12: S&P מעלות | K12: ILS | L12: 2621.649 | M12: 1 | O12: 2621.649 | P12: 0.31834223 | Q12: 0.029237381
A13: 13710 | B13: 13711 | C13: בנק לאומי לישראל בע"מ | D13: 10-800 | E13: סימול בנק | F13: מזומן ועו"ש נקוב במט"ח | G13: ישראל | H13: לא | I13: AAA | J13: S&P מעלות | K13: USD | L13: 3.477 | M13: 2.978 | O13: 10.354 | P13: 0.0012572283 | Q13: 0.00011546712
... A112: 559 | B112: 7207 | C112: בנק לאומי לישראל בע"מ | D112: 10-800 | E112: סימול בנק | F112: מזומן ועו"ש בש"ח | G112: ישראל | H112: לא | I112: AAA | J112: S&P מעלות | K112: ILS | L112: -0.001 | M112: 1 | O112: -0.001 | P112: -7.7964683e-08 | Q112: -6.0778133e-09

Sheet איגרות חוב ממשלתיות
A1: מספר קופה/קרן/ח.פ. עבור חברת ביטוח | B1: מספר מסלול | C1: שם מנפיק | D1: שם נייר ערך | E1: מספר נייר ערך | F1: מאפיין עיקרי | G1: ישראל/חו"ל | H1: מדינה לפי חשיפה כלכלית | I1: זירת מסחר | J1: דירוג | K1: שם מדרג | L1: מטבע פעילות | M1: מח"מ | N1: מועד פדיון | O1: שיעור ריבית | P1: תשואה לפדיון | Q1: סכום לקבל (במטבע הפעילות) | R1: ערך נקוב (יחידות) | S1: שער חליפין | T1: שער נייר הערך | U1: שווי הוגן (באלפי ש"ח) | V1: עלות מופחתת (באלפי ש"ח) | W1: השיטה שיושמה בדוח הכספי | X1: שיעור מערך נקוב מונפק | Y1: שיעור מנכסי אפיק ההשקעה | Z1: שיעור מסך נכסי ההשקעה
A2: 13710 | B2: 13711 | C2: מדינת ישראל | D2: מלווה קצר מועד 1016 | E2: IL0082610184 | F2: מק"מ קצר משנים עשר חודשים | G2: ישראל | H2: ישראל | I2: TASE | J2: RF | K2: פנימי | L2: ILS | M2: 0.750 | N2: 07/10/2026 | O2: 0 | P2: 0.0334 | R2: 271000 | S2: 1 | T2: 99.13 | U2: 268.642 | W2: שווי הוגן | X2: 1.5e-05 | Y2: 0.0085180579 | Z2: 0.002995976
A3: 13710 | B3: 13711 | C3: מדינת ישראל | D3: מלווה קצר מועד 1116 | E3: IL0082611174 | F3: מק"מ קצר משנים עשר חודשים | G3: ישראל | H3: ישראל | I3: TASE | J3: RF | K3: פנימי | L3: ILS | M3: 0.342 | N3: 04/11/2026 | O3: 0 | P3: 0.03283 | R3: 142000 | S3: 1 | T3: 98.9 | U3: 140.438 | W3: שווי הוגן | X3: 8e-06 | Y3: 0.0044529809 | Z3: 0.0015662049
A4: 13710 | B4: 13711 | C4: מדינת ישראל | D4: מלווה קצר מועד 217 | E4: IL0082702171 | F4: מק"מ קצר משנים עשר חודשים | G4: ישראל | H4: ישראל | I4: TASE | J4: RF | K4: פנימי | L4: ILS | M4: 0.592 | N4: 03/02/2027 | O4: 0 | P4: 0.03259 | R4: 224000 | S4: 1 | T4: 98.12 | U4: 219.789 | W4: שווי הוגן | X4: 1.1e-05 | Y4: 0.0069690206 | Z4: 0.0024511478
A5: 13710 | B5: 13711 | C5: מדינת ישראל | D5: מלווה קצר מועד 517 | E5: IL0082705141 | F5: מק"מ קצר משנים עשר חודשים | G5: ישראל | H5: ישראל | I5: TASE | J5: RF | K5: פנימי | L5: ILS | M5: 0.841 | N5: 05/05/2027 | O5: 0 | P5: 0.03232 | R5: 706268 | S5: 1 | T5: 97.36 | U5: 687.623 | W5: שווי הוגן | X5: 3.9e-05 | Y5: 0.021803002 | Z5: 0.0076685637
A6: 13710 | B6: 13711 | C6: מדינת ישראל | D6: מלווה קצר מועד 916 | E6: IL0082609111 | F6: מק"מ קצר משנים עשר חודשים | G6: ישראל | H6: ישראל | I6: TASE | J6: RF | K6: פנימי | L6: ILS | M6: 0.170 | N6: 02/09/2026 | O6: 0 | P6: 0.03423 | R6: 348000 | S6: 1 | T6: 99.43 | U6: 346.016 | W6: שווי הוגן | X6: 1.1e-05 | Y6: 0.010971421 | Z6: 0.0038588742
A7: 13710 | B7: 13711 | C7: מדינת ישראל | D7: ממשל צמודה 0527 | E7: IL0011408478 | F7: צמוד למדד המחירים לצרכן בריבית קבועה | G7: ישראל | H7: ישראל | I7: TASE | J7: RF | K7: פנימי | L7: ILS | M7: 0.912 | N7: 31/05/2027 | O7: 0.0075 | P7: 0.01726 | R7: 1947000 | S7: 1 | T7: 119.65 | U7: 2329.586 | W7: שווי הוגן | X7: 8e-05 | Y7: 0.073866045 | Z7: 0.025980206
A8: 13710 | B8: 13711 | C8: מדינת ישראל | D8: ממשל צמודה0431 | E8: IL0012207226 | F8: צמוד למדד המחירים לצרכן בריבית קבועה | G8: ישראל | H8: ישראל | I8: TASE | J8: RF | K8: פנימי | L8: ILS | M8: 4.639 | N8: 30/04/2031 | O8: 0.02 | P8: 0.01815 | R8: 4853000 | S8: 1 | T8: 103.97 | U8: 5045.664 | W8: שווי הוגן | X8: 0.000236 | Y8: 0.15998694 | Z8: 0.056270694
A9: 13710 | B9: 13711 | C9: מדינת ישראל | D9: ממשל צמודה0837 | E9: IL0012372053 | F9: צמוד למדד המחירים לצרכן בריבית קבועה | G9: ישראל | H9: ישראל | I9: TASE | J9: RF | K9: פנימי | L9: ILS | M9: 10.130 | N9: 31/08/2037 | O9: 0.01855 | P9: 0.01953 | R9: 200000 | S9: 1 | T9: 101 | U9: 202 | W9: שווי הוגן | X9: 2.4e-05 | Y9: 0.0064049768 | Z9: 0.002252762
A10: 13710 | B10: 13711 | C10: מדינת ישראל | D10: ממשל שיקלית 0928 | E10: IL0011508798 | F10: לא צמוד למדד המחירים לצרכן ריבית קבועה | G10: ישראל | H10: ישראל | I10: TASE | J10: RF | K10: פנימי | L10: ILS | M10: 2.177 | N10: 28/09/2028 | O10: 0.0225 | P10: 0.03278 | R10: 160000 | S10: 1 | T10: 99.5 | U10: 159.2 | W10: שווי הוגן | X10: 5e-06 | Y10: 0.0050478827 | Z10: 0.0017754441
A11: 13710 | B11: 13711 | C11: מדינת ישראל | D11: ממשל שקלית 0927 | E11: IL0012035791 | F11: לא צמוד למדד המחירים לצרכן ריבית קבועה | G11: ישראל | H11: ישראל | I11: TASE | J11: RF | K11: פנימי | L11: ILS | M11: 1.211 | N11: 30/09/2027 | O11: 0.0375 | P11: 0.03222 | R11: 152000.5 | S11: 1 | T11: 103.45 | U11: 157.245 | W11: שווי הוגן | X11: 4e-06 | Y11: 0.0049858786 | Z11: 0.001753636
A12: 13710 | B12: 13711 | C12: מדינת ישראל | D12: ממשל שקלית 0327 | E12: IL0011393449 | F12: לא צמוד למדד המחירים לצרכן ריבית קבועה | G12: ישראל | H12: ישראל | I12: TASE | J12: RF | K12: פנימי | L12: ILS | M12: 0.745 | N12: 31/03/2027 | O12: 0.02 | P12: 0.03205 | R12: 830000 | S12: 1 | T12: 99.63 | U12: 826.929 | W12: שווי הוגן | X12: 2.9e-05 | Y12: 0.026220104 | Z12: 0.0092221495
A13: 13710 | B13: 13711 | C13: מדינת ישראל | D13: ממשל שקלית 0335 | E13: IL0012023326 | F13: לא צמוד למדד המחירים לצרכן ריבית קבועה | G13: ישראל | H13: ישראל | I13: TASE | J13: RF | K13: פנימי | L13: ILS | M13: 7.499 | N13: 30/03/2035 | O13: 0.04 | P13: 0.0365 | R13: 1666369 | S13: 1 | T13: 103.59 | U13: 1726.192 | W13: שווי הוגן | X13: 4.2e-05 | Y13: 0.05473375 | Z13: 0.019250985
... A328: 559 | B328: 7207 | C328: US Govt | D328: US TREASURY 3.3 | E328: US91282CPL99 | F328: נקוב במט"ח | G328: חו"ל | H328: ארה"ב | I328: FOREIGN_GOV_SEC | J328: Aa1 | K328: Moodys | L328: USD | M328: 1.390 | N328: 30/11/2027 | O328: 0.03375 | P328: 0.04124 | R328: 20000 | S328: 2.978 | T328: 99.172 | U328: 59.067 | W328: שווי הוגן | X328: 0 | Y328: 0.0010049832 | Z328: 0.00045442621

Sheet ניירות ערך מסחריים
A1: מספר קופה/קרן/ח.פ. עבור חברת ביטוח | B1: מספר מסלול | C1: שם מנפיק | D1: מספר מנפיק | E1: סוג מספר מזהה מנפיק | F1: שם נייר ערך | G1: מספר נייר ערך | H1: סוג מספר נייר ערך | I1: מאפיין עיקרי | J1: ישראל/חו"ל | K1: מדינה לפי חשיפה כלכלית | L1: זירת מסחר | M1: ענף מסחר | N1: בעל עניין/צד קשור | O1: דירוג | P1: שם מדרג | Q1: דירוג נייר הערך/המנפיק | R1: מטבע פעילות | S1: מח"מ | T1: ריבית עוגן | U1: מועד פדיון | V1: שיעור ריבית | W1: תשואה לפדיון | X1: נחיתות חוזית | Y1: האם סווג כחוב בעייתי | Z1: ערך נקוב (יחידות) | AA1: שער חליפין | AB1: שער נייר הערך | AC1: סכום לקבל (במטבע הפעילות) | AD1: שווי הוגן (באלפי ש"ח) | AE1: עלות מופחתת (באלפי ש"ח) | AF1: עלות מופחתת (במטבע הפעילות) | AG1: השיטה שיושמה בדוח הכספי | AH1: שיעור מערך נקוב מונפק | AI1: שיעור מנכסי אפיק ההשקעה | AJ1: שיעור מסך נכסי ההשקעה

Sheet איגרות חוב
A1: מספר קופה/קרן/ח.פ. עבור חברת ביטוח | B1: מספר מסלול | C1: שם מנפיק | D1: מספר מנפיק | E1: סוג מספר מזהה מנפיק | F1: שם נייר ערך | G1: מספר נייר ערך | H1: סוג מספר נייר ערך | I1: מאפיין עיקרי | J1: ישראל/חו"ל | K1: מדינה לפי חשיפה כלכלית | L1: סטאטוס סחירות | M1: זירת מסחר | N1: ענף מסחר | O1: בעל עניין/צד קשור | P1: דירוג | Q1: שם מדרג | R1: דירוג נייר הערך/המנפיק | S1: מטבע פעילות | T1: מח"מ | U1: מועד פדיון | V1: שיעור ריבית | W1: תשואה לפדיון | X1: נחיתות חוזית | Y1: האם סווג כחוב בעייתי | Z1: ערך נקוב (יחידות) | AA1: שער חליפין | AB1: שער נייר הערך | AC1: סכום לקבל (במטבע הפעילות) | AD1: שווי הוגן (באלפי ש"ח) | AE1: עלות מופחתת (באלפי ש"ח) | AF1: עלות מופחתת (במטבע הפעילות) | AG1: השיטה שיושמה בדוח הכספי | AH1: שיעור מערך נקוב מונפק | AI1: שיעור מנכסי אפיק ההשקעה | AJ1: שיעור מסך נכסי ההשקעה
A2: 13710 | B2: 13711 | C2: אאורה השקעות בע"מ | D2: 520038274 | E2: ח.פ. | F2: אאורה אגח טז | G2: IL0037305799 | H2: ISIN | I2: לא צמוד למדד המחירים לצרכן | J2: ישראל | K2: ישראל | L2: סחיר | M2: TASE | N2: בנייה | O2: לא | P2: A2 | Q2: מידרוג Moodys | R2: נייר ערך | S2: ILS | T2: 0.735 | U2: 30/09/2027 | V2: 0.035 | W2: 0.04409 | X2: החוב לא נחות | Z2: 181808.54 | AA2: 1 | AB2: 100.26 | AD2: 182.281 | AG2: שווי הוגן | AH2: 0.002177 | AI2: 0.009398703 | AJ2: 0.0020328527
A3: 13710 | B3: 13711 | C3: אאורה השקעות בע"מ | D3: 520038274 | E3: ח.פ. | F3: אאורה אגח יט חסום מחוג 08/07/26 | G3: IL0012232968 | H3: ISIN | I3: לא צמוד למדד המחירים לצרכן | J3: ישראל | K3: ישראל | L3: חסום | M3: TASE | N3: בנייה | O3: לא | P3: A2 | Q3: מידרוג Moodys | R3: נייר ערך | S3: ILS | T3: 3.932 | U3: 30/08/2032 | V3: 0.058 | W3: 0.04525 | X3: החוב לא נחות | Z3: 45000 | AA3: 1 | AB3: 107.43 | AD3: 48.343 | AG3: שווי הוגן | AH3: 0.0003 | AI3: 0.0024926657 | AJ3: 0.00053914059
A4: 13710 | B4: 13711 | C4: אבו מגורים בע"מ | D4: 515724706 | E4: ח.פ. | F4: אבו מגורים אגחא | G4: IL0012316878 | H4: ISIN | I4: צמוד למדד המחירים לצרכן | J4: ישראל | K4: ישראל | L4: סחיר | M4: TASE | N4: נדל"ן מניב בישראל | O4: לא | P4: NR | Q4: NR | R4: NR | S4: ILS | T4: 2.010 | U4: 01/09/2028 | V4: 0.0374 | W4: 0.03106 | X4: החוב לא נחות | Z4: 125000 | AA4: 1 | AB4: 107.68 | AD4: 134.6 | AG4: שווי הוגן | AH4: 0.000372 | AI4: 0.0069401843 | AJ4: 0.0015010978
A5: 13710 | B5: 13711 | C5: אבו מגורים בע"מ | D5: 515724706 | E5: ח.פ. | F5: אבו מגורים אגחא חסום מחוג 23/10/26 | G5: IL0012316878 | H5: ISIN | I5: צמוד למדד המחירים לצרכן | J5: ישראל | K5: ישראל | L5: חסום | M5: TASE | N5: נדל"ן מניב בישראל | O5: לא | P5: NR | Q5: NR | R5: NR | S5: ILS | T5: 0.000 | U5: 01/09/2028 | V5: 0.0374 | W5: 0.03106 | X5: החוב לא נחות | Z5: 47668 | AA5: 1 | AB5: 107.463 | AD5: 51.225 | AG5: שווי הוגן | AH5: 0 | AI5: 0.0026412533 | AJ5: 0.00057127871
A6: 13710 | B6: 13711 | C6: אג'לן קומרשייל ריט הולדינגס אינק | D6: 002352046 | E6: מספר תאגיד או שותפות בחו"ל | F6: אג'לן אגח א | G6: IL0012232398 | H6: ISIN | I6: לא צמוד למדד המחירים לצרכן | J6: ישראל | K6: קנדה | L6: סחיר | M6: TASE | N6: נדל"ן מניב בחו"ל | O6: לא | P6: A- | Q6: S&P מעלות | R6: נייר ערך | S6: ILS | T6: 1.913 | U6: 30/06/2028 | V6: 0.0592 | W6: 0.05631 | X6: החוב לא נחות | Z6: 15000 | AA6: 1 | AB6: 100.7 | AD6: 15.105 | AG6: שווי הוגן | AH6: 2.6e-05 | AI6: 0.00077883718 | AJ6: 0.0001684553
A7: 13710 | B7: 13711 | C7: קבוצת אורון אחזקות והשקעות בע"מ | D7: 513432765 | E7: ח.פ. | F7: אורון קב אגח ג | G7: IL0011977639 | H7: ISIN | I7: לא צמוד למדד המחירים לצרכן | J7: ישראל | K7: ישראל | L7: סחיר | M7: TASE | N7: בנייה | O7: לא | P7: Baa1 | Q7: מידרוג Moodys | R7: נייר ערך | S7: ILS | T7: 1.944 | U7: 30/06/2029 | V7: 0.08 | W7: 0.05219 | X7: החוב לא נחות | Z7: 16947.37 | AA7: 1 | AB7: 105.5 | AD7: 17.879 | AG7: שווי הוגן | AH7: 6.1e-05 | AI7: 0.00092189342 | AJ7: 0.00019939704
A8: 13710 | B8: 13711 | C8: אוריון נכסים מסחריים בע"מ | D8: 517199469 | E8: ח.פ. | F8: אוריון נכס אגחא | G8: IL0012327685 | H8: ISIN | I8: צמוד למדד המחירים לצרכן | J8: ישראל | K8: ישראל | L8: סחיר | M8: TASE | N8: מסחר | O8: לא | P8: NR | Q8: NR | R8: NR | S8: ILS | T8: 3.034 | U8: 30/09/2029 | V8: 0.0438 | W8: 0.0393 | X8: החוב לא נחות | Z8: 212000 | AA8: 1 | AB8: 103.26 | AD8: 218.911 | AG8: שווי הוגן | AH8: 0.00018 | AI8: 0.0112874 | AJ8: 0.0024413605
A9: 13710 | B9: 13711 | C9: אוריון נכסים מסחריים בע"מ | D9: 517199469 | E9: ח.פ. | F9: אוריון נכס אגחב | G9: IL0012327768 | H9: ISIN | I9: לא צמוד למדד המחירים לצרכן | J9: ישראל | K9: ישראל | L9: סחיר | M9: TASE | N9: מסחר | O9: לא | P9: NR | Q9: NR | R9: NR | S9: ILS | T9: 3.630 | U9: 30/06/2030 | V9: 0.055 | W9: 0.07201 | X9: החוב לא נחות | Z9: 33604 | AA9: 1 | AB9: 94.61 | AD9: 31.793 | AG9: שווי הוגן | AH9: 0.000168 | AI9: 0.0016392831 | AJ9: 0.00035456181
A10: 13710 | B10: 13711 | C10: אוריין ש.מ. בע"מ | D10: 511068256 | E10: ח.פ. | F10: אוריין אגח ב | G10: IL0011433799 | H10: ISIN | I10: לא צמוד למדד המחירים לצרכן | J10: ישראל | K10: ישראל | L10: סחיר | M10: TASE | N10: שרותים | O10: לא | P10: A- | Q10: S&P מעלות | R10: נייר ערך | S10: ILS | T10: 0.499 | U10: 31/12/2026 | V10: 0.0325 | W10: 0.03389 | X10: החוב לא נחות | Z10: 3567.2 | AA10: 1 | AB10: 99.95 | AD10: 3.565 | AG10: שווי הוגן | AH10: 0.000164 | AI10: 0.00018383839 | AJ10: 3.9762547e-05
A11: 13710 | B11: 13711 | C11: איה ניו יורק לימיטד | D11: 2185148 | E11: מספר תאגיד או שותפות בחו"ל | F11: איה ניו יורק אגח א | G11: IL0012362807 | H11: ISIN | I11: לא צמוד למדד המחירים לצרכן | J11: ישראל | K11: ארה"ב | L11: סחיר | M11: TASE | N11: נדל"ן מניב בחו"ל | O11: לא | P11: NR | Q11: NR | R11: NR | S11: ILS | T11: 3.044 | U11: 31/12/2029 | V11: 0.077 | W11: 0.13794 | X11: החוב לא נחות | Z11: 86000 | AA11: 1 | AB11: 84.83 | AD11: 72.954 | AG11: שווי הוגן | AH11: 0.000294 | AI11: 0.0037616108 | AJ11: 0.00081360172
A12: 13710 | B12: 13711 | C12: איירפורט סיטי בע"מ | D12: 511659401 | E12: ח.פ. | F12: איירפורט אגח ה | G12: IL0011334872 | H12: ISIN | I12: צמוד למדד המחירים לצרכן | J12: ישראל | K12: ישראל | L12: סחיר | M12: TASE | N12: נדל"ן מניב בישראל | O12: לא | P12: AA | Q12: S&P מעלות | R12: נייר ערך | S12: ILS | T12: 1.630 | U12: 28/02/2029 | V12: 0.0234 | W12: 0.02438 | X12: החוב לא נחות | Z12: 122000.45 | AA12: 1 | AB12: 119.82 | AD12: 146.181 | AG12: שווי הוגן | AH12: 0.000106 | AI12: 0.0075373155 | AJ12: 0.0016302518
A13: 13710 | B13: 13711 | C13: אינפלי אויל קורפ. | D13: 2023950211 | E13: מספר תאגיד או שותפות בחו"ל | F13: אינפלי אגח א | G13: IL0012362492 | H13: ISIN | I13: לא צמוד למדד המחירים לצרכן | J13: ישראל | K13: ישראל | L13: סחיר | M13: TASE | N13: חיפושי נפט וגז | O13: לא | P13: Baa1 | Q13: מידרוג Moodys | R13: נייר ערך | S13: ILS | T13: 3.658 | U13: 15/12/2030 | V13: 0.0623 | W13: 0.05905 | X13: החוב לא נחות | Z13: 35000 | AA13: 1 | AB13: 101.73 | AD13: 35.605 | AG13: שווי הוגן | AH13: 6.4e-05 | AI13: 0.0018358747 | AJ13: 0.00039708276
... A41: 13710 | B41: 13711 | C41: אשטרום נכסים בע"מ | D41: 520036617 | E41: ח.פ. | F41: אשטרום נכ אגח 11 | G41: IL0025102380 | H41: ISIN | I41: צמוד למדד המחירים לצרכן | J41: ישראל | K41: ישראל | L41: סחיר | M41: TASE | N41: נדל"ן מניב בישראל | O41: לא | P41: A+ | Q41: S&P מעלות | R41: נייר ערך | S41: ILS | T41: 2.173 | U41: 30/10/2028 | V41: 0.0183 | W41: 0.02458 | X41: החוב לא נחות | Z41: 105857.8 | AA41: 1 | AB41: 118 | AD41: 124.912 | AG41: שווי הוגן | AH41: 0.000452 | AI41: 0.0064406666 | AJ41: 0.0013930567
A42: 13710 | B42: 13711 | C42: אשטרום נכסים בע"מ | D42: 520036617 | E42: ח.פ. | F42: אשטרום נכ אגח 12 | G42: IL0025102794 | H42: ISIN | I42: צמוד למדד המחירים לצרכן | J42: ישראל | K42: ישראל | L42: סחיר | M42: TASE | N42: נדל"ן מניב בישראל | O42: לא | P42: A+ | Q42: S&P מעלות | R42: נייר ערך | S42: ILS | T42: 2.644 | U42: 01/07/2029 | V42: 0.0153 | W42: 0.02438 | X42: החוב לא נחות | Z42: 66000.4 | AA42: 1 | AB42: 116.67 | AC42: 3.174 | AD42: 80.177 | AG42: שווי הוגן | AH42: 0.000136 | AI42: 0.0041340294 | AJ42: 0.00089415242
A43: 13710 | B43: 13711 | C43: בזק החברה הישראלית לתקשורת בע"מ | D43: 520031931 | E43: ח.פ. | F43: בזק אגח 12 | G43: IL0023002426 | H43: ISIN | I43: צמוד למדד המחירים לצרכן | J43: ישראל | K43: ישראל | L43: סחיר | M43: TASE | N43: תקשורת ומדיה | O43: לא | P43: AA | Q43: S&P מעלות | R43: נייר ערך | S43: ILS | T43: 2.360 | U43: 02/06/2030 | V43: 0.017 | W43: 0.02205 | X43: החוב לא נחות | Z43: 37600 | AA43: 1 | AB43: 116.37 | AD43: 43.755 | AG43: שווי הוגן | AH43: 3.7e-05 | AI43: 0.0022560817 | AJ43: 0.00048796966
A44: 13710 | B44: 13711 | C44: ביג מרכזי קניות (2004) בע"מ | D44: 513623314 | E44: ח.פ. | F44: ביג אגח כה | G44: IL0012361817 | H44: ISIN | I44: צמוד למדד המחירים לצרכן | J44: ישראל | K44: ישראל | L44: סחיר | M44: TASE | N44: נדל"ן מניב בישראל | O44: לא | P44: AA | Q44: S&P מעלות | R44: נייר ערך | S44: ILS | T44: 5.955 | U44: 20/11/2032 | V44: 0.0237 | W44: 0.02418 | X44: החוב לא נחות | Z44: 49000 | AA44: 1 | AB44: 101.21 | AD44: 49.593 | AG44: שווי הוגן | AH44: 4.9e-05 | AI44: 0.0025570867 | AJ44: 0.00055307425
A45: 13710 | B45: 13711 | C45: ביג מרכזי קניות (2004) בע"מ | D45: 513623314 | E45: ח.פ. | F45: ביג אגח יג | G45: IL0011595167 | H45: ISIN | I45: צמוד למדד המחירים לצרכן | J45: ישראל | K45: ישראל | L45: סחיר | M45: TASE | N45: נדל"ן מניב בישראל | O45: לא | P45: AA | Q45: S&P מעלות | R45: נייר ערך | S45: ILS | T45: 2.214 | U45: 25/03/2029 | V45: 0.0078 | W45: 0.0235 | X45: החוב לא נחות | Z45: 148000 | AA45: 1 | AB45: 114.51 | AD45: 169.475 | AG45: שווי הוגן | AH45: 0.000283 | AI45: 0.008738383 | AJ45: 0.0018900316
A46: 13710 | B46: 13711 | C46: ביג מרכזי קניות (2004) בע"מ | D46: 513623314 | E46: ח.פ. | F46: ביג אג"ח כ"א | G46: IL0012022179 | H46: ISIN | I46: צמוד למדד המחירים לצרכן | J46: ישראל | K46: ישראל | L46: סחיר | M46: TASE | N46: נדל"ן מניב בישראל | O46: לא | P46: AA | Q46: S&P מעלות | R46: נייר ערך | S46: ILS | T46: 3.832 | U46: 03/07/2030 | V46: 0.026 | W46: 0.02323 | X46: החוב לא נחות | Z46: 62199 | AA46: 1 | AB46: 108.26 | AC46: 0.866 | AD46: 68.203 | AG46: שווי הוגן | AH46: 0.000116 | AI46: 0.003516631 | AJ46: 0.00076061483
A47: 13710 | B47: 13711 | C47: ביג מרכזי קניות (2004) בע"מ | D47: 513623314 | E47: ח.פ. | F47: ביג אגח יא | G47: IL0011511172 | H47: ISIN | I47: צמוד למדד המחירים לצרכן | J47: ישראל | K47: ישראל | L47: סחיר | M47: TASE | N47: נדל"ן מניב בישראל | O47: לא | P47: AA | Q47: S&P מעלות | R47: נייר ערך | S47: ILS | T47: 1.222 | U47: 20/10/2027 | V47: 0.0182 | W47: 0.02346 | X47: החוב לא נחות | Z47: 1000 | AA47: 1 | AB47: 118.89 | AD47: 1.189 | AG47: שווי הוגן | AH47: 2e-06 | AI47: 6.1301524e-05 | AJ47: 1.3258954e-05
A48: 13710 | B48: 13711 | C48: ביג מרכזי קניות (2004) בע"מ | D48: 513623314 | E48: ח.פ. | F48: ביג אגח כג | G48: IL0012249558 | H48: ISIN | I48: צמוד למדד המחירים לצרכן | J48: ישראל | K48: ישראל | L48: סחיר | M48: TASE | N48: נדל"ן מניב בישראל | O48: לא | P48: Aa2 | Q48: מידרוג Moodys | R48: נייר ערך | S48: ILS | T48: 4.234 | U48: 10/01/2031 | V48: 0.0278 | W48: 0.02429 | X48: החוב לא נחות | Z48: 12902 | AA48: 1 | AB48: 104.87 | AD48: 13.53 | AG48: שווי הוגן | AH48: 3.8e-05 | AI48: 0.00069764462 | AJ48: 0.00015089409
A49: 13710 | B49: 13711 | C49: הבינלאומי הראשון הנפקות בע"מ | D49: 513141879 | E49: ח.פ. | F49: בינל הנפקות אגח יב | G49: IL0011823858 | H49: ISIN | I49: צמוד למדד המחירים לצרכן | J49: ישראל | K49: ישראל | L49: סחיר | M49: TASE | N49: בנקים | O49: לא | P49: AAA | Q49: S&P מעלות | R49: נייר ערך | S49: ILS | T49: 0.927 | U49: 07/12/2027 | V49: 0.001 | W49: 0.02317 | X49: החוב לא נחות | Z49: 56666.95 | AA49: 1 | AB49: 114.12 | AD49: 64.668 | AG49: שווי הוגן | AH49: 0.000182 | AI49: 0.0033343988 | AJ49: 0.0007211997
A50: 13710 | B50: 13711 | C50: הבינלאומי הראשון הנפקות בע"מ | D50: 513141879 | E50: ח.פ. | F50: בינל הנפקות אגח יג | G50: IL0012284696 | H50: ISIN | I50: צמוד למדד המחירים לצרכן | J50: ישראל | K50: ישראל | L50: סחיר | M50: TASE | N50: בנקים | O50: לא | P50: AAA | Q50: S&P מעלות | R50: נייר ערך | S50: ILS | T50: 2.105 | U50: 04/09/2028 | V50: 0.0252 | W50: 0.02145 | X50: החוב לא נחות | Z50: 171000 | AA50: 1 | AB50: 104.15 | AD50: 178.096 | AG50: שווי הוגן | AH50: 0.000101 | AI50: 0.0091829312 | AJ50: 0.0019861833
A51: 13710 | B51: 13711 | C51: בית-הזהב בע"מ | D51: 520034562 | E51: ח.פ. | F51: בית הזהב אגח ד | G51: IL0023501302 | H51: ISIN | I51: לא צמוד למדד המחירים לצרכן | J51: ישראל | K51: ישראל | L51: סחיר | M51: TASE | N51: נדל"ן מניב בישראל | O51: לא | P51: A- | Q51: S&P מעלות | R51: נייר ערך | S51: ILS | T51: 0.557 | U51: 31/10/2027 | V51: 0.0313 | W51: 0.04451 | X51: החוב לא נחות | Z51: 6000 | AA51: 1 | AB51: 99.82 | AD51: 5.989 | AG51: שווי הוגן | AH51: 9.4e-05 | AI51: 0.00030881242 | AJ51: 6.6793277e-05
A52: 13710 | B52: 13711 | C52: ב.גאון אחזקות בע"מ | D52: 512623950 | E52: ח.פ. | F52: גאון אחז אגח ה | G52: IL0012065640 | H52: ISIN | I52: לא צמוד למדד המחירים לצרכן | J52: ישראל | K52: ישראל | L52: סחיר | M52: TASE | N52: מתכת ומוצרי בניה | O52: לא | P52: NR | Q52: NR | R52: NR | S52: ILS | T52: 2.310 | U52: 30/06/2030 | V52: 0.0758 | W52: 0.0538 | X52: החוב לא נחות | Z52: 12000 | AA52: 1 | AB52: 105.2 | AD52: 12.624 | AG52: שווי הוגן | AH52: 0.000231 | AI52: 0.00065091298 | AJ52: 0.00014078647
A53: 13710 | B53: 13711 | C53: גבאי מניבים ופיתוח בע"מ | D53: 520032178 | E53: ח.פ. | F53: גבאי קב אגח ב 5.43% | G53: IL0012336348 | H53: ISIN | I53: לא צמוד למדד המחירים לצרכן | J53: ישראל | K53: ישראל | L53: סחיר | M53: TASE | N53: נדל"ן מניב בישראל | O53: לא | P53: NR | Q53: NR | R53: NR | S53: ILS | T53: 3.077 | U53: 31/12/2029 | V53: 0.0543 | W53: 0.05161 | X53: החוב לא נחות | Z53: 112000 | AA53: 1 | AB53: 101 | AD53: 113.12 | AG53: שווי הוגן | AH53: 0.000283 | AI53: 0.0058326423 | AJ53: 0.0012615467
A54: 13710 | B54: 13711 | C54: ג'י סיטי בע"מ | D54: 520033234 | E54: ח.פ. | F54: ג'י סיטי אגח טז | G54: IL0012607854 | H54: ISIN | I54: צמוד למדד המחירים לצרכן | J54: ישראל | K54: גלובלי | L54: סחיר | M54: TASE | N54: נדל"ן מניב בחו"ל | O54: לא | P54: A- | Q54: S&P מעלות | R54: נייר ערך | S54: ILS | T54: 1.889 | U54: 01/04/2029 | V54: 0.0175 | W54: 0.04564 | X54: החוב לא נחות | Z54: 85000 | AA54: 1 | AB54: 111.68 | AD54: 94.928 | AG54: שווי הוגן | AH54: 5.1e-05 | AI54: 0.0048946346 | AJ54: 0.0010586643
A55: 13710 | B55: 13711 | C55: ג'י סיטי בע"מ | D55: 520033234 | E55: ח.פ. | F55: ג'י סיטי אגח יג | G55: IL0012606526 | H55: ISIN | I55: צמוד למדד המחירים לצרכן | J55: ישראל | K55: גלובלי | L55: סחיר | M55: TASE | N55: נדל"ן מניב בחו"ל | O55: לא | P55: A- | Q55: S&P מעלות | R55: נייר ערך | S55: ILS | T55: 1.949 | U55: 30/06/2028 | V55: 0.0328 | W55: 0.04502 | X55: החוב לא נחות | Z55: 40000 | AA55: 1 | AB55: 118.2 | AD55: 47.28 | AG55: שווי הוגן | AH55: 3.8e-05 | AI55: 0.00243783 | AJ55: 0.00052728013
A56: 13710 | B56: 13711 | C56: ג'י סיטי בע"מ | D56: 520033234 | E56: ח.פ. | F56: ג'י סיטי אג יז | G56: IL0011981425 | H56: ISIN | I56: אג"ח להמרה לא צמוד למדד המחירים לצרכן | J56: ישראל | K56: גלובלי | L56: סחיר | M56: TASE | N56: נדל"ן מניב בחו"ל | O56: לא | P56: A- | Q56: S&P מעלות | R56: נייר ערך | S56: ILS | T56: 2.849 | U56: 01/07/2029 | V56: 0.055 | W56: 0.03987 | X56: החוב לא נחות | Z56: 19665 | AA56: 1 | AB56: 104.2 | AD56: 20.491 | AG56: שווי הוגן | AH56: 3.8e-05 | AI56: 0.0010565441 | AJ56: 0.00022852073
A57: 13710 | B57: 13711 | C57: ג'י סיטי בע"מ | D57: 520033234 | E57: ח.פ. | F57: ג'י סיטי אגח טו | G57: IL0012607698 | H57: ISIN | I57: צמוד למדד המחירים לצרכן | J57: ישראל | K57: גלובלי | L57: סחיר | M57: TASE | N57: נדל"ן מניב בחו"ל | O57: לא | P57: A | Q57: S&P מעלות | R57: נייר ערך | S57: ILS | T57: 1.341 | U57: 31/03/2028 | V57: 0.0133 | W57: 0.02474 | X57: החוב לא נחות | Z57: 46000 | AA57: 1 | AB57: 118.05 | AD57: 54.303 | AG57: שווי הוגן | AH57: 0.000159 | AI57: 0.0027999467 | AJ57: 0.00060560264
A58: 13710 | B58: 13711 | C58: ג'י סיטי בע"מ | D58: 520033234 | E58: ח.פ. | F58: ג'י סיטי אגח יב | G58: IL0012606039 | H58: ISIN | I58: צמוד למדד המחירים לצרכן | J58: ישראל | K58: גלובלי | L58: סחיר | M58: TASE | N58: נדל"ן מניב בחו"ל | O58: לא | P58: A- | Q58: S&P מעלות | R58: נייר ערך | S58: ILS | T58: 0.985 | U58: 30/06/2027 | V58: 0.04 | W58: 0.03454 | X58: החוב לא נחות | Z58: 3500 | AA58: 1 | AB58: 119.76 | AD58: 4.192 | AG58: שווי הוגן | AH58: 6e-06 | AI58: 0.00021612538 | AJ58: 4.6745926e-05
... A74: 13710 | B74: 13711 | C74: החברה לישראל בע"מ | D74: 520028010 | E74: ח.פ. | F74: חברה לישראל אגח 12 | G74: IL0057602513 | H74: ISIN | I74: לא צמוד למדד המחירים לצרכן | J74: ישראל | K74: ישראל | L74: סחיר | M74: TASE | N74: כימיה, גומי ופלסטיק | O74: לא | P74: A+ | Q74: S&P מעלות | R74: נייר ערך | S74: ILS | T74: 0.247 | U74: 30/09/2026 | V74: 0.036 | W74: 0.04547 | X74: החוב לא נחות | Z74: 71866.79 | AA74: 1 | AB74: 100.69 | AD74: 72.363 | AG74: שווי הוגן | AH74: 0.000649 | AI74: 0.0037311313 | AJ74: 0.00080700927
A75: 13710 | B75: 13711 | C75: קבוצת חג'ג' ייזום נדל"ן בע"מ | D75: 520033309 | E75: ח.פ. | F75: חג'ג' אגח יא | G75: IL0082303285 | H75: ISIN | I75: לא צמוד למדד המחירים לצרכן | J75: ישראל | K75: ישראל | L75: סחיר | M75: TASE | N75: בנייה | O75: לא | P75: NR | Q75: NR | R75: NR | S75: ILS | T75: 0.990 | U75: 01/07/2027 | V75: 0.029 | W75: 0.06399 | X75: החוב לא נחות | Z75: 29000 | AA75: 1 | AB75: 96.77 | AC75: 29.841 | AD75: 57.904 | AG75: שווי הוגן | AH75: 0.000235 | AI75: 0.0029856353 | AJ75: 0.00064576537
A76: 13710 | B76: 13711 | C76: יוניברסל מוטורס ישראל בע"מ | D76: 511809071 | E76: ח.פ. | F76: יוניברסל אגח ג | G76: IL0011606709 | H76: ISIN | I76: צמוד למדד המחירים לצרכן | J76: ישראל | K76: ישראל | L76: סחיר | M76: TASE | N76: מסחר | O76: לא | P76: AA- | Q76: S&P מעלות | R76: נייר ערך | S76: ILS | T76: 0.602 | U76: 10/08/2027 | V76: 0.0105 | W76: 0.03792 | X76: החוב לא נחות | Z76: 22442.33 | AA76: 1 | AB76: 116.65 | AD76: 26.179 | AG76: שווי הוגן | AH76: 9.8e-05 | AI76: 0.0013498286 | AJ76: 0.00029195548
A77: 13710 | B77: 13711 | C77: יוניברסל מוטורס ישראל בע"מ | D77: 511809071 | E77: ח.פ. | F77: יוניברסל אגח ד | G77: IL0011722530 | H77: ISIN | I77: לא צמוד למדד המחירים לצרכן | J77: ישראל | K77: ישראל | L77: סחיר | M77: TASE | N77: מסחר | O77: לא | P77: AA- | Q77: S&P מעלות | R77: נייר ערך | S77: ILS | T77: 1.322 | U77: 11/02/2029 | V77: 0.0218 | W77: 0.03981 | X77: החוב לא נחות | Z77: 50304.83 | AA77: 1 | AB77: 98.03 | AD77: 49.314 | AG77: שווי הוגן | AH77: 0.00024 | AI77: 0.0025426971 | AJ77: 0.00054996193
A78: 13710 | B78: 13711 | C78: יילוסטון ריל אסטייט קפיטל לטד | D78: 2203094 | E78: מספר תאגיד או שותפות בחו"ל | F78: יילוסטון א | G78: IL0012429325 | H78: ISIN | I78: לא צמוד למדד המחירים לצרכן | J78: ישראל | K78: ארה"ב | L78: סחיר | M78: TASE | N78: נדל"ן מניב בחו"ל | O78: לא | P78: NR | Q78: NR | R78: NR | S78: ILS | T78: 3.515 | U78: 30/06/2030 | V78: 0.075 | W78: 0.07366 | X78: החוב לא נחות | Z78: 59000 | AA78: 1 | AB78: 101.39 | AD78: 59.82 | AG78: שווי הוגן | AH78: 9.8e-05 | AI78: 0.0030844169 | AJ78: 0.00066713092
A79: 13710 | B79: 13711 | C79: ירושלים מימון והנפקות (2005) בע"מ | D79: 513682146 | E79: ח.פ. | F79: ירושלים הנפ אגח יט | G79: IL0012014333 | H79: ISIN | I79: צמוד למדד המחירים לצרכן | J79: ישראל | K79: ישראל | L79: סחיר | M79: TASE | N79: בנקים | O79: לא | P79: AA- | Q79: S&P מעלות | R79: נייר ערך | S79: ILS | T79: 2.965 | U79: 31/01/2031 | V79: 0.0259 | W79: 0.02302 | X79: החוב לא נחות | Z79: 69339 | AA79: 1 | AB79: 108.83 | AD79: 75.462 | AG79: שווי הוגן | AH79: 0.000102 | AI79: 0.0038909186 | AJ79: 0.0008415698
A80: 13710 | B80: 13711 | C80: ישפרו בע"מ | D80: 516291754 | E80: ח.פ. | F80: ישפרו אגח ג | G80: IL0012233537 | H80: ISIN | I80: צמוד למדד המחירים לצרכן | J80: ישראל | K80: ישראל | L80: סחיר | M80: TASE | N80: נדל"ן מניב בישראל | O80: לא | P80: NR | Q80: NR | R80: NR | S80: ILS | T80: 4.194 | U80: 30/09/2032 | V80: 0.0499 | W80: 0.05825 | X80: החוב לא נחות | Z80: 16000 | AA80: 1 | AB80: 99.79 | AD80: 15.966 | AG80: שווי הוגן | AH80: 0.000126 | AI80: 0.00082325229 | AJ80: 0.00017806188
A81: 13710 | B81: 13711 | C81: ישפרו בע"מ | D81: 516291754 | E81: ח.פ. | F81: ישפרו אגח ד | G81: IL0012329749 | H81: ISIN | I81: צמוד למדד המחירים לצרכן | J81: ישראל | K81: ישראל | L81: סחיר | M81: TASE | N81: נדל"ן מניב בישראל | O81: לא | P81: NR | Q81: NR | R81: NR | S81: ILS | T81: 5.011 | U81: 30/09/2032 | V81: 0.0358 | W81: 0.03585 | X81: החוב לא נחות | Z81: 35000 | AA81: 1 | AB81: 101.7 | AD81: 35.595 | AG81: שווי הוגן | AH81: 4.6e-05 | AI81: 0.0018353333 | AJ81: 0.00039696566
A82: 13710 | B82: 13711 | C82: ישראל קנדה (ט.ר) בעמ | D82: 520039298 | E82: ח.פ. | F82: ישראל קנדה אגח ז | G82: IL0043402127 | H82: ISIN | I82: לא צמוד למדד המחירים לצרכן | J82: ישראל | K82: ישראל | L82: סחיר | M82: TASE | N82: בנייה | O82: לא | P82: A- | Q82: S&P מעלות | R82: נייר ערך | S82: ILS | T82: 0.985 | U82: 30/06/2027 | V82: 0.0395 | W82: 0.04478 | X82: החוב לא נחות | Z82: 94920 | AA82: 1 | AB82: 99.56 | AD82: 94.502 | AG82: שווי הוגן | AH82: 0.000323 | AI82: 0.0048726875 | AJ82: 0.0010539174
A83: 13710 | B83: 13711 | C83: ישראמקו נגב 2 שותפות מוגבלת | D83: 550010003 | E83: מספר שותפות | F83: ישראמקו אגח ב | G83: IL0023202240 | H83: ISIN | I83: צמוד למט"ח | J83: ישראל | K83: ישראל | L83: סחיר | M83: TASE | N83: חיפושי נפט וגז | O83: לא | P83: AA | Q83: S&P מעלות | R83: נייר ערך | S83: ILS | T83: 2.253 | U83: 10/10/2030 | V83: 0.0377 | W83: 0.05096 | X83: החוב לא נחות | Z83: 715.68 | AA83: 1 | AB83: 85.66 | AD83: 0.613 | AG83: שווי הוגן | AH83: 4e-06 | AI83: 3.1609884e-05 | AJ83: 6.8369261e-06
A84: 13710 | B84: 13711 | C84: ישרס חברה להשקעות בע"מ | D84: 520017807 | E84: ח.פ. | F84: ישרס אגח טו | G84: IL0061302076 | H84: ISIN | I84: צמוד למדד המחירים לצרכן | J84: ישראל | K84: ישראל | L84: סחיר | M84: TASE | N84: נדל"ן מניב בישראל | O84: לא | P84: AA | Q84: S&P מעלות | R84: נייר ערך | S84: ILS | T84: 0.867 | U84: 16/05/2027 | V84: 0.0158 | W84: 0.02683 | X84: החוב לא נחות | Z84: 20000 | AA84: 1 | AB84: 119.63 | AD84: 23.926 | AG84: שווי הוגן | AH84: 5.6e-05 | AI84: 0.0012336616 | AJ84: 0.00026682962
A85: 13710 | B85: 13711 | C85: ישרס חברה להשקעות בע"מ | D85: 520017807 | E85: ח.פ. | F85: ישרס אגח יד | G85: IL0061301995 | H85: ISIN | I85: לא צמוד למדד המחירים לצרכן | J85: ישראל | K85: ישראל | L85: סחיר | M85: TASE | N85: נדל"ן מניב בישראל | O85: לא | P85: AA- | Q85: S&P מעלות | R85: נייר ערך | S85: ILS | T85: 0.651 | U85: 01/03/2027 | V85: 0.0505 | W85: 0.04159 | X85: החוב לא נחות | Z85: 18500.16 | AA85: 1 | AB85: 102.3 | AD85: 18.926 | AG85: שווי הוגן | AH85: 0.0002 | AI85: 0.00097583651 | AJ85: 0.00021106443
A86: 13710 | B86: 13711 | C86: כלל החזקות עסקי ביטוח בע"מ | D86: 520036120 | E86: ח.פ. | F86: כלל ביטוח אג ב | G86: IL0011934994 | H86: ISIN | I86: אג"ח להמרה לא צמוד למדד המחירים לצרכן | J86: ישראל | K86: ישראל | L86: סחיר | M86: TASE | N86: ביטוח | O86: לא | P86: AA- | Q86: S&P מעלות | R86: נייר ערך | S86: ILS | T86: 0.592 | U86: 28/02/2028 | V86: 0.028 | W86: -0.44005 | X86: החוב לא נחות | Z86: 132154 | AA86: 1 | AB86: 291.3 | AD86: 384.965 | AG86: שווי הוגן | AH86: 0.001519 | AI86: 0.019849371 | AJ86: 0.0042932357
A87: 13710 | B87: 13711 | C87: בנק לאומי לישראל בע"מ | D87: 520018078 | E87: ח.פ. | F87: לאומי אגח 185 | G87: IL0012018219 | H87: ISIN | I87: צמוד למדד המחירים לצרכן | J87: ישראל | K87: ישראל | L87: סחיר | M87: TASE | N87: בנקים | O87: לא | P87: AAA | Q87: S&P מעלות | R87: נייר ערך | S87: ILS | T87: 1.624 | U87: 31/08/2029 | V87: 0.0186 | W87: 0.02215 | X87: החוב לא נחות | Z87: 605828 | AA87: 1 | AB87: 107.17 | AD87: 649.266 | AG87: שווי הוגן | AH87: 0.000271 | AI87: 0.033477153 | AJ87: 0.0072407993
... A116: 13710 | B116: 13711 | C116: מטריקס אי.טי בע"מ | D116: 520039413 | E116: ח.פ. | F116: מטריקס 2 0.5% 01.02.31 | G116: IL0012359696 | H116: ISIN | I116: אג"ח להמרה לא צמוד למדד המחירים לצרכן | J116: ישראל | K116: ישראל | L116: סחיר | M116: TASE | N116: שרותי מידע | O116: לא | P116: Aa2 | Q116: מידרוג Moodys | R116: נייר ערך | S116: ILS | T116: 4.531 | U116: 01/02/2031 | V116: 0.005 | W116: 0.03265 | X116: החוב לא נחות | Z116: 10000 | AA116: 1 | AB116: 88.6 | AD116: 8.86 | AG116: שווי הוגן | AH116: 3.4e-05 | AI116: 0.00045683531 | AJ116: 9.8809263e-05
A117: 13710 | B117: 13711 | C117: מליסרון בע"מ | D117: 520037789 | E117: ח.פ. | F117: מליסרון אגח יח | G117: IL0032303724 | H117: ISIN | I117: צמוד למדד המחירים לצרכן | J117: ישראל | K117: ישראל | L117: סחיר | M117: TASE | N117: נדל"ן מניב בישראל | O117: לא | P117: AA | Q117: S&P מעלות | R117: נייר ערך | S117: ILS | T117: 1.958 | U117: 02/07/2028 | V117: 0.0065 | W117: 0.02284 | X117: החוב לא נחות | Z117: 20761.36 | AA117: 1 | AB117: 115.38 | AC117: 0.365 | AD117: 24.32 | AG117: שווי הוגן | AH117: 4e-05 | AI117: 0.0012539715 | AJ117: 0.00027122247
A118: 13710 | B118: 13711 | C118: מליסרון בע"מ | D118: 520037789 | E118: ח.פ. | F118: מליסרון אגח יט | G118: IL0032303989 | H118: ISIN | I118: צמוד למדד המחירים לצרכן | J118: ישראל | K118: ישראל | L118: סחיר | M118: TASE | N118: נדל"ן מניב בישראל | O118: לא | P118: AA | Q118: S&P מעלות | R118: נייר ערך | S118: ILS | T118: 2.862 | U118: 01/07/2029 | V118: 0.0143 | W118: 0.02272 | X118: החוב לא נחות | Z118: 62699.17 | AA118: 1 | AB118: 116.54 | AC118: 1.391 | AD118: 74.461 | AG118: שווי הוגן | AH118: 3.3e-05 | AI118: 0.003839308 | AJ118: 0.0008304069
A119: 13710 | B119: 13711 | C119: מליסרון בע"מ | D119: 520037789 | E119: ח.פ. | F119: מליסרון טז' | G119: IL0032302650 | H119: ISIN | I119: צמוד למדד המחירים לצרכן | J119: ישראל | K119: ישראל | L119: סחיר | M119: TASE | N119: נדל"ן מניב בישראל | O119: לא | P119: AA | Q119: S&P מעלות | R119: נייר ערך | S119: ILS | T119: 0.736 | U119: 01/04/2027 | V119: 0.0235 | W119: 0.03394 | X119: החוב לא נחות | Z119: 118607.64 | AA119: 1 | AB119: 120.57 | AD119: 143.005 | AG119: שווי הוגן | AH119: 0.000133 | AI119: 0.0073735711 | AJ119: 0.0015948354
A120: 13710 | B120: 13711 | C120: מניבים קרן הריט החדשה בע"מ | D120: 515327120 | E120: ח.פ. | F120: מניבים ריט אגח ב | G120: IL0011559288 | H120: ISIN | I120: צמוד למדד המחירים לצרכן | J120: ישראל | K120: ישראל | L120: סחיר | M120: TASE | N120: נדל"ן מניב בישראל | O120: לא | P120: Aa3 | Q120: מידרוג Moodys | R120: נייר ערך | S120: ILS | T120: 1.413 | U120: 31/12/2027 | V120: 0.0275 | W120: 0.02469 | X120: החוב לא נחות | Z120: 52383.94 | AA120: 1 | AB120: 119.11 | AD120: 62.395 | AG120: שווי הוגן | AH120: 0.000167 | AI120: 0.0032171575 | AJ120: 0.00069584149
A121: 13710 | B121: 13711 | C121: מניבים קרן הריט החדשה בע"מ | D121: 515327120 | E121: ח.פ. | F121: מניבים ריט אגח ג | G121: IL0011776585 | H121: ISIN | I121: צמוד למדד המחירים לצרכן | J121: ישראל | K121: ישראל | L121: סחיר | M121: TASE | N121: נדל"ן מניב בישראל | O121: לא | P121: Aa3 | Q121: מידרוג Moodys | R121: נייר ערך | S121: ILS | T121: 2.948 | U121: 31/12/2029 | V121: 0.0085 | W121: 0.02326 | X121: החוב לא נחות | Z121: 8000 | AA121: 1 | AB121: 113.2 | AD121: 9.056 | AG121: שווי הוגן | AH121: 1.4e-05 | AI121: 0.00046694138 | AJ121: 0.00010099511
A122: 13710 | B122: 13711 | C122: מניף - שירותים פיננסים בע"מ | D122: 512764408 | E122: ח.פ. | F122: מניף אגח א | G122: IL0011858839 | H122: ISIN | I122: לא צמוד למדד המחירים לצרכן | J122: ישראל | K122: ישראל | L122: סחיר | M122: TASE | N122: אשראי חוץ בנקאי | O122: לא | P122: A3 | Q122: מידרוג Moodys | R122: נייר ערך | S122: ILS | T122: 0.247 | U122: 30/09/2026 | V122: 0.1065 | W122: 0.0597 | X122: החוב לא נחות | Z122: 30955.22 | AA122: 1 | AB122: 101.62 | AD122: 31.457 | AG122: שווי הוגן | AH122: 0.000252 | AI122: 0.0016219559 | AJ122: 0.00035081409
A123: 13710 | B123: 13711 | C123: מקורות חברת מים בע"מ | D123: 520010869 | E123: ח.פ. | F123: מקורות 10 2023/2027 0.5% | G123: IL0011584682 | H123: ISIN | I123: צמוד למדד המחירים לצרכן | J123: ישראל | K123: ישראל | L123: סחיר | M123: TASE | N123: שרותים | O123: לא | P123: AAA | Q123: S&P מעלות | R123: נייר ערך | S123: ILS | T123: 0.993 | U123: 31/12/2027 | V123: 0.001 | W123: 0.02227 | X123: החוב לא נחות | Z123: 182000 | AA123: 1 | AB123: 115.12 | AD123: 209.518 | AG123: שווי הוגן | AH123: 0.000425 | AI123: 0.010803093 | AJ123: 0.0023366093
A124: 13710 | B124: 13711 | C124: מקורות חברת מים בע"מ | D124: 520010869 | E124: ח.פ. | F124: מקורות אגח 11 | G124: IL0011584765 | H124: ISIN | I124: צמוד למדד המחירים לצרכן | J124: ישראל | K124: ישראל | L124: סחיר | M124: TASE | N124: שרותים | O124: לא | P124: AAA | Q124: S&P מעלות | R124: נייר ערך | S124: ILS | T124: 11.435 | U124: 31/12/2053 | V124: 0.0207 | W124: 0.02738 | X124: החוב לא נחות | Z124: 375888.18 | AA124: 1 | AB124: 109.08 | AD124: 410.019 | AG124: שווי הוגן | AH124: 4.6e-05 | AI124: 0.021141205 | AJ124: 0.0045726476
A125: 13710 | B125: 13711 | C125: מקס איט פיננסים בע"מ לשעבר לאומי קארד | D125: 512905423 | E125: ח.פ. | F125: מקס איט אגח ה | G125: IL0012251430 | H125: ISIN | I125: צמוד למדד המחירים לצרכן | J125: ישראל | K125: ישראל | L125: סחיר | M125: TASE | N125: שרותים פיננסיים | O125: לא | P125: Aa3 | Q125: מידרוג Moodys | R125: נייר ערך | S125: ILS | T125: 3.349 | U125: 30/06/2031 | V125: 0.027 | W125: 0.02479 | X125: החוב לא נחות | Z125: 34000 | AA125: 1 | AB125: 102.75 | AD125: 34.935 | AG125: שווי הוגן | AH125: 4.5e-05 | AI125: 0.0018013027 | AJ125: 0.00038960515
A126: 13710 | B126: 13711 | C126: מרכנתיל הנפקות בע"מ | D126: 513686154 | E126: ח.פ. | F126: מרכנתיל 4 | G126: IL0011713059 | H126: ISIN | I126: צמוד למדד המחירים לצרכן | J126: ישראל | K126: ישראל | L126: סחיר | M126: TASE | N126: בנקים | O126: לא | P126: AAA | Q126: S&P מעלות | R126: נייר ערך | S126: ILS | T126: 2.043 | U126: 30/01/2030 | V126: 0.015 | W126: 0.02213 | X126: החוב לא נחות | Z126: 62958.27 | AA126: 1 | AB126: 118.34 | AD126: 74.505 | AG126: שווי הוגן | AH126: 0.000338 | AI126: 0.0038415837 | AJ126: 0.0008308991
A127: 13710 | B127: 13711 | C127: נאוויטס פטרוליום, שותפות מוגבלת | D127: 550263107 | E127: מספר שותפות | F127: נאוויטס אגח ז | G127: IL0012160433 | H127: ISIN | I127: לא צמוד למדד המחירים לצרכן | J127: ישראל | K127: ישראל | L127: סחיר | M127: TASE | N127: חיפושי נפט וגז | O127: לא | P127: BBB+ | Q127: S&P מעלות | R127: נייר ערך | S127: ILS | T127: 3.208 | U127: 30/06/2030 | V127: 0.06 | W127: 0.05061 | X127: החוב לא נחות | Z127: 32000 | AA127: 1 | AB127: 103.18 | AD127: 33.018 | AG127: שווי הוגן | AH127: 3.2e-05 | AI127: 0.0017024386 | AJ127: 0.00036822175
A128: 13710 | B128: 13711 | C128: נאוויטס פטרוליום, שותפות מוגבלת | D128: 550263107 | E128: מספר שותפות | F128: נאוויטס אגח ח | G128: IL0012318288 | H128: ISIN | I128: צמוד למט"ח | J128: ישראל | K128: ישראל | L128: סחיר | M128: TASE | N128: חיפושי נפט וגז | O128: לא | P128: BBB+ | Q128: S&P מעלות | R128: נייר ערך | S128: ILS | T128: 4.246 | U128: 31/12/2031 | V128: 0.0795 | W128: 0.06537 | X128: החוב לא נחות | Z128: 56000 | AA128: 1 | AB128: 97.03 | AD128: 54.337 | AG128: שווי הוגן | AH128: 0 | AI128: 0.0028016895 | AJ128: 0.00060597959
A129: 13710 | B129: 13711 | C129: נאוויטס פטרוליום, שותפות מוגבלת | D129: 550263107 | E129: מספר שותפות | F129: נאוויטס אגח ח חסום מחוג 18/08/26 | G129: IL0012318288 | H129: ISIN | I129: צמוד למט"ח | J129: ישראל | K129: ישראל | L129: חסום | M129: TASE | N129: חיפושי נפט וגז | O129: לא | P129: BBB+ | Q129: S&P מעלות | R129: נייר ערך | S129: ILS | T129: 0.000 | U129: 31/12/2031 | V129: 0.0795 | W129: 0.06537 | X129: החוב לא נחות | Z129: 50000 | AA129: 1 | AB129: 96.593 | AD129: 48.297 | AG129: שווי הוגן | AH129: 0 | AI129: 0.0024902517 | AJ129: 0.00053861846
A130: 13710 | B130: 13711 | C130: נאוויטס פטרוליום, שותפות מוגבלת | D130: 550263107 | E130: מספר שותפות | F130: נאוויטס פטרו אגח ו | G130: IL0012048257 | H130: ISIN | I130: לא צמוד למדד המחירים לצרכן | J130: ישראל | K130: ישראל | L130: סחיר | M130: TASE | N130: חיפושי נפט וגז | O130: לא | P130: A- | Q130: S&P מעלות | R130: נייר ערך | S130: ILS | T130: 2.308 | U130: 30/09/2029 | V130: 0.067 | W130: 0.04187 | X130: החוב לא נחות | Z130: 14461.54 | AA130: 1 | AB130: 107.65 | AD130: 15.568 | AG130: שווי הוגן | AH130: 3.1e-05 | AI130: 0.00080270233 | AJ130: 0.00017361711
... A145: 13710 | B145: 13711 | C145: סיאון אינווסטמנט קורפוריישן | D145: d14242259 | E145: מספר תאגיד או שותפות בחו"ל | F145: סיאון אגח א | G145: IL0011940181 | H145: ISIN | I145: צמוד למט"ח | J145: ישראל | K145: ארה"ב | L145: סחיר | M145: TASE | N145: אשראי חוץ בנקאי | O145: לא | P145: A1 | Q145: מידרוג Moodys | R145: נייר ערך | S145: ILS | T145: 0.164 | U145: 31/08/2026 | V145: 0.072318 | W145: 0.10448 | X145: החוב לא נחות | Z145: 5000 | AA145: 1 | AB145: 81.48 | AD145: 4.074 | AG145: שווי הוגן | AH145: 1.2e-05 | AI145: 0.00021006175 | AJ145: 4.5434417e-05
A146: 13710 | B146: 13711 | C146: סימד הולדינגס, לימיטד | D146: 2177857 | E146: מספר תאגיד או שותפות בחו"ל | F146: סימד הולד אגח א | G146: IL0012328758 | H146: ISIN | I146: לא צמוד למדד המחירים לצרכן | J146: ישראל | K146: ישראל | L146: סחיר | M146: TASE | N146: מלונאות ותיירות | O146: לא | P146: R/S | Q146: מידרוג Moodys | R146: נייר ערך | S146: ILS | T146: 2.782 | U146: 30/11/2030 | V146: 0.07 | W146: 0.57097 | X146: החוב לא נחות | Z146: 34000 | AA146: 1 | AB146: 29 | AC146: 0.18 | AD146: 10.04 | AG146: שווי הוגן | AH146: 5.5e-05 | AI146: 0.00051767794 | AJ146: 0.00011196896
A147: 13710 | B147: 13711 | C147: סלע קפיטל נדל"ן בע"מ | D147: 513992529 | E147: ח.פ. | F147: סלע נדלן אגח ג | G147: IL0011389736 | H147: ISIN | I147: צמוד למדד המחירים לצרכן | J147: ישראל | K147: ישראל | L147: סחיר | M147: TASE | N147: נדל"ן מניב בישראל | O147: לא | P147: Aa3 | Q147: מידרוג Moodys | R147: נייר ערך | S147: ILS | T147: 1.745 | U147: 13/04/2029 | V147: 0.0196 | W147: 0.02404 | X147: החוב לא נחות | Z147: 111000 | AA147: 1 | AB147: 119.64 | AD147: 132.8 | AG147: שווי הוגן | AH147: 0.000129 | AI147: 0.0068473942 | AJ147: 0.0014810282
A148: 13710 | B148: 13711 | C148: סלע קפיטל נדל"ן בע"מ | D148: 513992529 | E148: ח.פ. | F148: סלע נדלן אגח ה | G148: IL0012050873 | H148: ISIN | I148: צמוד למדד המחירים לצרכן | J148: ישראל | K148: ישראל | L148: סחיר | M148: TASE | N148: נדל"ן מניב בישראל | O148: לא | P148: AA | Q148: S&P מעלות | R148: נייר ערך | S148: ILS | T148: 6.742 | U148: 10/04/2037 | V148: 0.03 | W148: 0.02686 | X148: החוב לא נחות | Z148: 35600 | AA148: 1 | AB148: 109.89 | AD148: 39.121 | AG148: שווי הוגן | AH148: 3.3e-05 | AI148: 0.0020171311 | AJ148: 0.00043628684
A149: 13710 | B149: 13711 | C149: סלקום ישראל בע"מ | D149: 511930125 | E149: ח.פ. | F149: סלקום אגח יא | G149: IL0011392524 | H149: ISIN | I149: לא צמוד למדד המחירים לצרכן | J149: ישראל | K149: ישראל | L149: סחיר | M149: TASE | N149: תקשורת ומדיה | O149: לא | P149: AA- | Q149: S&P מעלות | R149: נייר ערך | S149: ILS | T149: 0.008 | U149: 05/07/2026 | V149: 0.0355 | W149: 0.12033 | X149: החוב לא נחות | Z149: 46737 | AA149: 1 | AB149: 101.68 | AD149: 47.522 | AG149: שווי הוגן | AH149: 0.000329 | AI149: 0.0024503172 | AJ149: 0.00052998101
A150: 13710 | B150: 13711 | C150: סלקום ישראל בע"מ | D150: 511930125 | E150: ח.פ. | F150: סלקום אגח יב | G150: IL0011430803 | H150: ISIN | I150: לא צמוד למדד המחירים לצרכן | J150: ישראל | K150: ישראל | L150: סחיר | M150: TASE | N150: תקשורת ומדיה | O150: לא | P150: AA- | Q150: S&P מעלות | R150: נייר ערך | S150: ILS | T150: 0.997 | U150: 05/01/2028 | V150: 0.025 | W150: 0.039 | X150: החוב לא נחות | Z150: 3000 | AA150: 1 | AB150: 99.85 | AD150: 2.995 | AG150: שווי הוגן | AH150: 6e-06 | AI150: 0.00015445262 | AJ150: 3.3406676e-05
A151: 13710 | B151: 13711 | C151: ספנסר אקוויטי גרופ לימיטד | D151: 1838863 | E151: מספר תאגיד או שותפות בחו"ל | F151: ספנסר אגח ה | G151: IL0012128513 | H151: ISIN | I151: לא צמוד למדד המחירים לצרכן | J151: ישראל | K151: ישראל | L151: סחיר | M151: TASE | N151: נדל"ן מניב בחו"ל | O151: לא | P151: A+ | Q151: S&P מעלות | R151: נייר ערך | S151: ILS | T151: 2.100 | U151: 30/09/2028 | V151: 0.0639 | W151: 0.0624 | X151: החוב לא נחות | Z151: 76047.49 | AA151: 1 | AB151: 102.17 | AD151: 77.698 | AG151: שווי הוגן | AH151: 0.000192 | AI151: 0.0040062147 | AJ151: 0.00086650728
A152: 13710 | B152: 13711 | C152: ספנסר אקוויטי גרופ לימיטד | D152: 1838863 | E152: מספר תאגיד או שותפות בחו"ל | F152: ספנסר אגח ו | G152: IL0012128695 | H152: ISIN | I152: לא צמוד למדד המחירים לצרכן | J152: ישראל | K152: ארה"ב | L152: סחיר | M152: TASE | N152: נדל"ן מניב בחו"ל | O152: לא | P152: A+ | Q152: S&P מעלות | R152: נייר ערך | S152: ILS | T152: 1.200 | U152: 30/09/2027 | V152: 0.0644 | W152: 0.06134 | X152: החוב לא נחות | Z152: 17757.67 | AA152: 1 | AB152: 102.09 | AD152: 18.129 | AG152: שווי הוגן | AH152: 4.8e-05 | AI152: 0.00093474926 | AJ152: 0.00020217764
A153: 13710 | B153: 13711 | C153: קבוצת עזריאלי בע"מ (לשעבר קנית מימון) | D153: 510960719 | E153: ח.פ. | F153: עזריאלי אגח ד | G153: IL0011386500 | H153: ISIN | I153: צמוד למדד המחירים לצרכן | J153: ישראל | K153: ישראל | L153: סחיר | M153: TASE | N153: נדל"ן מניב בישראל | O153: לא | P153: AA+ | Q153: S&P מעלות | R153: נייר ערך | S153: ILS | T153: 2.215 | U153: 05/07/2030 | V153: 0.0134 | W153: 0.02307 | X153: החוב לא נחות | Z153: 154000.7 | AA153: 1 | AB153: 118.34 | AC153: 24.778 | AD153: 207.022 | AG153: שווי הוגן | AH153: 8.7e-05 | AI153: 0.010674375 | AJ153: 0.0023087689
A154: 13710 | B154: 13711 | C154: קבוצת עזריאלי בע"מ (לשעבר קנית מימון) | D154: 510960719 | E154: ח.פ. | F154: עזריאלי אגח ה | G154: IL0011566036 | H154: ISIN | I154: צמוד למדד המחירים לצרכן | J154: ישראל | K154: ישראל | L154: סחיר | M154: TASE | N154: נדל"ן מניב בישראל | O154: לא | P154: Aa1 | Q154: מידרוג Moodys | R154: נייר ערך | S154: ILS | T154: 1.479 | U154: 30/06/2028 | V154: 0.0177 | W154: 0.02297 | X154: החוב לא נחות | Z154: 75698.83 | AA154: 1 | AB154: 118.43 | AD154: 89.65 | AG154: שווי הוגן | AH154: 4.7e-05 | AI154: 0.0046224992 | AJ154: 0.00099980392
A155: 13710 | B155: 13711 | C155: עמידר | D155: 520017393 | E155: ח.פ. | F155: עמידר אגח א | G155: IL0011435851 | H155: ISIN | I155: לא צמוד למדד המחירים לצרכן | J155: ישראל | K155: ישראל | L155: סחיר | M155: TASE | N155: נדל"ן מניב בישראל | O155: לא | P155: AAA | Q155: S&P מעלות | R155: נייר ערך | S155: ILS | T155: 0.982 | U155: 31/03/2028 | V155: 0.0144 | W155: 0.03278 | X155: החוב לא נחות | Z155: 189333.78 | AA155: 1 | AB155: 98.61 | AD155: 186.702 | AG155: שווי הוגן | AH155: 0.000947 | AI155: 0.0096266462 | AJ155: 0.0020821547
A156: 13710 | B156: 13711 | C156: עמרם אברהם חברה לבנין בע"מ | D156: 513201582 | E156: ח.פ. | F156: עמרם אברהם אגח ב | G156: IL0012025552 | H156: ISIN | I156: לא צמוד למדד המחירים לצרכן | J156: ישראל | K156: ישראל | L156: סחיר | M156: TASE | N156: בנייה | O156: לא | P156: A3 | Q156: מידרוג Moodys | R156: נייר ערך | S156: ILS | T156: 0.861 | U156: 31/12/2027 | V156: 0.074 | W156: 0.04129 | X156: החוב לא נחות | Z156: 19315.79 | AA156: 1 | AB156: 102.81 | AD156: 19.859 | AG156: שווי הוגן | AH156: 0.000219 | AI156: 0.0010239383 | AJ156: 0.0002214684
A157: 13710 | B157: 13711 | C157: עמרם אברהם חברה לבנין בע"מ | D157: 513201582 | E157: ח.פ. | F157: עמרם אברהם אגח ד 31.12.31 | G157: IL0012408451 | H157: ISIN | I157: לא צמוד למדד המחירים לצרכן | J157: ישראל | K157: ישראל | L157: סחיר | M157: TASE | N157: נדל"ן מניב בישראל | O157: לא | P157: A3 | Q157: מידרוג Moodys | R157: נייר ערך | S157: ILS | T157: 3.828 | U157: 31/12/2031 | V157: 0.0514 | W157: 0.0507 | X157: החוב לא נחות | Z157: 36000 | AA157: 1 | AB157: 101.23 | AD157: 36.443 | AG157: שווי הוגן | AH157: 0.000145 | AI157: 0.0018790472 | AJ157: 0.00040642056
A158: 13710 | B158: 13711 | C158: בנק הפועלים בע"מ | D158: 520000118 | E158: ח.פ. | F158: פועלים אגח 102 | G158: IL0012234527 | H158: ISIN | I158: לא צמוד למדד המחירים לצרכן | J158: ישראל | K158: ישראל | L158: סחיר | M158: TASE | N158: בנקים | O158: לא | P158: AAA | Q158: S&P מעלות | R158: נייר ערך | S158: ILS | T158: 4.452 | U158: 17/06/2035 | V158: 0.0488 | W158: 0.03887 | X158: החוב לא נחות | Z158: 184100 | AA158: 1 | AB158: 104.48 | AD158: 192.348 | AG158: שווי הוגן | AH158: 3.8e-05 | AI158: 0.0099177441 | AJ158: 0.0021451165
A159: 13710 | B159: 13711 | C159: בנק הפועלים בע"מ | D159: 520000118 | E159: ח.פ. | F159: פועלים אגח 102 חסום מחוג 19/11/26 | G159: IL0012234527 | H159: ISIN | I159: לא צמוד למדד המחירים לצרכן | J159: ישראל | K159: ישראל | L159: חסום | M159: TASE | N159: בנקים | O159: לא | P159: AAA | Q159: S&P מעלות | R159: נייר ערך | S159: ILS | T159: 0.000 | U159: 17/06/2035 | V159: 0.0488 | W159: 0.03887 | X159: החוב לא נחות | Z159: 95000 | AA159: 1 | AB159: 103.92 | AD159: 98.724 | AG159: שווי הוגן | AH159: 0 | AI159: 0.0050903445 | AJ159: 0.0011009946
A160: 13710 | B160: 13711 | C160: בנק הפועלים בע"מ | D160: 520000118 | E160: ח.פ. | F160: פועלים אגח 200 | G160: IL0066204962 | H160: ISIN | I160: צמוד למדד המחירים לצרכן | J160: ישראל | K160: ישראל | L160: סחיר | M160: TASE | N160: בנקים | O160: לא | P160: AAA | Q160: S&P מעלות | R160: נייר ערך | S160: ILS | T160: 2.877 | U160: 09/12/2031 | V160: 0.001 | W160: 0.02107 | X160: החוב לא נחות | Z160: 120248.33 | AA160: 1 | AB160: 109.94 | AD160: 132.201 | AG160: שווי הוגן | AH160: 0.000143 | AI160: 0.0068164889 | AJ160: 0.0014743437
A161: 13710 | B161: 13711 | C161: בנק הפועלים בע"מ | D161: 520000118 | E161: ח.פ. | F161: פועלים אגח 201 | G161: IL0011913451 | H161: ISIN | I161: צמוד למדד המחירים לצרכן | J161: ישראל | K161: ישראל | L161: סחיר | M161: TASE | N161: בנקים | O161: לא | P161: AAA | Q161: S&P מעלות | R161: נייר ערך | S161: ILS | T161: 3.275 | U161: 29/11/2032 | V161: 0.0139 | W161: 0.02169 | X161: החוב לא נחות | Z161: 314220.78 | AA161: 1 | AB161: 108.9 | AD161: 342.186 | AG161: שווי הוגן | AH161: 0.000101 | AI161: 0.017643662 | AJ161: 0.0038161613
A162: 13710 | B162: 13711 | C162: בנק הפועלים בע"מ | D162: 520000118 | E162: ח.פ. | F162: פועלים אגח 202 | G162: IL0011998502 | H162: ISIN | I162: צמוד למדד המחירים לצרכן | J162: ישראל | K162: ישראל | L162: סחיר | M162: TASE | N162: בנקים | O162: לא | P162: AAA | Q162: S&P מעלות | R162: נייר ערך | S162: ILS | T162: 1.320 | U162: 30/04/2028 | V162: 0.006 | W162: 0.02216 | X162: החוב לא נחות | Z162: 205333.67 | AA162: 1 | AB162: 118 | AD162: 242.294 | AG162: שווי הוגן | AH162: 0.000462 | AI162: 0.01249304 | AJ162: 0.0027021292
A163: 13710 | B163: 13711 | C163: בנק הפועלים בע"מ | D163: 520000118 | E163: ח.פ. | F163: פועלים אגח 203 | G163: IL0011998684 | H163: ISIN | I163: צמוד למדד המחירים לצרכן | J163: ישראל | K163: ישראל | L163: סחיר | M163: TASE | N163: בנקים | O163: לא | P163: AAA | Q163: S&P מעלות | R163: נייר ערך | S163: ILS | T163: 2.347 | U163: 02/12/2030 | V163: 0.0175 | W163: 0.02183 | X163: החוב לא נחות | Z163: 325687.09 | AA163: 1 | AB163: 118.62 | AD163: 386.33 | AG163: שווי הוגן | AH163: 0.000175 | AI163: 0.019919774 | AJ163: 0.0043084633
A164: 13710 | B164: 13711 | C164: בנק הפועלים בע"מ | D164: 520000118 | E164: ח.פ. | F164: פועלים אגח 204 | G164: IL0012274531 | H164: ISIN | I164: צמוד למדד המחירים לצרכן | J164: ישראל | K164: ישראל | L164: סחיר | M164: TASE | N164: בנקים | O164: לא | P164: AAA | Q164: S&P מעלות | R164: נייר ערך | S164: ILS | T164: 4.271 | U164: 21/08/2035 | V164: 0.0261 | W164: 0.02233 | X164: החוב לא נחות | Z164: 342000 | AA164: 1 | AB164: 105.16 | AD164: 359.647 | AG164: שווי הוגן | AH164: 0.0001 | AI164: 0.018543966 | AJ164: 0.0040108888
A165: 13710 | B165: 13711 | C165: פורמולה מערכות (1985)בע"מ | D165: 520036690 | E165: ח.פ. | F165: פורמולה אג"ח ג | G165: IL0025602090 | H165: ISIN | I165: לא צמוד למדד המחירים לצרכן | J165: ישראל | K165: ישראל | L165: סחיר | M165: TASE | N165: שרותי מידע | O165: לא | P165: AA- | Q165: S&P מעלות | R165: נייר ערך | S165: ILS | T165: 0.416 | U165: 01/12/2026 | V165: 0.0229 | W165: 0.04394 | X165: החוב לא נחות | Z165: 224000.85 | AA165: 1 | AB165: 99.35 | AD165: 222.545 | AG165: שווי הוגן | AH165: 0.001352 | AI165: 0.011474757 | AJ165: 0.002481884
... A173: 13710 | B173: 13711 | C173: פתאל נכסים(אירופה)בע"מ | D173: 515328250 | E173: ח.פ. | F173: פתאל אירו אגח ד | G173: IL0011680381 | H173: ISIN | I173: לא צמוד למדד המחירים לצרכן | J173: ישראל | K173: ישראל | L173: סחיר | M173: TASE | N173: נדל"ן מניב בחו"ל | O173: לא | P173: A2 | Q173: מידרוג Moodys | R173: נייר ערך | S173: ILS | T173: 0.247 | U173: 30/09/2026 | V173: 0.0499 | W173: 0.04871 | X173: החוב לא נחות | Z173: 365779.56 | AA173: 1 | AB173: 101.3 | AD173: 370.535 | AG173: שווי הוגן | AH173: 0.002032 | AI173: 0.019105342 | AJ173: 0.0041323093
A174: 13710 | B174: 13711 | C174: קסטלן נדל"ן BVI | D174: 2171174 | E174: מספר תאגיד או שותפות בחו"ל | F174: קסטלן אגח ב | G174: IL0012248808 | H174: ISIN | I174: לא צמוד למדד המחירים לצרכן | J174: ישראל | K174: ישראל | L174: סחיר | M174: TASE | N174: אשראי חוץ בנקאי | O174: לא | P174: A1 | Q174: מידרוג Moodys | R174: נייר ערך | S174: ILS | T174: 3.424 | U174: 01/07/2030 | V174: 0.0585 | W174: 0.06237 | X174: החוב לא נחות | Z174: 195000 | AA174: 1 | AB174: 99.03 | AC174: 10.85 | AD174: 203.958 | AG174: שווי הוגן | AH174: 0.0005 | AI174: 0.010516416 | AJ174: 0.0022746037
A175: 13710 | B175: 13711 | C175: קרסו מוטורס בע"מ | D175: 514065283 | E175: ח.פ. | F175: קרסו מוטורס אגח א | G175: IL0011364648 | H175: ISIN | I175: לא צמוד למדד המחירים לצרכן | J175: ישראל | K175: ישראל | L175: סחיר | M175: TASE | N175: מסחר | O175: לא | P175: AA- | Q175: S&P מעלות | R175: נייר ערך | S175: ILS | T175: 0.167 | U175: 01/09/2026 | V175: 0.0275 | W175: 0.03647 | X175: החוב לא נחות | Z175: 51054.46 | AA175: 1 | AB175: 100.77 | AD175: 51.448 | AG175: שווי הוגן | AH175: 0.00111 | AI175: 0.0026527168 | AJ175: 0.00057375817
A176: 13710 | B176: 13711 | C176: קרסו מוטורס בע"מ | D176: 514065283 | E176: ח.פ. | F176: קרסו מוטורס אגח ד | G176: IL0011735664 | H176: ISIN | I176: לא צמוד למדד המחירים לצרכן | J176: ישראל | K176: ישראל | L176: סחיר | M176: TASE | N176: מסחר | O176: לא | P176: AA- | Q176: S&P מעלות | R176: נייר ערך | S176: ILS | T176: 1.229 | U176: 01/10/2028 | V176: 0.0215 | W176: 0.04009 | X176: החוב לא נחות | Z176: 27009.01 | AA176: 1 | AB176: 97.82 | AC176: 3.152 | AD176: 29.572 | AG176: שווי הוגן | AH176: 5.5e-05 | AI176: 0.001524803 | AJ176: 0.00032980082
A177: 13710 | B177: 13711 | C177: רבוע כחול נדל"ן בע"מ | D177: 513765859 | E177: ח.פ. | F177: רבוע נדלן אגח ו | G177: IL0011406076 | H177: ISIN | I177: צמוד למדד המחירים לצרכן | J177: ישראל | K177: ישראל | L177: סחיר | M177: TASE | N177: נדל"ן מניב בישראל | O177: לא | P177: AA | Q177: S&P מעלות | R177: נייר ערך | S177: ILS | T177: 0.414 | U177: 30/11/2026 | V177: 0.0215 | W177: 0.03508 | X177: החוב לא נחות | Z177: 35000 | AA177: 1 | AB177: 120.56 | AD177: 42.196 | AG177: שווי הוגן | AH177: 5e-05 | AI177: 0.0021756911 | AJ177: 0.0004705819
A178: 13710 | B178: 13711 | C178: רבוע כחול נדל"ן בע"מ | D178: 513765859 | E178: ח.פ. | F178: רבוע נדלן אגח ז | G178: IL0011406159 | H178: ISIN | I178: צמוד למדד המחירים לצרכן | J178: ישראל | K178: ישראל | L178: סחיר | M178: TASE | N178: נדל"ן מניב בישראל | O178: לא | P178: AA | Q178: S&P מעלות | R178: נייר ערך | S178: ILS | T178: 0.414 | U178: 30/11/2026 | V178: 0.016 | W178: 0.03616 | X178: החוב לא נחות | Z178: 76000.89 | AA178: 1 | AB178: 120.18 | AD178: 91.338 | AG178: שווי הוגן | AH178: 0.000524 | AI178: 0.0047095219 | AJ178: 0.0010186261
A179: 13710 | B179: 13711 | C179: רבוע כחול נדל"ן בע"מ | D179: 513765859 | E179: ח.פ. | F179: רבוע נדלן אגח ח | G179: IL0011575698 | H179: ISIN | I179: צמוד למדד המחירים לצרכן | J179: ישראל | K179: ישראל | L179: סחיר | M179: TASE | N179: נדל"ן מניב בישראל | O179: לא | P179: AA | Q179: S&P מעלות | R179: נייר ערך | S179: ILS | T179: 1.476 | U179: 31/10/2028 | V179: 0.0142 | W179: 0.02404 | X179: החוב לא נחות | Z179: 89000.94 | AA179: 1 | AB179: 117.91 | AD179: 104.941 | AG179: שווי הוגן | AH179: 0.000107 | AI179: 0.0054109208 | AJ179: 0.0011703322
A180: 13710 | B180: 13711 | C180: ריט 1 בע"מ | D180: 513821488 | E180: ח.פ. | F180: ריט 1 אגח ו | G180: IL0011385445 | H180: ISIN | I180: צמוד למדד המחירים לצרכן | J180: ישראל | K180: ישראל | L180: סחיר | M180: TASE | N180: נדל"ן מניב בישראל | O180: לא | P180: AA | Q180: S&P מעלות | R180: נייר ערך | S180: ILS | T180: 2.582 | U180: 21/09/2031 | V180: 0.035 | W180: 0.02395 | X180: החוב לא נחות | Z180: 85500.56 | AA180: 1 | AB180: 125.94 | AD180: 107.679 | AG180: שווי הוגן | AH180: 0.000126 | AI180: 0.0055521168 | AJ180: 0.0012008716
A181: 13710 | B181: 13711 | C181: ריט 1 בע"מ | D181: 513821488 | E181: ח.פ. | F181: ריט 1 סד ה | G181: IL0011367534 | H181: ISIN | I181: צמוד למדד המחירים לצרכן | J181: ישראל | K181: ישראל | L181: סחיר | M181: TASE | N181: נדל"ן מניב בישראל | O181: לא | P181: AA | Q181: S&P מעלות | R181: נייר ערך | S181: ILS | T181: 1.190 | U181: 20/09/2028 | V181: 0.04 | W181: 0.02355 | X181: החוב לא נחות | Z181: 55823.93 | AA181: 1 | AB181: 123.73 | AD181: 69.071 | AG181: שווי הוגן | AH181: 9.3e-05 | AI181: 0.003561405 | AJ181: 0.00077029904
A182: 13710 | B182: 13711 | C182: ריט אזורים - ה.פ ליווינג בע"מ | D182: 516117181 | E182: ח.פ. | F182: ריט אזורים אגח א | G182: IL0011757692 | H182: ISIN | I182: צמוד למדד המחירים לצרכן | J182: ישראל | K182: ישראל | L182: סחיר | M182: TASE | N182: נדל"ן מניב בישראל | O182: לא | P182: A- | Q182: S&P מעלות | R182: נייר ערך | S182: ILS | T182: 3.794 | U182: 30/06/2030 | V182: 0.0064 | W182: 0.02719 | X182: החוב לא נחות | Z182: 79080.54 | AA182: 1 | AB182: 109.31 | AD182: 86.443 | AG182: שווי הוגן | AH182: 0.000265 | AI182: 0.0044571317 | AJ182: 0.00096403646
A183: 13710 | B183: 13711 | C183: ריט אזורים - ה.פ ליווינג בע"מ | D183: 516117181 | E183: ח.פ. | F183: ריט אזורים אגחד 2.59% | G183: IL0012344912 | H183: ISIN | I183: צמוד למדד המחירים לצרכן | J183: ישראל | K183: ישראל | L183: סחיר | M183: TASE | N183: נדל"ן מניב בישראל | O183: לא | P183: A- | Q183: S&P מעלות | R183: נייר ערך | S183: ILS | T183: 2.438 | U183: 31/12/2028 | V183: 0.0259 | W183: 0.02572 | X183: החוב לא נחות | Z183: 184000 | AA183: 1 | AB183: 101.24 | AD183: 186.282 | AG183: שווי הוגן | AH183: 0.000906 | AI183: 0.0096049676 | AJ183: 0.0020774659
A184: 13710 | B184: 13711 | C184: רכבת ישראל בע"מ | D184: 520043613 | E184: ח.פ. | F184: רכבת ישראל אגח ג | G184: IL0011776254 | H184: ISIN | I184: צמוד למדד המחירים לצרכן | J184: ישראל | K184: ישראל | L184: סחיר | M184: TASE | N184: שרותים | O184: לא | P184: AAA | Q184: S&P מעלות | R184: נייר ערך | S184: ILS | T184: 2.942 | U184: 30/06/2031 | V184: 0.007 | W184: 0.02073 | X184: החוב לא נחות | Z184: 10000 | AA184: 1 | AB184: 113.05 | AD184: 11.305 | AG184: שווי הוגן | AH184: 0.0002 | AI184: 0.0005829033 | AJ184: 0.0001260766
A185: 13710 | B185: 13711 | C185: רנט איט-ריט מגורים בע"מ | D185: 516581741 | E185: ח.פ. | F185: רנט איט אגח ב | G185: IL0012314485 | H185: ISIN | I185: צמוד למדד המחירים לצרכן | J185: ישראל | K185: ישראל | L185: סחיר | M185: TASE | N185: נדל"ן מניב בישראל | O185: לא | P185: NR | Q185: NR | R185: NR | S185: ILS | T185: 3.203 | U185: 30/10/2029 | V185: 0.025 | W185: 0.02987 | X185: החוב לא נחות | Z185: 31739 | AA185: 1 | AB185: 100.1 | AD185: 31.771 | AG185: שווי הוגן | AH185: 0.000147 | AI185: 0.0016381485 | AJ185: 0.0003543164
A186: 13710 | B186: 13711 | C186: שטראוס גרופ בע"מ | D186: 520003781 | E186: ח.פ. | F186: שטראוס אגח ה | G186: IL0074603890 | H186: ISIN | I186: לא צמוד למדד המחירים לצרכן | J186: ישראל | K186: ישראל | L186: סחיר | M186: TASE | N186: מזון | O186: לא | P186: AA+ | Q186: S&P מעלות | R186: נייר ערך | S186: ILS | T186: 0.988 | U186: 30/06/2027 | V186: 0.0261 | W186: 0.03342 | X186: החוב לא נחות | Z186: 84500.28 | AA186: 1 | AB186: 99.33 | AD186: 83.934 | AG186: שווי הוגן | AH186: 0.000701 | AI186: 0.0043277735 | AJ186: 0.00093605749
A187: 13710 | B187: 13711 | C187: ש.שלמה החזקות בע"מ | D187: 520034372 | E187: ח.פ. | F187: שלמה החז אגח כ | G187: IL0011927493 | H187: ISIN | I187: צמוד למדד המחירים לצרכן | J187: ישראל | K187: ישראל | L187: סחיר | M187: TASE | N187: שרותים | O187: לא | P187: AA | Q187: S&P מעלות | R187: נייר ערך | S187: ILS | T187: 2.733 | U187: 21/12/2031 | V187: 0.022 | W187: 0.02415 | X187: החוב לא נחות | Z187: 0.41 | AA187: 1 | AB187: 109.86 | AD187: 0 | AG187: שווי הוגן | AH187: 0 | AI187: 2.3224662e-08 | AJ187: 5.02328e-09
A188: 13710 | B188: 13711 | C188: Chamoss International Limited | D188: 633896 | E188: מספר תאגיד או שותפות בחו"ל | F188: שמוס אגח א | G188: IL0011559510 | H188: ISIN | I188: צמוד למט"ח | J188: ישראל | K188: בריטניה | L188: סחיר | M188: TASE | N188: נדל"ן מניב בחו"ל | O188: לא | P188: Aa3 | Q188: מידרוג Moodys | R188: נייר ערך | S188: ILS | T188: 1.731 | U188: 10/07/2028 | V188: 0.043 | W188: 0.09076 | X188: החוב לא נחות | Z188: 95440.71 | AA188: 1 | AB188: 77.11 | AD188: 73.594 | AG188: שווי הוגן | AH188: 8.9e-05 | AI188: 0.0037946376 | AJ188: 0.00082074511
... A241: 13710 | B241: 15444 | C241: החברה לישראל בע"מ | D241: 520028010 | E241: ח.פ. | F241: חברה לישראל אגח 12 | G241: IL0057602513 | H241: ISIN | I241: לא צמוד למדד המחירים לצרכן | J241: ישראל | K241: ישראל | L241: סחיר | M241: TASE | N241: כימיה, גומי ופלסטיק | O241: לא | P241: A+ | Q241: S&P מעלות | R241: נייר ערך | S241: ILS | T241: 0.247 | U241: 30/09/2026 | V241: 0.036 | W241: 0.04547 | X241: החוב לא נחות | Z241: 1533.33 | AA241: 1 | AB241: 100.69 | AD241: 1.544 | AG241: שווי הוגן | AH241: 1.4e-05 | AI241: 0.0067404488 | AJ241: 4.7750327e-05
A242: 13710 | B242: 15444 | C242: קבוצת חג'ג' ייזום נדל"ן בע"מ | D242: 520033309 | E242: ח.פ. | F242: חג'ג' אגח יא | G242: IL0082303285 | H242: ISIN | I242: לא צמוד למדד המחירים לצרכן | J242: ישראל | K242: ישראל | L242: סחיר | M242: TASE | N242: בנייה | O242: לא | P242: NR | Q242: NR | R242: NR | S242: ILS | T242: 0.990 | U242: 01/07/2027 | V242: 0.029 | W242: 0.06399 | X242: החוב לא נחות | Z242: 2000 | AA242: 1 | AB242: 96.77 | AC242: 2.058 | AD242: 3.993 | AG242: שווי הוגן | AH242: 1.6e-05 | AI242: 0.017434506 | AJ242: 0.0001235086
A243: 13710 | B243: 15444 | C243: יוניברסל מוטורס ישראל בע"מ | D243: 511809071 | E243: ח.פ. | F243: יוניברסל אגח ד | G243: IL0011722530 | H243: ISIN | I243: לא צמוד למדד המחירים לצרכן | J243: ישראל | K243: ישראל | L243: סחיר | M243: TASE | N243: מסחר | O243: לא | P243: AA- | Q243: S&P מעלות | R243: נייר ערך | S243: ILS | T243: 1.322 | U243: 11/02/2029 | V243: 0.0218 | W243: 0.03981 | X243: החוב לא נחות | Z243: 733.32 | AA243: 1 | AB243: 98.03 | AD243: 0.719 | AG243: שווי הוגן | AH243: 4e-06 | AI243: 0.0031384801 | AJ243: 2.2233453e-05
...

Sheet מניות מבכ ויהש
A1: מספר קופה/קרן/ח.פ. עבור חברת ביטוח | B1: מספר מסלול | C1: שם מנפיק | D1: מספר מנפיק | E1: סוג מספר מזהה מנפיק | F1: שם נייר ערך | G1: מספר נייר ערך | H1: סוג מספר נייר ערך | I1: מאפיין עיקרי | J1: ישראל/חו"ל | K1: מדינה לפי חשיפה כלכלית | L1: סטאטוס סחירות | M1: זירת מסחר | N1: ענף מסחר | O1: בעל עניין/צד קשור | P1: מטבע פעילות | Q1: ערך נקוב (יחידות) | R1: שער חליפין | S1: שער נייר הערך | T1: סכום לקבל (במטבע הפעילות) | U1: שווי הוגן (באלפי ש"ח) | V1: שיעור מערך נקוב מונפק | W1: שיעור מנכסי אפיק ההשקעה | X1: שיעור מסך נכסי ההשקעה
A2: 13710 | B2: 13711 | C2: או.פי.סי. אנרגיה בע"מ | D2: 514401702 | E2: ח.פ. | F2: או פי סי אנרגיה | G2: IL0011415713 | H2: ISIN | I2: מניות | J2: ישראל | K2: ישראל | L2: סחיר | M2: TASE | N2: אנרגיה | O2: לא | P2: ILS | Q2: 4994 | R2: 1 | S2: 9250 | U2: 461.945 | V2: 1.6e-05 | W2: 0.025085812 | X2: 0.0051517432
A3: 13710 | B3: 13711 | C3: או.פי.סי. אנרגיה בע"מ | D3: 514401702 | E3: ח.פ. | F3: או פי סי אנרגיה חסום מחוג 16/09/26 | G3: IL0011415713 | H3: ISIN | I3: מניות | J3: ישראל | K3: ישראל | L3: חסום | M3: TASE | N3: אנרגיה | O3: לא | P3: ILS | Q3: 550 | R3: 1 | S3: 8939.447 | U3: 49.167 | V3: 0 | W3: 0.0026699998 | X3: 0.00054832401
A4: 13710 | B4: 13711 | C4: אוברסיז קומרס בע"מ | D4: 510490071 | E4: ח.פ. | F4: אוברסיז | G4: IL0011396178 | H4: ISIN | I4: מניות | J4: ישראל | K4: ישראל | L4: סחיר | M4: TASE | N4: שרותים | O4: לא | P4: ILS | Q4: 1150 | R4: 1 | S4: 603 | U4: 6.934 | V4: 2.1e-05 | W4: 0.00037657636 | X4: 7.7335534e-05
A5: 13710 | B5: 13711 | C5: אוריין ש.מ. בע"מ | D5: 511068256 | E5: ח.פ. | F5: אוריין | G5: IL0011035065 | H5: ISIN | I5: מניות | J5: ישראל | K5: ישראל | L5: סחיר | M5: TASE | N5: שרותים | O5: לא | P5: ILS | Q5: 446 | R5: 1 | S5: 2251 | U5: 10.039 | V5: 2.5e-05 | W5: 0.00054519046 | X5: 0.00011196294
A6: 13710 | B6: 13711 | C6: אורמת טכנולגיות אינק | D6: 5493000TSHHWY24VHM09 | E6: LEI | F6: אורמת טכנולוגיות | G6: US6866881021 | H6: ISIN | I6: מניות | J6: ישראל | K6: ארה"ב | L6: סחיר | M6: TASE | N6: אנרגיה מתחדשת | O6: לא | P6: ILS | Q6: 674 | R6: 1 | S6: 32500 | U6: 219.05 | V6: 1.2e-05 | W6: 0.011895458 | X6: 0.0024429085
A7: 13710 | B7: 13711 | C7: אזורים-חברה להשקעות בפתוח ובבנין בע"מ | D7: 520025990 | E7: ח.פ. | F7: אזורים חסום מחוג 27/08/26 | G7: IL0007150118 | H7: ISIN | I7: מניות | J7: ישראל | K7: ישראל | L7: חסום | M7: TASE | N7: בנייה | O7: לא | P7: ILS | Q7: 2016 | R7: 1 | S7: 1664 | U7: 33.546 | V7: 0 | W7: 0.0018217205 | X7: 0.0003741173
A8: 13710 | B8: 13711 | C8: אי.טי.גי. איי גרופ בע"מ | D8: 513764399 | E8: ח.פ. | F8: אי. טי. ג'י. איי | G8: IL0011761140 | H8: ISIN | I8: מניות | J8: ישראל | K8: ישראל | L8: סחיר | M8: TASE | N8: שרותים | O8: לא | P8: ILS | Q8: 881 | R8: 1 | S8: 2332 | U8: 20.545 | V8: 3.9e-05 | W8: 0.0011156869 | X8: 0.00022912284
A9: 13710 | B9: 13711 | C9: איי.די.איי. חברה לביטוח בע"מ | D9: 513910703 | E9: ח.פ. | F9: איידיאיי ביטוח | G9: IL0011295016 | H9: ISIN | I9: מניות | J9: ישראל | K9: ישראל | L9: סחיר | M9: TASE | N9: ביטוח | O9: לא | P9: ILS | Q9: 892 | R9: 1 | S9: 23030 | U9: 205.428 | V9: 6e-05 | W9: 0.011155696 | X9: 0.0022909876
A10: 13710 | B10: 13711 | C10: איירפורט סיטי בע"מ | D10: 511659401 | E10: ח.פ. | F10: אירפורט סיטי | G10: IL0010958358 | H10: ISIN | I10: מניות | J10: ישראל | K10: ישראל | L10: סחיר | M10: TASE | N10: נדל"ן מניב בישראל | O10: לא | P10: ILS | Q10: 1681 | R10: 1 | S10: 5340 | U10: 89.765 | V10: 1.3e-05 | W10: 0.0048746885 | X10: 0.0010010895
A11: 13710 | B11: 13711 | C11: אלביט מערכות בע"מ | D11: 520043027 | E11: ח.פ. | F11: אלביט מערכות | G11: IL0010811243 | H11: ISIN | I11: מניות | J11: ישראל | K11: ישראל | L11: סחיר | M11: TASE | N11: ביטחוניות | O11: לא | P11: ILS | Q11: 149 | R11: 1 | S11: 226000 | T11: 0.444 | U11: 337.184 | V11: 3e-06 | W11: 0.018310689 | X11: 0.0037603713
A12: 13710 | B12: 13711 | C12: אלדן תחבורה בע"מ | D12: 510454333 | E12: ח.פ. | F12: אלדן תחבורה | G12: IL0011348815 | H12: ISIN | I12: מניות | J12: ישראל | K12: ישראל | L12: סחיר | M12: TASE | N12: שרותים | O12: לא | P12: ILS | Q12: 1863 | R12: 1 | S12: 627.8 | U12: 11.696 | V12: 1.8e-05 | W12: 0.0006351438 | X12: 0.00013043619
A13: 13710 | B13: 13711 | C13: אלומיי קפיטל בע"מ | D13: 520039868 | E13: ח.פ. | F13: אלומיי קפיטל | G13: IL0010826357 | H13: ISIN | I13: מניות | J13: ישראל | K13: ישראל | L13: סחיר | M13: TASE | N13: אנרגיה מתחדשת | O13: לא | P13: ILS | Q13: 937 | R13: 1 | S13: 5646 | U13: 52.903 | V13: 6.7e-05 | W13: 0.0028728858 | X13: 0.00058998966
A14: 13710 | B14: 13711 | C14: אלוני-חץ נכסים והשקעות בע"מ | D14: 520038506 | E14: ח.פ. | F14: אלוני חץ | G14: IL0003900136 | H14: ISIN | I14: מניות | J14: ישראל | K14: ישראל | L14: סחיר | M14: TASE | N14: נדל"ן מניב בישראל | O14: לא | P14: ILS | Q14: 3394 | R14: 1 | S14: 3316 | U14: 112.545 | V14: 1.5e-05 | W14: 0.0061117314 | X14: 0.0012551346
A15: 13710 | B15: 13711 | C15: אלקו בע"מ | D15: 520025370 | E15: ח.פ. | F15: אלקו החזקות | G15: IL0006940345 | H15: ISIN | I15: מניות | J15: ישראל | K15: ישראל | L15: סחיר | M15: TASE | N15: השקעה ואחזקות | O15: לא | P15: ILS | Q15: 987 | R15: 1 | S15: 14680 | U15: 144.892 | V15: 2.8e-05 | W15: 0.0078683036 | X15: 0.0016158727
A16: 13710 | B16: 13711 | C16: אמות השקעות בע"מ | D16: 520026683 | E16: ח.פ. | F16: אמות | G16: IL0010972789 | H16: ISIN | I16: מניות | J16: ישראל | K16: ישראל | L16: סחיר | M16: TASE | N16: נדל"ן מניב בישראל | O16: לא | P16: ILS | Q16: 13643 | R16: 1 | S16: 1853 | U16: 252.805 | V16: 2.8e-05 | W16: 0.013728503 | X16: 0.0028193516
A17: 13710 | B17: 13711 | C17: אנלייט אנרגיה מתחדשת בע"מ | D17: 520041146 | E17: ח.פ. | F17: אנלייט אנרגיה | G17: IL0007200111 | H17: ISIN | I17: מניות | J17: ישראל | K17: ארה"ב | L17: סחיר | M17: TASE | N17: אנרגיה מתחדשת | O17: לא | P17: ILS | Q17: 2782.2 | R17: 1 | S17: 26300 | U17: 731.719 | V17: 2e-05 | W17: 0.039735803 | X17: 0.0081603358
A18: 13710 | B18: 13711 | C18: אנלייט אנרגיה מתחדשת בע"מ | D18: 520041146 | E18: ח.פ. | F18: אנלייט אנרגיה חסום מחוג 25/08/26 | G18: IL0007200111 | H18: ISIN | I18: מניות | J18: ישראל | K18: ישראל | L18: חסום | M18: TASE | N18: אנרגיה מתחדשת | O18: לא | P18: ILS | Q18: 285 | R18: 1 | S18: 26170.446 | U18: 74.586 | V18: 2e-06 | W18: 0.0040503624 | X18: 0.00083180193
A19: 13710 | B19: 13711 | C19: Energean plc | D19: 549300RVMKU0CYUZBB05 | E19: LEI | F19: אנרג'יאן | G19: GB00BG12Y042 | H19: ISIN | I19: מניות | J19: ישראל | K19: בריטניה | L19: סחיר | M19: TASE | N19: חיפושי נפט וגז | O19: לא | P19: ILS | Q19: 3041 | R19: 1 | S19: 2679 | T19: 0.906 | U19: 82.374 | V19: 1.7e-05 | W19: 0.0044733003 | X19: 0.00091865849
A20: 13710 | B20: 13711 | C20: אפי נכסים בע"מ | D20: 510560188 | E20: ח.פ. | F20: אפי נכסים | G20: IL0010913544 | H20: ISIN | I20: מניות | J20: ישראל | K20: ישראל | L20: סחיר | M20: TASE | N20: נדל"ן מניב בחו"ל | O20: לא | P20: ILS | Q20: 1117 | R20: 1 | S20: 19360 | U20: 216.251 | V20: 2.7e-05 | W20: 0.011743469 | X20: 0.0024116954
A21: 13710 | B21: 13711 | C21: אקויטל בע"מ | D21: 520030859 | E21: ח.פ. | F21: אקויטל | G21: IL0007550176 | H21: ISIN | I21: מניות | J21: ישראל | K21: ישראל | L21: סחיר | M21: TASE | N21: השקעה ואחזקות | O21: לא | P21: ILS | Q21: 176 | R21: 1 | S21: 10380 | U21: 18.269 | V21: 5e-06 | W21: 0.0009920828 | X21: 0.0002037389
A22: 13710 | B22: 13711 | C22: אקונרג'י אנרגיה מתחדשת בע"מ | D22: 516339777 | E22: ח.פ. | F22: אקונרג'י | G22: IL0011783342 | H22: ISIN | I22: מניות | J22: ישראל | K22: ישראל | L22: סחיר | M22: TASE | N22: אנרגיה מתחדשת | O22: לא | P22: ILS | Q22: 2191.1 | R22: 1 | S22: 6300 | U22: 138.039 | V22: 2.9e-05 | W22: 0.007496191 | X22: 0.0015394539
A23: 13710 | B23: 13711 | C23: אקונרג'י אנרגיה מתחדשת בע"מ | D23: 516339777 | E23: ח.פ. | F23: אקונרג'י חסום מחוג 01/12/26 | G23: IL0011783342 | H23: ISIN | I23: מניות | J23: ישראל | K23: ישראל | L23: חסום | M23: TASE | N23: אנרגיה מתחדשת | O23: לא | P23: ILS | Q23: 570 | R23: 1 | S23: 5707.007 | U23: 32.53 | V23: 8e-06 | W23: 0.0017665307 | X23: 0.00036278324
A24: 13710 | B24: 13711 | C24: אקונרג'י אנרגיה מתחדשת בע"מ | D24: 516339777 | E24: ח.פ. | F24: אקונרג'י חסום מחוג 09/07/26 | G24: IL0011783342 | H24: ISIN | I24: מניות | J24: ישראל | K24: ישראל | L24: חסום | M24: TASE | N24: אנרגיה מתחדשת | O24: לא | P24: ILS | Q24: 680 | R24: 1 | S24: 6300 | U24: 42.84 | V24: 1e-05 | W24: 0.0023264159 | X24: 0.00047776398
A25: 13710 | B25: 13711 | C25: ארד בע"מ | D25: 510007800 | E25: ח.פ. | F25: ארד | G25: IL0010916513 | H25: ISIN | I25: מניות | J25: ישראל | K25: גלובלי | L25: סחיר | M25: TASE | N25: אלקטרוניקה ואופטיקה | O25: לא | P25: ILS | Q25: 1380 | R25: 1 | S25: 5821 | U25: 80.33 | V25: 5.6e-05 | W25: 0.0043622905 | X25: 0.00089586098
A26: 13710 | B26: 13711 | C26: ארי נדל"ן(ארנה) השקעות בע"מ | D26: 520038332 | E26: ח.פ. | F26: ארי נדלן | G26: IL0003660136 | H26: ISIN | I26: מניות | J26: ישראל | K26: ישראל | L26: סחיר | M26: TASE | N26: נדל"ן מניב בישראל | O26: לא | P26: ILS | Q26: 30089 | R26: 1 | S26: 610 | U26: 183.543 | V26: 8.2e-05 | W26: 0.0099672531 | X26: 0.0020469231
A27: 13710 | B27: 13711 | C27: בתי זקוק לנפט בע"מ | D27: 520036658 | E27: ח.פ. | F27: בזן | G27: IL0025902482 | H27: ISIN | I27: מניות | J27: ישראל | K27: ישראל | L27: סחיר | M27: TASE | N27: אנרגיה | O27: לא | P27: ILS | Q27: 78222 | R27: 1 | S27: 157.5 | U27: 123.2 | V27: 2.4e-05 | W27: 0.0066903274 | X27: 0.0013739579
A28: 13710 | B28: 13711 | C28: בזק החברה הישראלית לתקשורת בע"מ | D28: 520031931 | E28: ח.פ. | F28: בזק | G28: IL0002300114 | H28: ISIN | I28: מניות | J28: ישראל | K28: ישראל | L28: סחיר | M28: TASE | N28: תקשורת ומדיה | O28: לא | P28: ILS | Q28: 76816 | R28: 1 | S28: 702.7 | U28: 539.786 | V28: 2.8e-05 | W28: 0.029312951 | X28: 0.0060198488
A29: 13710 | B29: 13711 | C29: ביג מרכזי קניות (2004) בע"מ | D29: 513623314 | E29: ח.פ. | F29: ביג | G29: IL0010972607 | H29: ISIN | I29: מניות | J29: ישראל | K29: ישראל | L29: סחיר | M29: TASE | N29: נדל"ן מניב בישראל | O29: לא | P29: ILS | Q29: 588 | R29: 1 | S29: 67510 | U29: 396.959 | V29: 2.3e-05 | W29: 0.021556752 | X29: 0.0044269985
A30: 13710 | B30: 13711 | C30: הבנק הבינלאומי הראשון לישראל בע"מ | D30: 520029083 | E30: ח.פ. | F30: בינלאומי 5 | G30: IL0005930388 | H30: ISIN | I30: מניות | J30: ישראל | K30: ישראל | L30: סחיר | M30: TASE | N30: בנקים | O30: לא | P30: ILS | Q30: 285 | R30: 1 | S30: 21090 | U30: 60.106 | V30: 3e-06 | W30: 0.0032640691 | X30: 0.00067032494
A31: 13710 | B31: 13711 | C31: גילת רשתות לווין בע"מ | D31: 520038936 | E31: ח.פ. | F31: גילת | G31: IL0010825102 | H31: ISIN | I31: מניות | J31: ישראל | K31: ארה"ב | L31: סחיר | M31: TASE | N31: ציוד תקשורת | O31: לא | P31: ILS | Q31: 3239 | R31: 1 | S31: 3949 | U31: 127.908 | V31: 4.3e-05 | W31: 0.0069460192 | X31: 0.001426468
... A38: 13710 | B38: 13711 | C38: י.ח.דמרי בניה ופיתוח בע"מ | D38: 511399388 | E38: ח.פ. | F38: דמרי חסום מחוג 15/10/26 | G38: IL0010903156 | H38: ISIN | I38: מניות | J38: ישראל | K38: ישראל | L38: חסום | M38: TASE | N38: בנייה | O38: לא | P38: ILS | Q38: 50 | R38: 1 | S38: 35418.056 | U38: 17.709 | V38: 2e-06 | W38: 0.00096168451 | X38: 0.00019749616
A39: 13710 | B39: 13711 | C39: הראל השקעות בביטוח ושרותים פיננסים בע"מ | D39: 520033986 | E39: ח.פ. | F39: הראל השקעות | G39: IL0005850180 | H39: ISIN | I39: מניות | J39: ישראל | K39: ישראל | L39: סחיר | M39: TASE | N39: ביטוח | O39: לא | P39: ILS | Q39: 1241 | R39: 1 | S39: 15660 | T39: 3.089 | U39: 197.429 | V39: 5e-06 | W39: 0.010721342 | X39: 0.0022017863
A40: 13710 | B40: 13711 | C40: וואן טכנולוגיות תוכנה(או.אס.טי)בע"מ | D40: 520034695 | E40: ח.פ. | F40: וואן טכנולוגיות תוכנה | G40: IL0001610182 | H40: ISIN | I40: מניות | J40: ישראל | K40: ישראל | L40: סחיר | M40: TASE | N40: שרותי מידע | O40: לא | P40: ILS | Q40: 1859 | R40: 1 | S40: 5681 | U40: 105.61 | V40: 2.5e-05 | W40: 0.0057351143 | X40: 0.0011777907
A41: 13710 | B41: 13711 | C41: וילאר אינטרנשיונל בע"מ | D41: 520038910 | E41: ח.פ. | F41: וילאר | G41: IL0004160169 | H41: ISIN | I41: מניות | J41: ישראל | K41: ישראל | L41: סחיר | M41: TASE | N41: נדל"ן מניב בישראל | O41: לא | P41: ILS | Q41: 295 | R41: 1 | S41: 17810 | U41: 52.539 | V41: 1.7e-05 | W41: 0.0028531449 | X41: 0.00058593558
A42: 13710 | B42: 13711 | C42: ג.ויליפוד אינטרנשיונל בע"מ (דואלי) | D42: 520043209 | E42: ח.פ. | F42: ויליפוד אינטרנשיונל | G42: IL0010828585 | H42: ISIN | I42: מניות | J42: ישראל | K42: ישראל | L42: סחיר | M42: TASE | N42: מסחר | O42: לא | P42: ILS | Q42: 338 | R42: 1 | S42: 9912 | U42: 33.503 | V42: 2.4e-05 | W42: 0.0018193485 | X42: 0.00037363016
A43: 13710 | B43: 13711 | C43: החברה לישראל בע"מ | D43: 520028010 | E43: ח.פ. | F43: חברה לישראל | G43: IL0005760173 | H43: ISIN | I43: מניות | J43: ישראל | K43: ישראל | L43: סחיר | M43: TASE | N43: כימיה, גומי ופלסטיק | O43: לא | P43: ILS | Q43: 518 | R43: 1 | S43: 76090 | U43: 394.146 | V43: 6.7e-05 | W43: 0.021404015 | X43: 0.0043956315
A44: 13710 | B44: 13711 | C44: טאואר סמיקונדקטור בע"מ | D44: 520041997 | E44: ח.פ. | F44: טאואר | G44: IL0010823792 | H44: ISIN | I44: מניות | J44: ישראל | K44: גלובלי | L44: סחיר | M44: TASE | N44: מוליכים למחצה | O44: לא | P44: ILS | Q44: 118 | R44: 1 | S44: 76440 | U44: 90.199 | V44: 1e-06 | W44: 0.0048982459 | X44: 0.0010059274
A45: 13710 | B45: 13711 | C45: טבע תעשיות פרמצבטיות בע"מ | D45: 520013954 | E45: ח.פ. | F45: טבע | G45: IL0006290147 | H45: ISIN | I45: מניות | J45: ישראל | K45: ארה"ב | L45: סחיר | M45: TASE | N45: פארמה | O45: לא | P45: ILS | Q45: 4502 | R45: 1 | S45: 9837 | U45: 442.862 | V45: 4e-06 | W45: 0.0240495 | X45: 0.0049389212
A46: 13710 | B46: 13711 | C46: טראלייט בע"מ | D46: 516414679 | E46: ח.פ. | F46: טראלייט | G46: IL0011801730 | H46: ISIN | I46: מניות | J46: ישראל | K46: ישראל | L46: סחיר | M46: TASE | N46: אנרגיה מתחדשת | O46: לא | P46: ILS | Q46: 3094 | R46: 1 | S46: 1941 | U46: 60.055 | V46: 3.9e-05 | W46: 0.0032612474 | X46: 0.00066974547
A47: 13710 | B47: 13711 | C47: יוניברסל מוטורס ישראל בע"מ | D47: 511809071 | E47: ח.פ. | F47: יוניברסל מוטורס | G47: IL0011447732 | H47: ISIN | I47: מניות | J47: ישראל | K47: ישראל | L47: סחיר | M47: TASE | N47: מסחר | O47: לא | P47: ILS | Q47: 801 | R47: 1 | S47: 2920 | U47: 23.389 | V47: 6e-06 | W47: 0.0012701449 | X47: 0.00026084307
A48: 13710 | B48: 13711 | C48: ישראכרט בע"מ | D48: 510706153 | E48: ח.פ. | F48: ישראכרט | G48: IL0011574030 | H48: ISIN | I48: מניות | J48: ישראל | K48: ישראל | L48: סחיר | M48: TASE | N48: שרותים פיננסיים | O48: לא | P48: ILS | Q48: 10084 | R48: 1 | S48: 1125 | U48: 113.445 | V48: 3.1e-05 | W48: 0.0061606035 | X48: 0.0012651712
A49: 13710 | B49: 13711 | C49: ישראמקו נגב 2 שותפות מוגבלת | D49: 550010003 | E49: מספר שותפות | F49: ישראמקו יהש | G49: IL0002320179 | H49: ISIN | I49: מניות | J49: ישראל | K49: ישראל | L49: סחיר | M49: TASE | N49: חיפושי נפט וגז | O49: לא | P49: ILS | Q49: 201868 | R49: 1 | S49: 187 | U49: 377.493 | V49: 7.8e-05 | W49: 0.020499675 | X49: 0.0042099121
A50: 13710 | B50: 13711 | C50: ישרס אחזקות בע"מ | D50: 516632387 | E50: ח.פ. | F50: ישרס אחזקות | G50: IL0012029778 | H50: ISIN | I50: מניות | J50: ישראל | K50: ישראל | L50: סחיר | M50: TASE | N50: נדל"ן מניב בישראל | O50: לא | P50: ILS | Q50: 51 | R50: 1 | S50: 35250 | U50: 17.977 | V50: 8e-06 | W50: 0.00097626382 | X50: 0.00020049024
A51: 13710 | B51: 13711 | C51: כהן פיתוח ומבני תעשיה בע"מ | D51: 520032970 | E51: ח.פ. | F51: כהן פיתוח | G51: IL0008100104 | H51: ISIN | I51: מניות | J51: ישראל | K51: ישראל | L51: סחיר | M51: TASE | N51: חיפושי נפט וגז | O51: לא | P51: ILS | Q51: 100 | R51: 1 | S51: 15340 | U51: 15.34 | V51: 1.4e-05 | W51: 0.00083303502 | X51: 0.00017107608
... A63: 13710 | B63: 13711 | C63: קבוצת מיחשוב ישיר בע"מ | D63: 520040007 | E63: ח.פ. | F63: מחשוב ישיר קבוצה | G63: IL0005070128 | H63: ISIN | I63: מניות | J63: ישראל | K63: ישראל | L63: סחיר | M63: TASE | N63: שרותי מידע | O63: לא | P63: ILS | Q63: 140 | R63: 1 | S63: 29740 | U63: 41.636 | V63: 3e-05 | W63: 0.002261033 | X63: 0.00046433662
A64: 13710 | B64: 13711 | C64: מטריקס אי.טי בע"מ | D64: 520039413 | E64: ח.פ. | F64: מטריקס | G64: IL0004450156 | H64: ISIN | I64: מניות | J64: ישראל | K64: ישראל | L64: סחיר | M64: TASE | N64: שרותי מידע | O64: לא | P64: ILS | Q64: 1220.53 | R64: 1 | S64: 7558 | T64: 1.184 | U64: 93.432 | V64: 1.3e-05 | W64: 0.0050737788 | X64: 0.0010419757
A65: 13710 | B65: 13711 | C65: מליסרון בע"מ | D65: 520037789 | E65: ח.פ. | F65: מליסרון | G65: IL0003230146 | H65: ISIN | I65: מניות | J65: ישראל | K65: ישראל | L65: סחיר | M65: TASE | N65: נדל"ן מניב בישראל | O65: לא | P65: ILS | Q65: 792 | R65: 1 | S65: 41770 | U65: 330.818 | V65: 1.7e-05 | W65: 0.017965014 | X65: 0.0036893817
A66: 13710 | B66: 13711 | C66: מלם-תים בע"מ | D66: 520034620 | E66: ח.פ. | F66: מלם תים | G66: IL0001560189 | H66: ISIN | I66: מניות | J66: ישראל | K66: ישראל | L66: סחיר | M66: TASE | N66: שרותי מידע | O66: לא | P66: ILS | Q66: 565 | R66: 1 | S66: 7140 | U66: 40.341 | V66: 2.2e-05 | W66: 0.0021907083 | X66: 0.00044989441
A67: 13710 | B67: 13711 | C67: מלם-תים אחזקות בע"מ | D67: 520025198 | E67: ח.פ. | F67: מלם-תים אחזקות | G67: IL0007310183 | H67: ISIN | I67: מניות | J67: ישראל | K67: ישראל | L67: סחיר | M67: TASE | N67: שרותי מידע | O67: לא | P67: ILS | Q67: 131 | R67: 1 | S67: 12190 | U67: 15.969 | V67: 1.7e-05 | W67: 0.00086718728 | X67: 0.00017808976
A68: 13710 | B68: 13711 | C68: מניבים קרן הריט החדשה בע"מ | D68: 515327120 | E68: ח.פ. | F68: מניבים ריט | G68: IL0011405730 | H68: ISIN | I68: מניות | J68: ישראל | K68: ישראל | L68: סחיר | M68: TASE | N68: נדל"ן מניב בישראל | O68: לא | P68: ILS | Q68: 30600 | R68: 1 | S68: 201.4 | U68: 61.628 | V68: 3.6e-05 | W68: 0.0033467155 | X68: 0.0006872976
A69: 13710 | B69: 13711 | C69: נאוויטס פטרוליום, שותפות מוגבלת | D69: 550263107 | E69: מספר שותפות | F69: נאוויטס פט יהש | G69: IL0011419699 | H69: ISIN | I69: מניות | J69: ישראל | K69: ארה"ב | L69: סחיר | M69: TASE | N69: חיפושי נפט וגז | O69: לא | P69: ILS | Q69: 1358 | R69: 1 | S69: 11950 | U69: 162.281 | V69: 1.1e-05 | W69: 0.0088126307 | X69: 0.0018098043
A70: 13710 | B70: 13711 | C70: נובה בע"מ | D70: 511812463 | E70: ח.פ. | F70: נובה | G70: IL0010845571 | H70: ISIN | I70: מניות | J70: ישראל | K70: גלובלי | L70: סחיר | M70: TASE | N70: מוליכים למחצה | O70: לא | P70: ILS | Q70: 300 | R70: 1 | S70: 157500 | U70: 472.5 | V70: 1e-05 | W70: 0.025658999 | X70: 0.0052694556
A71: 13710 | B71: 13711 | C71: נובולוג פארם אפ 1966 בע"מ | D71: 510475312 | E71: ח.פ. | F71: נובולוג | G71: IL0011401515 | H71: ISIN | I71: מניות | J71: ישראל | K71: ישראל | L71: סחיר | M71: TASE | N71: שרותים | O71: לא | P71: ILS | Q71: 19949 | R71: 1 | S71: 74.8 | U71: 14.922 | V71: 3.9e-05 | W71: 0.00081032759 | X71: 0.00016641278
A72: 13710 | B72: 13711 | C72: ע.י נופר אנרגי' בע"מ | D72: 514599943 | E72: ח.פ. | F72: נופר אנרגי | G72: IL0011708778 | H72: ISIN | I72: מניות | J72: ישראל | K72: ישראל | L72: סחיר | M72: TASE | N72: אנרגיה מתחדשת | O72: לא | P72: ILS | Q72: 1385.65 | R72: 1 | S72: 20770 | U72: 287.8 | V72: 3.6e-05 | W72: 0.015628883 | X72: 0.0032096227
A73: 13710 | B73: 13711 | C73: נטו מלינדה סחר בע"מ | D73: 511725459 | E73: ח.פ. | F73: נטו מלינדה | G73: IL0011050973 | H73: ISIN | I73: מניות | J73: ישראל | K73: ישראל | L73: סחיר | M73: TASE | N73: מסחר | O73: לא | P73: ILS | Q73: 322 | R73: 1 | S73: 13720 | U73: 44.178 | V73: 1.5e-05 | W73: 0.0023990974 | X73: 0.0004926902
A74: 13710 | B74: 13711 | C74: נייס מערכות בע"מ | D74: 520036872 | E74: ח.פ. | F74: נייס | G74: IL0002730112 | H74: ISIN | I74: מניות | J74: ישראל | K74: ארה"ב | L74: סחיר | M74: TASE | N74: תוכנה ואינטרנט | O74: לא | P74: ILS | Q74: 274 | R74: 1 | S74: 26760 | U74: 73.322 | V74: 4e-06 | W74: 0.0039817553 | X74: 0.00081771245
A75: 13710 | B75: 13711 | C75: סאמיט אחזקות נדל"ן בע"מ | D75: 520043720 | E75: ח.פ. | F75: סאמיט | G75: IL0010816861 | H75: ISIN | I75: מניות | J75: ישראל | K75: גלובלי | L75: סחיר | M75: TASE | N75: נדל"ן מניב בחו"ל | O75: לא | P75: ILS | Q75: 3502 | R75: 1 | S75: 4750 | U75: 166.345 | V75: 4.7e-05 | W75: 0.0090333253 | X75: 0.0018551272
A76: 13710 | B76: 13711 | C76: פורטיסימו ניהול הון בע"מ | D76: 530278514 | E76: ח.פ. | F76: סוגת | G76: IL0012330143 | H76: ISIN | I76: מניות | J76: ישראל | K76: ישראל | L76: סחיר | M76: TASE | N76: מזון | O76: לא | P76: ILS | Q76: 2900 | R76: 1 | S76: 1962 | U76: 56.898 | V76: 4.9e-05 | W76: 0.0030898322 | X76: 0.00063454283
... A98: 13710 | B98: 13711 | C98: קווליטאו בע"מ | D98: 511896540 | E98: ח.פ. | F98: קווליטאו חסום מחוג 04/09/26 | G98: IL0010839558 | H98: ISIN | I98: מניות | J98: ישראל | K98: ארה"ב | L98: חסום | M98: TASE | N98: מוליכים למחצה | O98: לא | P98: ILS | Q98: 48 | R98: 1 | S98: 45383.886 | U98: 21.784 | V98: 0 | W98: 0.0011829893 | X98: 0.00024294438
A99: 13710 | B99: 13711 | C99: קיסטון אינפרא בע"מ | D99: 515983476 | E99: ח.פ. | F99: קיסטון אינפרא | G99: IL0011759342 | H99: ISIN | I99: מניות | J99: ישראל | K99: ישראל | L99: סחיר | M99: TASE | N99: השקעה ואחזקות | O99: לא | P99: ILS | Q99: 1099 | R99: 1 | S99: 2084 | T99: 0.134 | U99: 23.038 | V99: 5e-06 | W99: 0.0012510464 | X99: 0.00025692092
A100: 13710 | B100: 13711 | C100: קמטק בע"מ | D100: 511235434 | E100: ח.פ. | F100: קמטק | G100: IL0010952641 | H100: ISIN | I100: מניות | J100: ישראל | K100: גלובלי | L100: סחיר | M100: TASE | N100: מוליכים למחצה | O100: לא | P100: ILS | Q100: 117 | R100: 1 | S100: 47000 | U100: 54.99 | V100: 2e-06 | W100: 0.0029862187 | X100: 0.00061326426
A101: 13710 | B101: 13711 | C101: kenon-holdings inc | D101: 254900N5LVBX92GMVN72 | E101: LEI | F101: קנון | G101: SG9999012629 | H101: ISIN | I101: מניות | J101: ישראל | K101: סינגפור | L101: סחיר | M101: TASE | N101: אנרגיה | O101: לא | P101: ILS | Q101: 1762 | R101: 1 | S101: 20130 | U101: 354.691 | V101: 3.4e-05 | W101: 0.019261388 | X101: 0.0039556114
A102: 13710 | B102: 13711 | C102: קרור אחזקות בע"מ | D102: 520001546 | E102: ח.פ. | F102: קרור 1 | G102: IL0006210111 | H102: ISIN | I102: מניות | J102: ישראל | K102: ישראל | L102: סחיר | M102: TASE | N102: מזון | O102: לא | P102: ILS | Q102: 293 | R102: 1 | S102: 8499 | U102: 24.902 | V102: 2.3e-05 | W102: 0.0013523009 | X102: 0.00027771503
A103: 13710 | B103: 13711 | C103: קרסו מוטורס בע"מ | D103: 514065283 | E103: ח.פ. | F103: קרסו מוטורס | G103: IL0011238503 | H103: ISIN | I103: מניות | J103: ישראל | K103: ישראל | L103: סחיר | M103: TASE | N103: מסחר | O103: לא | P103: ILS | Q103: 2885 | R103: 1 | S103: 3341 | U103: 96.388 | V103: 3.1e-05 | W103: 0.0052343191 | X103: 0.001074945
A104: 13710 | B104: 13711 | C104: ראלקו סוכנויות בע"מ | D104: 520038183 | E104: ח.פ. | F104: ראלקו | G104: IL0003930174 | H104: ISIN | I104: מניות | J104: ישראל | K104: ישראל | L104: סחיר | M104: TASE | N104: מסחר | O104: לא | P104: ILS | Q104: 15 | R104: 1 | S104: 4449 | U104: 0.667 | V104: 4e-06 | W104: 3.6240282e-05 | X104: 7.4424787e-06
A105: 13710 | B105: 13711 | C105: רבל אי.סי.אס. בע"מ | D105: 513506329 | E105: ח.פ. | F105: רבל | G105: IL0011038788 | H105: ISIN | I105: מניות | J105: ישראל | K105: ישראל | L105: סחיר | M105: TASE | N105: כימיה, גומי ופלסטיק | O105: לא | P105: ILS | Q105: 525 | R105: 1 | S105: 158.3 | U105: 0.831 | V105: 6e-06 | W105: 4.5131328e-05 | X105: 9.2683869e-06
A106: 13710 | B106: 13711 | C106: ריט 1 בע"מ | D106: 513821488 | E106: ח.פ. | F106: ריט 1 | G106: IL0010989205 | H106: ISIN | I106: מניות | J106: ישראל | K106: ישראל | L106: סחיר | M106: TASE | N106: נדל"ן מניב בישראל | O106: לא | P106: ILS | Q106: 4657 | R106: 1 | S106: 2160 | U106: 100.591 | V106: 2.3e-05 | W106: 0.005462581 | X106: 0.0011218219
A107: 13710 | B107: 13711 | C107: רימון שירותי ייעוץ וניהול בע"מ | D107: 512467994 | E107: ח.פ. | F107: רימון ( מועמדת) | G107: IL0011787228 | H107: ISIN | I107: מניות | J107: ישראל | K107: ישראל | L107: סחיר | M107: TASE | N107: בנייה | O107: לא | P107: ILS | Q107: 214 | R107: 1 | S107: 13230 | U107: 28.312 | V107: 6e-06 | W107: 0.0015374872 | X107: 0.00031574578
A108: 13710 | B108: 13711 | C108: רם-און השקעות והחזקות (1999) בע"מ | D108: 512776964 | E108: ח.פ. | F108: רם-און | G108: IL0010909435 | H108: ISIN | I108: מניות | J108: ישראל | K108: ישראל | L108: סחיר | M108: TASE | N108: כימיה, גומי ופלסטיק | O108: לא | P108: ILS | Q108: 1251 | R108: 1 | S108: 1005 | U108: 12.573 | V108: 7.3e-05 | W108: 0.00068274931 | X108: 0.00014021269
A109: 13710 | B109: 13711 | C109: רשת חנויות רמי לוי שיווק השיקמה 2006 בע"מ | D109: 513770669 | E109: ח.פ. | F109: רמי לוי | G109: IL0011042491 | H109: ISIN | I109: מניות | J109: ישראל | K109: ישראל | L109: סחיר | M109: TASE | N109: רשתות שיווק | O109: לא | P109: ILS | Q109: 558 | R109: 1 | S109: 36500 | U109: 203.67 | V109: 4.1e-05 | W109: 0.01106025 | X109: 0.0022713863
A110: 13710 | B110: 13711 | C110: רמי לוי השקמה נדל"ן בע"מ | D110: 511086738 | E110: ח.פ. | F110: רמי לוי נדל"ן | G110: IL0012350018 | H110: ISIN | I110: מניות | J110: ישראל | K110: ישראל | L110: סחיר | M110: TASE | N110: נדל"ן מניב בישראל | O110: לא | P110: ILS | Q110: 1048 | R110: 1 | S110: 3573 | U110: 37.445 | V110: 1.3e-05 | W110: 0.0020334439 | X110: 0.00041759783
A111: 13710 | B111: 13711 | C111: שיכון ובינוי אנרגיה בע"מ | D111: 510459928 | E111: ח.פ. | F111: שוב אנרגיה | G111: IL0011882425 | H111: ISIN | I111: מניות | J111: ישראל | K111: ישראל | L111: סחיר | M111: TASE | N111: אנרגיה | O111: לא | P111: ILS | Q111: 5700 | R111: 1 | S111: 404.8 | U111: 23.074 | V111: 6e-06 | W111: 0.0012530063 | X111: 0.00025732341
... A129: 13710 | B129: 15444 | C129: איירפורט סיטי בע"מ | D129: 511659401 | E129: ח.פ. | F129: אירפורט סיטי | G129: IL0010958358 | H129: ISIN | I129: מניות | J129: ישראל | K129: ישראל | L129: סחיר | M129: TASE | N129: נדל"ן מניב בישראל | O129: לא | P129: ILS | Q129: 1289 | R129: 1 | S129: 5340 | U129: 68.833 | V129: 1e-05 | W129: 0.0055530899 | X129: 0.0021288671
A130: 13710 | B130: 15444 | C130: אלביט מערכות בע"מ | D130: 520043027 | E130: ח.פ. | F130: אלביט מערכות | G130: IL0010811243 | H130: ISIN | I130: מניות | J130: ישראל | K130: ישראל | L130: סחיר | M130: TASE | N130: ביטחוניות | O130: לא | P130: ILS | Q130: 103 | R130: 1 | S130: 226000 | T130: 0.307 | U130: 233.087 | V130: 2e-06 | W130: 0.018804348 | X130: 0.007208952
A131: 13710 | B131: 15444 | C131: אלדן תחבורה בע"מ | D131: 510454333 | E131: ח.פ. | F131: אלדן תחבורה | G131: IL0011348815 | H131: ISIN | I131: מניות | J131: ישראל | K131: ישראל | L131: סחיר | M131: TASE | N131: שרותים | O131: לא | P131: ILS | Q131: 869 | R131: 1 | S131: 627.8 | U131: 5.456 | V131: 9e-06 | W131: 0.00044013065 | X131: 0.00016873123
A132: 13710 | B132: 15444 | C132: אלומיי קפיטל בע"מ | D132: 520039868 | E132: ח.פ. | F132: אלומיי קפיטל | G132: IL0010826357 | H132: ISIN | I132: מניות | J132: ישראל | K132: ישראל | L132: סחיר | M132: TASE | N132: אנרגיה מתחדשת | O132: לא | P132: ILS | Q132: 567 | R132: 1 | S132: 5646 | U132: 32.013 | V132: 4e-05 | W132: 0.0025826435 | X132: 0.00099009829
A133: 13710 | B133: 15444 | C133: אלוני-חץ נכסים והשקעות בע"מ | D133: 520038506 | E133: ח.פ. | F133: אלוני חץ | G133: IL0003900136 | H133: ISIN | I133: מניות | J133: ישראל | K133: ישראל | L133: סחיר | M133: TASE | N133: נדל"ן מניב בישראל | O133: לא | P133: ILS | Q133: 2000 | R133: 1 | S133: 3316 | U133: 66.32 | V133: 9e-06 | W133: 0.0053503852 | X133: 0.002051157
A134: 13710 | B134: 15444 | C134: אלקו בע"מ | D134: 520025370 | E134: ח.פ. | F134: אלקו החזקות | G134: IL0006940345 | H134: ISIN | I134: מניות | J134: ישראל | K134: ישראל | L134: סחיר | M134: TASE | N134: השקעה ואחזקות | O134: לא | P134: ILS | Q134: 604 | R134: 1 | S134: 14680 | U134: 88.667 | V134: 1.7e-05 | W134: 0.007153252 | X134: 0.0027423152
A135: 13710 | B135: 15444 | C135: אמות השקעות בע"מ | D135: 520026683 | E135: ח.פ. | F135: אמות | G135: IL0010972789 | H135: ISIN | I135: מניות | J135: ישראל | K135: ישראל | L135: סחיר | M135: TASE | N135: נדל"ן מניב בישראל | O135: לא | P135: ILS | Q135: 8190 | R135: 1 | S135: 1853 | U135: 151.761 | V135: 1.7e-05 | W135: 0.012243338 | X135: 0.0046936824
A136: 13710 | B136: 15444 | C136: אנלייט אנרגיה מתחדשת בע"מ | D136: 520041146 | E136: ח.פ. | F136: אנלייט אנרגיה | G136: IL0007200111 | H136: ISIN | I136: מניות | J136: ישראל | K136: ארה"ב | L136: סחיר | M136: TASE | N136: אנרגיה מתחדשת | O136: לא | P136: ILS | Q136: 1584 | R136: 1 | S136: 26300 | U136: 416.592 | V136: 1.1e-05 | W136: 0.03360868 | X136: 0.012884433
A137: 13710 | B137: 15444 | C137: אנלייט אנרגיה מתחדשת בע"מ | D137: 520041146 | E137: ח.פ. | F137: אנלייט אנרגיה חסום מחוג 25/08/26 | G137: IL0007200111 | H137: ISIN | I137: מניות | J137: ישראל | K137: ישראל | L137: חסום | M137: TASE | N137: אנרגיה מתחדשת | O137: לא | P137: ILS | Q137: 435 | R137: 1 | S137: 26170.446 | U137: 113.841 | V137: 3e-06 | W137: 0.0091841911 | X137: 0.0035209087
A138: 13710 | B138: 15444 | C138: Energean plc | D138: 549300RVMKU0CYUZBB05 | E138: LEI | F138: אנרג'יאן | G138: GB00BG12Y042 | H138: ISIN | I138: מניות | J138: ישראל | K138: בריטניה | L138: סחיר | M138: TASE | N138: חיפושי נפט וגז | O138: לא | P138: ILS | Q138: 2044 | R138: 1 | S138: 2679 | T138: 0.609 | U138: 55.367 | V138: 1.1e-05 | W138: 0.0044667861 | X138: 0.0017124149
A139: 13710 | B139: 15444 | C139: אפי נכסים בע"מ | D139: 510560188 | E139: ח.פ. | F139: אפי נכסים | G139: IL0010913544 | H139: ISIN | I139: מניות | J139: ישראל | K139: ישראל | L139: סחיר | M139: TASE | N139: נדל"ן מניב בחו"ל | O139: לא | P139: ILS | Q139: 723 | R139: 1 | S139: 19360 | U139: 139.973 | V139: 1.7e-05 | W139: 0.011292346 | X139: 0.0043291041
A140: 13710 | B140: 15444 | C140: אקויטל בע"מ | D140: 520030859 | E140: ח.פ. | F140: אקויטל | G140: IL0007550176 | H140: ISIN | I140: מניות | J140: ישראל | K140: ישראל | L140: סחיר | M140: TASE | N140: השקעה ואחזקות | O140: לא | P140: ILS | Q140: 73 | R140: 1 | S140: 10380 | U140: 7.577 | V140: 2e-06 | W140: 0.00061130893 | X140: 0.0002343552
A141: 13710 | B141: 15444 | C141: אקונרג'י אנרגיה מתחדשת בע"מ | D141: 516339777 | E141: ח.פ. | F141: אקונרג'י | G141: IL0011783342 | H141: ISIN | I141: מניות | J141: ישראל | K141: ישראל | L141: סחיר | M141: TASE | N141: אנרגיה מתחדשת | O141: לא | P141: ILS | Q141: 1442 | R141: 1 | S141: 6300 | U141: 90.846 | V141: 1.9e-05 | W141: 0.0073290273 | X141: 0.0028097015
A142: 13710 | B142: 15444 | C142: אקונרג'י אנרגיה מתחדשת בע"מ | D142: 516339777 | E142: ח.פ. | F142: אקונרג'י חסום מחוג 01/12/26 | G142: IL0011783342 | H142: ISIN | I142: מניות | J142: ישראל | K142: ישראל | L142: חסום | M142: TASE | N142: אנרגיה מתחדשת | O142: לא | P142: ILS | Q142: 400 | R142: 1 | S142: 5707.007 | U142: 22.828 | V142: 6e-06 | W142: 0.0018416578 | X142: 0.00070602941
A143: 13710 | B143: 15444 | C143: אקונרג'י אנרגיה מתחדשת בע"מ | D143: 516339777 | E143: ח.פ. | F143: אקונרג'י חסום מחוג 09/07/26 | G143: IL0011783342 | H143: ISIN | I143: מניות | J143: ישראל | K143: ישראל | L143: חסום | M143: TASE | N143: אנרגיה מתחדשת | O143: לא | P143: ILS | Q143: 350 | R143: 1 | S143: 6300 | U143: 22.05 | V143: 5e-06 | W143: 0.0017788901 | X143: 0.00068196639
A144: 13710 | B144: 15444 | C144: ארד בע"מ | D144: 510007800 | E144: ח.פ. | F144: ארד | G144: IL0010916513 | H144: ISIN | I144: מניות | J144: ישראל | K144: גלובלי | L144: סחיר | M144: TASE | N144: אלקטרוניקה ואופטיקה | O144: לא | P144: ILS | Q144: 1083 | R144: 1 | S144: 5821 | U144: 63.041 | V144: 4.4e-05 | W144: 0.0050858856 | X144: 0.0019497568
A145: 13710 | B145: 15444 | C145: ארי נדל"ן(ארנה) השקעות בע"מ | D145: 520038332 | E145: ח.פ. | F145: ארי נדלן | G145: IL0003660136 | H145: ISIN | I145: מניות | J145: ישראל | K145: ישראל | L145: סחיר | M145: TASE | N145: נדל"ן מניב בישראל | O145: לא | P145: ILS | Q145: 18847 | R145: 1 | S145: 610 | U145: 114.967 | V145: 5.1e-05 | W145: 0.0092749717 | X145: 0.0035557109
A146: 13710 | B146: 15444 | C146: בתי זקוק לנפט בע"מ | D146: 520036658 | E146: ח.פ. | F146: בזן | G146: IL0025902482 | H146: ISIN | I146: מניות | J146: ישראל | K146: ישראל | L146: סחיר | M146: TASE | N146: אנרגיה | O146: לא | P146: ILS | Q146: 53573 | R146: 1 | S146: 157.5 | U146: 84.377 | V146: 1.7e-05 | W146: 0.0068071772 | X146: 0.0026096418
A147: 13710 | B147: 15444 | C147: בזק החברה הישראלית לתקשורת בע"מ | D147: 520031931 | E147: ח.פ. | F147: בזק | G147: IL0002300114 | H147: ISIN | I147: מניות | J147: ישראל | K147: ישראל | L147: סחיר | M147: TASE | N147: תקשורת ומדיה | O147: לא | P147: ILS | Q147: 50860 | R147: 1 | S147: 702.7 | U147: 357.393 | V147: 1.8e-05 | W147: 0.028832801 | X147: 0.011053522
A148: 13710 | B148: 15444 | C148: ביג מרכזי קניות (2004) בע"מ | D148: 513623314 | E148: ח.פ. | F148: ביג | G148: IL0010972607 | H148: ISIN | I148: מניות | J148: ישראל | K148: ישראל | L148: סחיר | M148: TASE | N148: נדל"ן מניב בישראל | O148: לא | P148: ILS | Q148: 387 | R148: 1 | S148: 67510 | U148: 261.264 | V148: 1.5e-05 | W148: 0.021077524 | X148: 0.008080411
A149: 13710 | B149: 15444 | C149: הבנק הבינלאומי הראשון לישראל בע"מ | D149: 520029083 | E149: ח.פ. | F149: בינלאומי 5 | G149: IL0005930388 | H149: ISIN | I149: מניות | J149: ישראל | K149: ישראל | L149: סחיר | M149: TASE | N149: בנקים | O149: לא | P149: ILS | Q149: 175 | R149: 1 | S149: 21090 | U149: 36.907 | V149: 2e-06 | W149: 0.0029775232 | X149: 0.0011414818
A150: 13710 | B150: 15444 | C150: גילת רשתות לווין בע"מ | D150: 520038936 | E150: ח.פ. | F150: גילת | G150: IL0010825102 | H150: ISIN | I150: מניות | J150: ישראל | K150: ארה"ב | L150: סחיר | M150: TASE | N150: ציוד תקשורת | O150: לא | P150: ILS | Q150: 2483 | R150: 1 | S150: 3949 | U150: 98.054 | V150: 3.3e-05 | W150: 0.0079105081 | X150: 0.0030326216
... A157: 13710 | B157: 15444 | C157: י.ח.דמרי בניה ופיתוח בע"מ | D157: 511399388 | E157: ח.פ. | F157: דמרי חסום מחוג 15/10/26 | G157: IL0010903156 | H157: ISIN | I157: מניות | J157: ישראל | K157: ישראל | L157: חסום | M157: TASE | N157: בנייה | O157: לא | P157: ILS | Q157: 30 | R157: 1 | S157: 35418.056 | U157: 10.625 | V157: 1e-06 | W157: 0.00085720857 | X157: 0.00032862481
A158: 13710 | B158: 15444 | C158: הראל השקעות בביטוח ושרותים פיננסים בע"מ | D158: 520033986 | E158: ח.פ. | F158: הראל השקעות | G158: IL0005850180 | H158: ISIN | I158: מניות | J158: ישראל | K158: ישראל | L158: סחיר | M158: TASE | N158: ביטוח | O158: לא | P158: ILS | Q158: 975 | R158: 1 | S158: 15660 | T158: 2.442 | U158: 155.127 | V158: 4e-06 | W158: 0.012514928 | X158: 0.0047978006
A159: 13710 | B159: 15444 | C159: וואן טכנולוגיות תוכנה(או.אס.טי)בע"מ | D159: 520034695 | E159: ח.פ. | F159: וואן טכנולוגיות תוכנה | G159: IL0001610182 | H159: ISIN | I159: מניות | J159: ישראל | K159: ישראל | L159: סחיר | M159: TASE | N159: שרותי מידע | O159: לא | P159: ILS | Q159: 1493 | R159: 1 | S159: 5681 | U159: 84.817 | V159: 2e-05 | W159: 0.0068426626 | X159: 0.0026232457
A160: 13710 | B160: 15444 | C160: וילאר אינטרנשיונל בע"מ | D160: 520038910 | E160: ח.פ. | F160: וילאר | G160: IL0004160169 | H160: ISIN | I160: מניות | J160: ישראל | K160: ישראל | L160: סחיר | M160: TASE | N160: נדל"ן מניב בישראל | O160: לא | P160: ILS | Q160: 226 | R160: 1 | S160: 17810 | U160: 40.251 | V160: 1.3e-05 | W160: 0.0032472288 | X160: 0.0012448778
A161: 13710 | B161: 15444 | C161: ג.ויליפוד אינטרנשיונל בע"מ (דואלי) | D161: 520043209 | E161: ח.פ. | F161: ויליפוד אינטרנשיונל | G161: IL0010828585 | H161: ISIN | I161: מניות | J161: ישראל | K161: ישראל | L161: סחיר | M161: TASE | N161: מסחר | O161: לא | P161: ILS | Q161: 206 | R161: 1 | S161: 9912 | U161: 20.419 | V161: 1.5e-05 | W161: 0.0016472861 | X161: 0.00063151387
...

Sheet קרנות סל
A1: מספר קופה/קרן/ח.פ. עבור חברת ביטוח | B1: מספר מסלול | C1: שם מנפיק | D1: מספר מנפיק | E1: סוג מספר מזהה מנפיק | F1: שם נייר ערך | G1: מספר נייר ערך | H1: סוג מספר נייר ערך | I1: מאפיין עיקרי | J1: ישראל/חו"ל | K1: מדינה לפי חשיפה כלכלית | L1: זירת מסחר | M1: סיווג הקרן | N1: בעל עניין/צד קשור | O1: מטבע פעילות | P1: ערך נקוב (יחידות) | Q1: שער חליפין | R1: שער נייר הערך | S1: סכום לקבל (במטבע הפעילות) | T1: שווי הוגן (באלפי ש"ח) | U1: שיעור מערך נקוב מונפק | V1: שיעור מנכסי אפיק ההשקעה | W1: שיעור מסך נכסי ההשקעה
A2: 13710 | B2: 13711 | C2: מגדל קרנות נאמנות בע"מ | D2: 511303661 | E2: ח.פ. | F2: Russ2000.MTF | G2: IL0011502429 | H2: ISIN | I2: עוקב אחר מדדי מניות בחו"ל | J2: ישראל | K2: ארה"ב | L2: TASE | M2: RUSSELL 2000 - מניות בחו"ל - מניות גיאוגרפי - חשופת מט"ח-ארה"ב | N2: לא | O2: ILS | P2: 1577 | Q2: 1 | R2: 8063 | T2: 127.154 | U2: 0.00035 | V2: 0.013623637 | W2: 0.0014180524
A3: 13710 | B3: 13711 | C3: הראל קרנות נאמנות בע"מ | D3: 511776783 | E3: ח.פ. | F3: הראל סל DowJones IA | G3: IL0011492282 | H3: ISIN | I3: עוקב אחר מדדי מניות בחו"ל | J3: ישראל | K3: ארה"ב | L3: TASE | M3: מניות בחו"ל - מניות בחו"ל משולבת | N3: לא | O3: ILS | P3: 2452 | Q3: 1 | R3: 19120 | T3: 468.822 | U3: 0.000333 | V3: 0.050231143 | W3: 0.005228442
A4: 13710 | B4: 13711 | C4: State Street Corp | D4: 07F5H7W3ET8ZLWNMFP29 | E4: LEI | F4: CONSUMER STAPLE | G4: US81369Y3080 | H4: ISIN | I4: עוקב אחר מדדי מניות בחו"ל | J4: חו"ל | K4: ארה"ב | L4: NYSE | M4: מניות בחו"ל - מניות בחו"ל משולבת | N4: לא | O4: USD | P4: 754 | Q4: 2.978 | R4: 8307 | T4: 186.526 | U4: 4e-06 | V4: 0.019985037 | W4: 0.0020801957
A5: 13710 | B5: 13711 | C5: State Street Corp | D5: 07F5H7W3ET8ZLWNMFP29 | E5: LEI | F5: FINANCIAL SELEC | G5: US81369Y6059 | H5: ISIN | I5: עוקב אחר מדדי מניות בחו"ל | J5: חו"ל | K5: ארה"ב | L5: NYSE | M5: Financial מניות בחו"ל - מניות לפי ענפים בחו"ל - חשופת מט"ח-ארה"ב- מניות | N5: לא | O5: USD | P5: 1151 | Q5: 2.978 | R5: 5361 | T5: 183.758 | U5: 1e-06 | V5: 0.019688405 | W5: 0.0020493199
A6: 13710 | B6: 13711 | C6: State Street Corp | D6: 07F5H7W3ET8ZLWNMFP29 | E6: LEI | F6: HEALTH CARE SEL | G6: US81369Y2090 | H6: ISIN | I6: עוקב אחר מדדי מניות בחו"ל | J6: חו"ל | K6: ארה"ב | L6: NYSE | M6: Health Care מניות בחו"ל - מניות לפי ענפים בחו"ל - חשופת מט"ח-ארה"ב- מניות | N6: לא | O6: USD | P6: 227 | Q6: 2.978 | R6: 15866 | T6: 107.255 | U6: 1e-06 | V6: 0.011491658 | W6: 0.0011961398
A7: 13710 | B7: 13711 | C7: Invesco investment management limited | D7: 635400KZRKKKNVCJXD85 | E7: LEI | F7: INVESCO NASDAQ | G7: US46138G6492 | H7: ISIN | I7: עוקב אחר מדדי מניות בחו"ל | J7: חו"ל | K7: ארה"ב | L7: NASDAQ | M7: NASDAQ 100 - מניות בחו"ל - מניות גיאוגרפי - חשופת מט"ח-ארה"ב | N7: לא | O7: USD | P7: 3686 | Q7: 2.978 | R7: 30297 | T7: 3325.674 | U7: 0 | V7: 0.35632341 | W7: 0.037088869
A8: 13710 | B8: 13711 | C8: BlackRock Asset Managment | D8: 549300LRIF3NWCU26A80 | E8: LEI | F8: ISHARES CORE EM | G8: IE00BKM4GZ66 | H8: ISIN | I8: עוקב אחר מדדי מניות בחו"ל | J8: חו"ל | K8: ארה"ב | L8: LSE | M8: MSCI EMERGING MARKETS - מניות בחו"ל - מניות גיאוגרפי - חשופת מט"ח-שווקים מתעוררים כללי | N8: לא | O8: USD | P8: 8700 | Q8: 2.978 | R8: 5575 | T8: 1444.404 | U8: 6.5e-05 | V8: 0.15475815 | W8: 0.016108413
A9: 13710 | B9: 13711 | C9: Invesco investment management limited | D9: 635400KZRKKKNVCJXD85 | E9: LEI | F9: Powershares QQQ NAS1 | G9: US73935A1043 | H9: ISIN | I9: עוקב אחר מדדי מניות בחו"ל | J9: חו"ל | K9: ארה"ב | L9: LSE | M9: NASDAQ 100 - מניות בחו"ל - מניות גיאוגרפי - חשופת מט"ח-ארה"ב | N9: לא | O9: USD | P9: 1107 | Q9: 2.978 | R9: 73640 | S9: 0.676 | T9: 2429.662 | U9: 0 | V9: 0.26032183 | W9: 0.027096289
A10: 13710 | B10: 13711 | C10: Invesco investment management limited | D10: 635400KZRKKKNVCJXD85 | E10: LEI | F10: S&P 500 SOURCE | G10: IE00B3YCGJ38 | H10: ISIN | I10: עוקב אחר מדדי מניות בחו"ל | J10: חו"ל | K10: ארה"ב | L10: LSE | M10: S&P 500 - מניות בחו"ל - מניות גיאוגרפי - חשופת מט"ח-ארה"ב | N10: לא | O10: USD | P10: 20650 | Q10: 2.978 | R10: 1500 | T10: 922.436 | U10: 9e-06 | V10: 0.098832712 | W10: 0.010287265
A11: 13710 | B11: 13711 | C11: State Street Corp | D11: 07F5H7W3ET8ZLWNMFP29 | E11: LEI | F11: SPDR S&P BIOTEC | G11: US78464A8707 | H11: ISIN | I11: עוקב אחר מדדי מניות בחו"ל | J11: חו"ל | K11: ארה"ב | L11: NYSE | M11: מניות בחו"ל - מניות בחו"ל משולבת | N11: לא | O11: USD | P11: 292 | Q11: 2.978 | R11: 15825 | T11: 137.61 | U11: 0 | V11: 0.014744022 | W11: 0.0015346707
A12: 13710 | B12: 15444 | C12: מגדל קרנות נאמנות בע"מ | D12: 511303661 | E12: ח.פ. | F12: MTF סל Nasdaq 100 (4A) מנוטרלת | G12: IL0011814451 | H12: ISIN | I12: עוקב אחר מדדי מניות בחו"ל | J12: ישראל | K12: ארה"ב | L12: TASE | M12: NASDAQ 100 - מניות בחו"ל - מניות גיאוגרפי - חשופת מט"ח-ארה"ב | N12: לא | O12: ILS | P12: 4727 | Q12: 1 | R12: 11620 | T12: 549.277 | U12: 0.001168 | V12: 0.056991954 | W12: 0.016988151
A13: 13710 | B13: 15444 | C13: מגדל קרנות נאמנות בע"מ | D13: 511303661 | E13: ח.פ. | F13: MTF סל Nasdaq 100 (4D) | G13: IL0011813875 | H13: ISIN | I13: עוקב אחר מדדי מניות בחו"ל | J13: ישראל | K13: ארה"ב | L13: TASE | M13: NASDAQ 100 - מניות בחו"ל - מניות גיאוגרפי - חשופת מט"ח-ארה"ב | N13: לא | O13: ILS | P13: 7437 | Q13: 1 | R13: 6265 | T13: 465.928 | U13: 0.000372 | V13: 0.048343788 | W13: 0.014410307
A14: 13710 | B14: 15444 | C14: מגדל קרנות נאמנות בע"מ | D14: 511303661 | E14: ח.פ. | F14: MTF500SP ממ | G14: IL0011505729 | H14: ISIN | I14: עוקב אחר מדדי מניות בחו"ל | J14: ישראל | K14: ארה"ב | L14: TASE | M14: S&P 500 - מניות בחו"ל - מניות גיאוגרפי - מנוטרלת מט"ח-ארה"ב | N14: לא | O14: ILS | P14: 5449 | Q14: 1 | R14: 9399 | T14: 512.152 | U14: 0.000224 | V14: 0.053139844 | W14: 0.015839915
A15: 13710 | B15: 15444 | C15: מגדל קרנות נאמנות בע"מ | D15: 511303661 | E15: ח.פ. | F15: Russ2000.MTF | G15: IL0011502429 | H15: ISIN | I15: עוקב אחר מדדי מניות בחו"ל | J15: ישראל | K15: ארה"ב | L15: TASE | M15: RUSSELL 2000 - מניות בחו"ל - מניות גיאוגרפי - חשופת מט"ח-ארה"ב | N15: לא | O15: ILS | P15: 3941 | Q15: 1 | R15: 8063 | T15: 317.763 | U15: 0.000876 | V15: 0.032970453 | W15: 0.0098278263
A16: 13710 | B16: 15444 | C16: הראל קרנות נאמנות בע"מ | D16: 511776783 | E16: ח.פ. | F16: הראל סל 4A S&P 500 מנוטרלת | G16: IL0011491375 | H16: ISIN | I16: עוקב אחר מדדי מניות בחו"ל | J16: ישראל | K16: ארה"ב | L16: TASE | M16: S&P 500 - מניות בחו"ל - מניות גיאוגרפי - מנוטרלת מט"ח-ארה"ב | N16: לא | O16: ILS | P16: 5977 | Q16: 1 | R16: 7085 | T16: 423.47 | U16: 4.9e-05 | V16: 0.04393847 | W16: 0.013097171
A17: 13710 | B17: 15444 | C17: הראל קרנות נאמנות בע"מ | D17: 511776783 | E17: ח.פ. | F17: הראל סל DowJones IA | G17: IL0011492282 | H17: ISIN | I17: עוקב אחר מדדי מניות בחו"ל | J17: ישראל | K17: ארה"ב | L17: TASE | M17: מניות בחו"ל - מניות בחו"ל משולבת | N17: לא | O17: ILS | P17: 1299 | Q17: 1 | R17: 19120 | T17: 248.369 | U17: 0.000176 | V17: 0.025770263 | W17: 0.0076815952
A18: 13710 | B18: 15444 | C18: הראל קרנות נאמנות בע"מ | D18: 511776783 | E18: ח.פ. | F18: הראל סל PR 100 NASDAQ | G18: IL0011491037 | H18: ISIN | I18: עוקב אחר מדדי מניות בחו"ל | J18: ישראל | K18: ארה"ב | L18: TASE | M18: NASDAQ 100 - מניות בחו"ל - מניות גיאוגרפי - חשופת מט"ח-ארה"ב | N18: לא | O18: ILS | P18: 2699 | Q18: 1 | R18: 25140 | T18: 678.529 | U18: 0.000305 | V18: 0.070402807 | W18: 0.020985655
A19: 13710 | B19: 15444 | C19: מיטב קרנות נאמנות בע"מ | D19: 513534974 | E19: ח.פ. | F19: תכלית סל (4D) ‏‏‏Russell 2000 | G19: IL0011444846 | H19: ISIN | I19: עוקב אחר מדדי מניות בחו"ל | J19: ישראל | K19: ארה"ב | L19: TASE | M19: RUSSELL 2000 - מניות בחו"ל - מניות גיאוגרפי - חשופת מט"ח-ארה"ב | N19: לא | O19: ILS | P19: 2958 | Q19: 1 | R19: 9888 | T19: 292.487 | U19: 0.000316 | V19: 0.030347886 | W19: 0.0090460921
A20: 13710 | B20: 15444 | C20: מיטב קרנות נאמנות בע"מ | D20: 513534974 | E20: ח.פ. | F20: תכלית סל (A‏4)י 500 S&P מנוטרלת מטח | G20: IL0011438178 | H20: ISIN | I20: עוקב אחר מדדי מניות בחו"ל | J20: ישראל | K20: ארה"ב | L20: TASE | M20: S&P 500 - מניות בחו"ל - מניות גיאוגרפי - מנוטרלת מט"ח-ארה"ב | N20: לא | O20: ILS | P20: 13379 | Q20: 1 | R20: 6428 | T20: 860.002 | U20: 0.000104 | V20: 0.089232146 | W20: 0.026598301
A21: 13710 | B21: 15444 | C21: State Street Corp | D21: 07F5H7W3ET8ZLWNMFP29 | E21: LEI | F21: CONSUMER STAPLE | G21: US81369Y3080 | H21: ISIN | I21: עוקב אחר מדדי מניות בחו"ל | J21: חו"ל | K21: ארה"ב | L21: NYSE | M21: מניות בחו"ל - מניות בחו"ל משולבת | N21: לא | O21: USD | P21: 288 | Q21: 2.978 | R21: 8307 | T21: 71.246 | U21: 1e-06 | V21: 0.0073923617 | W21: 0.0022035138
... A33: 559 | B33: 556 | C33: BlackRock Asset Managment | D33: 549300LRIF3NWCU26A80 | E33: LEI | F33: ISHARES CORE EM | G33: IE00BKM4GZ66 | H33: ISIN | I33: עוקב אחר מדדי מניות בחו"ל | J33: חו"ל | K33: ארה"ב | L33: LSE | M33: MSCI EMERGING MARKETS - מניות בחו"ל - מניות גיאוגרפי - חשופת מט"ח-שווקים מתעוררים כללי | N33: לא | O33: USD | P33: 12261 | Q33: 2.978 | R33: 5575 | T33: 2035.614 | U33: 9.2e-05 | V33: 0.15375696 | W33: 0.0057921562
A34: 559 | B34: 556 | C34: Invesco investment management limited | D34: 635400KZRKKKNVCJXD85 | E34: LEI | F34: Powershares QQQ NAS1 | G34: US73935A1043 | H34: ISIN | I34: עוקב אחר מדדי מניות בחו"ל | J34: חו"ל | K34: ארה"ב | L34: LSE | M34: NASDAQ 100 - מניות בחו"ל - מניות גיאוגרפי - חשופת מט"ח-ארה"ב | N34: לא | O34: USD | P34: 2555 | Q34: 2.978 | R34: 73640 | S34: 1.559 | T34: 5607.757 | U34: 0 | V34: 0.42357322 | W34: 0.015956366
A35: 559 | B35: 556 | C35: State Street Corp | D35: 07F5H7W3ET8ZLWNMFP29 | E35: LEI | F35: SPDR S&P BIOTEC | G35: US78464A8707 | H35: ISIN | I35: עוקב אחר מדדי מניות בחו"ל | J35: חו"ל | K35: ארה"ב | L35: NYSE | M35: מניות בחו"ל - מניות בחו"ל משולבת | N35: לא | O35: USD | P35: 1236 | Q35: 2.978 | R35: 15825 | T35: 582.488 | U35: 0 | V35: 0.043997318 | W35: 0.0016574166
A36: 559 | B36: 7205 | C36: State Street Corp | D36: 07F5H7W3ET8ZLWNMFP29 | E36: LEI | F36: CONSUMER STAPLE | G36: US81369Y3080 | H36: ISIN | I36: עוקב אחר מדדי מניות בחו"ל | J36: חו"ל | K36: ארה"ב | L36: NYSE | M36: מניות בחו"ל - מניות בחו"ל משולבת | N36: לא | O36: USD | P36: 24782 | Q36: 2.978 | R36: 8307 | T36: 6130.632 | U36: 0.00012 | V36: 0.069343633 | W36: 0.0030286562
A37: 559 | B37: 7205 | C37: State Street Corp | D37: 07F5H7W3ET8ZLWNMFP29 | E37: LEI | F37: FINANCIAL SELEC | G37: US81369Y6059 | H37: ISIN | I37: עוקב אחר מדדי מניות בחו"ל | J37: חו"ל | K37: ארה"ב | L37: NYSE | M37: Financial מניות בחו"ל - מניות לפי ענפים בחו"ל - חשופת מט"ח-ארה"ב- מניות | N37: לא | O37: USD | P37: 33118 | Q37: 2.978 | R37: 5361 | T37: 5287.308 | U37: 3.7e-05 | V37: 0.059804785 | W37: 0.002612037
A38: 559 | B38: 7205 | C38: State Street Corp | D38: 07F5H7W3ET8ZLWNMFP29 | E38: LEI | F38: HEALTH CARE SEL | G38: US81369Y2090 | H38: ISIN | I38: עוקב אחר מדדי מניות בחו"ל | J38: חו"ל | K38: ארה"ב | L38: NYSE | M38: Health Care מניות בחו"ל - מניות לפי ענפים בחו"ל - חשופת מט"ח-ארה"ב- מניות | N38: לא | O38: USD | P38: 8978 | Q38: 2.978 | R38: 15866 | T38: 4242.011 | U38: 4.2e-05 | V38: 0.047981418 | W38: 0.002095639
A39: 559 | B39: 7205 | C39: Invesco investment management limited | D39: 635400KZRKKKNVCJXD85 | E39: LEI | F39: INVESCO NASDAQ | G39: US46138G6492 | H39: ISIN | I39: עוקב אחר מדדי מניות בחו"ל | J39: חו"ל | K39: ארה"ב | L39: NASDAQ | M39: NASDAQ 100 - מניות בחו"ל - מניות גיאוגרפי - חשופת מט"ח-ארה"ב | N39: לא | O39: USD | P39: 14924 | Q39: 2.978 | R39: 30297 | T39: 13465.099 | U39: 0 | V39: 0.15230385 | W39: 0.0066520313
A40: 559 | B40: 7205 | C40: BlackRock Asset Managment | D40: 549300LRIF3NWCU26A80 | E40: LEI | F40: ISHARES CORE EM | G40: IE00BKM4GZ66 | H40: ISIN | I40: עוקב אחר מדדי מניות בחו"ל | J40: חו"ל | K40: ארה"ב | L40: LSE | M40: MSCI EMERGING MARKETS - מניות בחו"ל - מניות גיאוגרפי - חשופת מט"ח-שווקים מתעוררים כללי | N40: לא | O40: USD | P40: 93001 | Q40: 2.978 | R40: 5575 | T40: 15440.352 | U40: 0.000694 | V40: 0.17464595 | W40: 0.0076278458
A41: 559 | B41: 7205 | C41: Invesco investment management limited | D41: 635400KZRKKKNVCJXD85 | E41: LEI | F41: Powershares QQQ NAS1 | G41: US73935A1043 | H41: ISIN | I41: עוקב אחר מדדי מניות בחו"ל | J41: חו"ל | K41: ארה"ב | L41: LSE | M41: NASDAQ 100 - מניות בחו"ל - מניות גיאוגרפי - חשופת מט"ח-ארה"ב | N41: לא | O41: USD | P41: 17800 | Q41: 2.978 | R41: 73640 | S41: 10.864 | T41: 39067.738 | U41: 0 | V41: 0.44189552 | W41: 0.019300252
A42: 559 | B42: 7205 | C42: State Street Corp | D42: 07F5H7W3ET8ZLWNMFP29 | E42: LEI | F42: SPDR S&P BIOTEC | G42: US78464A8707 | H42: ISIN | I42: עוקב אחר מדדי מניות בחו"ל | J42: חו"ל | K42: ארה"ב | L42: NYSE | M42: מניות בחו"ל - מניות בחו"ל משולבת | N42: לא | O42: USD | P42: 10135 | Q42: 2.978 | R42: 15825 | T42: 4776.306 | U42: 0 | V42: 0.054024841 | W42: 0.0023595918
A43: 559 | B43: 7206 | C43: הראל קרנות נאמנות בע"מ | D43: 511776783 | E43: ח.פ. | F43: הראל סל DowJones IA | G43: IL0011492282 | H43: ISIN | I43: עוקב אחר מדדי מניות בחו"ל | J43: ישראל | K43: ארה"ב | L43: TASE | M43: מניות בחו"ל - מניות בחו"ל משולבת | N43: לא | O43: ILS | P43: 2188 | Q43: 1 | R43: 19120 | T43: 418.346 | U43: 0.000297 | V43: 0.056182858 | W43: 0.0044155418
A44: 559 | B44: 7206 | C44: State Street Corp | D44: 07F5H7W3ET8ZLWNMFP29 | E44: LEI | F44: CONSUMER STAPLE | G44: US81369Y3080 | H44: ISIN | I44: עוקב אחר מדדי מניות בחו"ל | J44: חו"ל | K44: ארה"ב | L44: NYSE | M44: מניות בחו"ל - מניות בחו"ל משולבת | N44: לא | O44: USD | P44: 866 | Q44: 2.978 | R44: 8307 | T44: 214.233 | U44: 4e-06 | V44: 0.02877103 | W44: 0.0022611823
A45: 559 | B45: 7206 | C45: State Street Corp | D45: 07F5H7W3ET8ZLWNMFP29 | E45: LEI | F45: FINANCIAL SELEC | G45: US81369Y6059 | H45: ISIN | I45: עוקב אחר מדדי מניות בחו"ל | J45: חו"ל | K45: ארה"ב | L45: NYSE | M45: Financial מניות בחו"ל - מניות לפי ענפים בחו"ל - חשופת מט"ח-ארה"ב- מניות | N45: לא | O45: USD | P45: 1136 | Q45: 2.978 | R45: 5361 | T45: 181.363 | U45: 1e-06 | V45: 0.024356644 | W45: 0.0019142454
A46: 559 | B46: 7206 | C46: State Street Corp | D46: 07F5H7W3ET8ZLWNMFP29 | E46: LEI | F46: HEALTH CARE SEL | G46: US81369Y2090 | H46: ISIN | I46: עוקב אחר מדדי מניות בחו"ל | J46: חו"ל | K46: ארה"ב | L46: NYSE | M46: Health Care מניות בחו"ל - מניות לפי ענפים בחו"ל - חשופת מט"ח-ארה"ב- מניות | N46: לא | O46: USD | P46: 354 | Q46: 2.978 | R46: 15866 | T46: 167.261 | U46: 2e-06 | V46: 0.022462807 | W46: 0.0017654044
A47: 559 | B47: 7206 | C47: Invesco investment management limited | D47: 635400KZRKKKNVCJXD85 | E47: LEI | F47: INVESCO NASDAQ | G47: US46138G6492 | H47: ISIN | I47: עוקב אחר מדדי מניות בחו"ל | J47: חו"ל | K47: ארה"ב | L47: NASDAQ | M47: NASDAQ 100 - מניות בחו"ל - מניות גיאוגרפי - חשופת מט"ח-ארה"ב | N47: לא | O47: USD | P47: 2148 | Q47: 2.978 | R47: 30297 | T47: 1938.022 | U47: 0 | V47: 0.26027186 | W47: 0.020455372
A48: 559 | B48: 7206 | C48: BlackRock Asset Managment | D48: 549300LRIF3NWCU26A80 | E48: LEI | F48: ISHARES CORE EM | G48: IE00BKM4GZ66 | H48: ISIN | I48: עוקב אחר מדדי מניות בחו"ל | J48: חו"ל | K48: ארה"ב | L48: LSE | M48: MSCI EMERGING MARKETS - מניות בחו"ל - מניות גיאוגרפי - חשופת מט"ח-שווקים מתעוררים כללי | N48: לא | O48: USD | P48: 9606 | Q48: 2.978 | R48: 5575 | T48: 1594.822 | U48: 7.2e-05 | V48: 0.21418091 | W48: 0.016832977
A49: 559 | B49: 7206 | C49: Invesco investment management limited | D49: 635400KZRKKKNVCJXD85 | E49: LEI | F49: Powershares QQQ NAS1 | G49: US73935A1043 | H49: ISIN | I49: עוקב אחר מדדי מניות בחו"ל | J49: חו"ל | K49: ארה"ב | L49: LSE | M49: NASDAQ 100 - מניות בחו"ל - מניות גיאוגרפי - חשופת מט"ח-ארה"ב | N49: לא | O49: USD | P49: 1270 | Q49: 2.978 | R49: 73640 | S49: 0.775 | T49: 2787.417 | U49: 0 | V49: 0.37434377 | W49: 0.029420549
A50: 559 | B50: 7206 | C50: State Street Corp | D50: 07F5H7W3ET8ZLWNMFP29 | E50: LEI | F50: SPDR S&P BIOTEC | G50: US78464A8707 | H50: ISIN | I50: עוקב אחר מדדי מניות בחו"ל | J50: חו"ל | K50: ארה"ב | L50: NYSE | M50: מניות בחו"ל - מניות בחו"ל משולבת | N50: לא | O50: USD | P50: 307 | Q50: 2.978 | R50: 15825 | T50: 144.679 | U50: 0 | V50: 0.019430117 | W50: 0.0015270582
A51: 559 | B51: 7207 | C51: מגדל קרנות נאמנות בע"מ | D51: 511303661 | E51: ח.פ. | F51: MTF סל Nasdaq 100 (4D) | G51: IL0011813875 | H51: ISIN | I51: עוקב אחר מדדי מניות בחו"ל | J51: ישראל | K51: ארה"ב | L51: TASE | M51: NASDAQ 100 - מניות בחו"ל - מניות גיאוגרפי - חשופת מט"ח-ארה"ב | N51: לא | O51: ILS | P51: 1600 | Q51: 1 | R51: 6265 | T51: 100.24 | U51: 8e-05 | V51: 0.014883919 | W51: 0.00077118988
A52: 559 | B52: 7207 | C52: הראל קרנות נאמנות בע"מ | D52: 511776783 | E52: ח.פ. | F52: הראל סל DowJones IA | G52: IL0011492282 | H52: ISIN | I52: עוקב אחר מדדי מניות בחו"ל | J52: ישראל | K52: ארה"ב | L52: TASE | M52: מניות בחו"ל - מניות בחו"ל משולבת | N52: לא | O52: ILS | P52: 2346 | Q52: 1 | R52: 19120 | T52: 448.555 | U52: 0.000318 | V52: 0.066602746 | W52: 0.0034509301
A53: 559 | B53: 7207 | C53: State Street Corp | D53: 07F5H7W3ET8ZLWNMFP29 | E53: LEI | F53: CONSUMER STAPLE | G53: US81369Y3080 | H53: ISIN | I53: עוקב אחר מדדי מניות בחו"ל | J53: חו"ל | K53: ארה"ב | L53: NYSE | M53: מניות בחו"ל - מניות בחו"ל משולבת | N53: לא | O53: USD | P53: 783 | Q53: 2.978 | R53: 8307 | T53: 193.7 | U53: 4e-06 | V53: 0.028761194 | W53: 0.0014902219
A54: 559 | B54: 7207 | C54: State Street Corp | D54: 07F5H7W3ET8ZLWNMFP29 | E54: LEI | F54: FINANCIAL SELEC | G54: US81369Y6059 | H54: ISIN | I54: עוקב אחר מדדי מניות בחו"ל | J54: חו"ל | K54: ארה"ב | L54: NYSE | M54: Financial מניות בחו"ל - מניות לפי ענפים בחו"ל - חשופת מט"ח-ארה"ב- מניות | N54: לא | O54: USD | P54: 1181 | Q54: 2.978 | R54: 5361 | T54: 188.547 | U54: 1e-06 | V54: 0.027996042 | W54: 0.0014505766
A55: 559 | B55: 7207 | C55: State Street Corp | D55: 07F5H7W3ET8ZLWNMFP29 | E55: LEI | F55: HEALTH CARE SEL | G55: US81369Y2090 | H55: ISIN | I55: עוקב אחר מדדי מניות בחו"ל | J55: חו"ל | K55: ארה"ב | L55: NYSE | M55: Health Care מניות בחו"ל - מניות לפי ענפים בחו"ל - חשופת מט"ח-ארה"ב- מניות | N55: לא | O55: USD | P55: 314 | Q55: 2.978 | R55: 15866 | T55: 148.362 | U55: 1e-06 | V55: 0.022029165 | W55: 0.001141411
A56: 559 | B56: 7207 | C56: Invesco investment management limited | D56: 635400KZRKKKNVCJXD85 | E56: LEI | F56: INVESCO NASDAQ | G56: US46138G6492 | H56: ISIN | I56: עוקב אחר מדדי מניות בחו"ל | J56: חו"ל | K56: ארה"ב | L56: NASDAQ | M56: NASDAQ 100 - מניות בחו"ל - מניות גיאוגרפי - חשופת מט"ח-ארה"ב | N56: לא | O56: USD | P56: 4052 | Q56: 2.978 | R56: 30297 | T56: 3655.895 | U56: 0 | V56: 0.54283769 | W56: 0.028126392
A57: 559 | B57: 7207 | C57: BlackRock Asset Managment | D57: 549300LRIF3NWCU26A80 | E57: LEI | F57: ISHARES CORE EM | G57: IE00BKM4GZ66 | H57: ISIN | I57: עוקב אחר מדדי מניות בחו"ל | J57: חו"ל | K57: ארה"ב | L57: LSE | M57: MSCI EMERGING MARKETS - מניות בחו"ל - מניות גיאוגרפי - חשופת מט"ח-שווקים מתעוררים כללי | N57: לא | O57: USD | P57: 7311 | Q57: 2.978 | R57: 5575 | T57: 1213.798 | U57: 5.5e-05 | V57: 0.18022813 | W57: 0.009338274
A58: 559 | B58: 7207 | C58: Invesco investment management limited | D58: 635400KZRKKKNVCJXD85 | E58: LEI | F58: Powershares QQQ NAS1 | G58: US73935A1043 | H58: ISIN | I58: עוקב אחר מדדי מניות בחו"ל | J58: חו"ל | K58: ארה"ב | L58: LSE | M58: NASDAQ 100 - מניות בחו"ל - מניות גיאוגרפי - חשופת מט"ח-ארה"ב | N58: לא | O58: USD | P58: 300 | Q58: 2.978 | R58: 73640 | S58: 0.183 | T58: 658.445 | U58: 0 | V58: 0.097767783 | W58: 0.0050657038
A59: 559 | B59: 7207 | C59: State Street Corp | D59: 07F5H7W3ET8ZLWNMFP29 | E59: LEI | F59: SPDR S&P BIOTEC | G59: US78464A8707 | H59: ISIN | I59: עוקב אחר מדדי מניות בחו"ל | J59: חו"ל | K59: ארה"ב | L59: NYSE | M59: מניות בחו"ל - מניות בחו"ל משולבת | N59: לא | O59: USD | P59: 270 | Q59: 2.978 | R59: 15825 | T59: 127.242 | U59: 0 | V59: 0.018893326 | W59: 0.00097893181

Sheet קרנות נאמנות
A1: מספר קופה/קרן/ח.פ. עבור חברת ביטוח | B1: מספר מסלול | C1: שם מנפיק | D1: מספר מנפיק | E1: סוג מספר מזהה מנפיק | F1: שם נייר ערך | G1: מספר נייר ערך | H1: סוג מספר נייר ערך | I1: מאפיין עיקרי | J1: ישראל/חו"ל | K1: מדינה לפי חשיפה כלכלית | L1: סטאטוס סחירות | M1: זירת מסחר | N1: סיווג הקרן | O1: בעל עניין/צד קשור | P1: מטבע פעילות | Q1: ערך נקוב (יחידות) | R1: שער חליפין | S1: שער נייר הערך | T1: שווי הוגן (באלפי ש"ח) | U1: שיעור מערך נקוב מונפק | V1: שיעור מנכסי אפיק ההשקעה | W1: שיעור מסך נכסי ההשקעה

Sheet כתבי אופציה
A1: מספר קופה/קרן/ח.פ. עבור חברת ביטוח | B1: מספר מסלול | C1: שם מנפיק | D1: מספר מנפיק | E1: סוג מספר מזהה מנפיק | F1: שם נייר ערך | G1: מספר נייר ערך | H1: סוג מספר נייר ערך | I1: ישראל/חו"ל | J1: מדינה לפי חשיפה כלכלית | K1: סטאטוס סחירות | L1: זירת מסחר | M1: נכס בסיס (כתב אופציה) | N1: ענף מסחר | O1: תאריך פקיעה | P1: בעל עניין/צד קשור | Q1: מטבע פעילות | R1: שער מימוש | S1: יחס המרה | T1: ערך נקוב (יחידות) | U1: שער חליפין | V1: שער נייר הערך | W1: שווי הוגן (באלפי ש"ח) | X1: שיעור מנכסי אפיק ההשקעה | Y1: שיעור מסך נכסי ההשקעה
A2: 13710 | B2: 13711 | C2: רני צים מרכזי קניות בע"מ | D2: 514353671 | E2: ח.פ. | F2: אופציה 2 רני צים | G2: IL0012302670 | H2: ISIN | I2: ישראל | J2: ישראל | K2: סחיר | L2: TASE | M2: IL0011436198 | N2: נדל"ן מניב בישראל | O2: 22/10/2028 | P2: לא | Q2: ILS | R2: 700 | S2: 1 | T2: 2475 | U2: 1 | V2: 50 | W2: 1.238 | X2: 0.041562056 | Y2: 1.3800955e-05
A3: 13710 | B3: 13711 | C3: אוריין ש.מ. בע"מ | D3: 511068256 | E3: ח.פ. | F3: אוריין אפ 1 | G3: IL0012348970 | H3: ISIN | I3: ישראל | J3: ישראל | K3: סחיר | L3: TASE | M3: IL0011035065 | N3: שרותים | O3: 01/08/2028 | P3: לא | Q3: ILS | R3: 3700 | S3: 1 | T3: 266 | U3: 1 | V3: 319.5 | W3: 0.85 | X3: 0.028543309 | Y3: 9.4779942e-06
A4: 13710 | B4: 13711 | C4: אלומה קרן תשתיות (2020) בע"מ | D4: 516214871 | E4: ח.פ. | F4: אלומה אופ 1 | G4: IL0011909251 | H4: ISIN | I4: ישראל | J4: ישראל | K4: סחיר | L4: TASE | M4: IL0011816431 | N4: השקעה ואחזקות | O4: 01/11/2026 | P4: לא | Q4: ILS | R4: 100 | S4: 1 | T4: 4200 | U4: 1 | V4: 4.8 | W4: 0.202 | X4: 0.0067708368 | Y4: 2.2483011e-06
A5: 13710 | B5: 13711 | C5: אלומיי קפיטל בע"מ | D5: 520039868 | E5: ח.פ. | F5: אלומיי אופ 2 | G5: IL0012030826 | H5: ISIN | I5: ישראל | J5: ישראל | K5: סחיר | L5: TASE | M5: IL0010826357 | N5: אנרגיה מתחדשת | O5: 05/01/2028 | P5: לא | Q5: ILS | R5: 8000 | S5: 1 | T5: 36 | U5: 1 | V5: 513.4 | W5: 0.185 | X5: 0.0062074064 | Y5: 2.0612103e-06
A6: 13710 | B6: 13711 | C6: מגוריט ישראל בעמ | D6: 515434074 | E6: ח.פ. | F6: מגוריט אפ 1 | G6: IL0012361320 | H6: ISIN | I6: ישראל | J6: ישראל | K6: סחיר | L6: TASE | M6: IL0011391955 | N6: נדל"ן מניב בישראל | O6: 31/07/2029 | P6: לא | Q6: ILS | R6: 1100 | S6: 1 | T6: 1050 | U6: 1 | V6: 108.1 | W6: 1.135 | X6: 0.038121222 | Y6: 1.2658403e-05
A7: 13710 | B7: 13711 | C7: נאוויטס פטרוליום, שותפות מוגבלת | D7: 550263107 | E7: מספר שותפות | F7: נאוויטס פטרו אפ 6 | G7: IL0012288242 | H7: ISIN | I7: ישראל | J7: ישראל | K7: סחיר | L7: TASE | M7: IL0011419699 | N7: חיפושי נפט וגז | O7: 31/08/2026 | P7: לא | Q7: ILS | R7: 12000 | S7: 1 | T7: 102 | U7: 1 | V7: 1619 | W7: 1.651 | X7: 0.055462423 | Y7: 1.8416664e-05
A8: 13710 | B8: 13711 | C8: נאייקס בע"מ | D8: 513639013 | E8: ח.פ. | F8: נאייקס אפ | G8: IL0012189812 | H8: ISIN | I8: ישראל | J8: ישראל | K8: סחיר | L8: TASE | M8: IL0012189655 | N8: תוכנה ואינטרנט | O8: 31/03/2027 | P8: לא | Q8: ILS | R8: 17780 | S8: 1 | T8: 93 | U8: 1 | V8: 6819 | W8: 6.342 | X8: 0.21298816 | Y8: 7.0724124e-05
A9: 13710 | B9: 13711 | C9: סולאיר אנרגיות מתחדשות בע"מ | D9: 516046307 | E9: ח.פ. | F9: סולאיר אפ 1 | G9: IL0012179185 | H9: ISIN | I9: ישראל | J9: ישראל | K9: סחיר | L9: TASE | M9: IL0011722878 | N9: אנרגיה מתחדשת | O9: 31/08/2026 | P9: לא | Q9: ILS | R9: 4152 | S9: 1 | T9: 300 | U9: 1 | V9: 4679 | W9: 14.037 | X9: 0.47143966 | Y9: 0.00015654465
A10: 13710 | B10: 13711 | C10: רמי לוי השקמה נדל"ן בע"מ | D10: 511086738 | E10: ח.פ. | F10: רמי נדל"ן אפ 1 | G10: IL0012350190 | H10: ISIN | I10: ישראל | J10: ישראל | K10: סחיר | L10: TASE | M10: IL0012350018 | N10: מסחר | O10: 15/01/2029 | P10: לא | Q10: ILS | R10: 5250 | S10: 1 | T10: 340 | U10: 1 | V10: 605.9 | W10: 2.06 | X10: 0.069188145 | Y10: 2.297438e-05
A11: 13710 | B11: 13711 | C11: שובל הנדסה ובניין בע"מ | D11: 512951518 | E11: ח.פ. | F11: שובל הנדסה אופ 1 | G11: IL0012159617 | H11: ISIN | I11: ישראל | J11: ישראל | K11: סחיר | L11: TASE | M11: IL0012079682 | N11: בנייה | O11: 09/01/2027 | P11: לא | Q11: ILS | R11: 1023 | S11: 1 | T11: 300 | U11: 1 | V11: 53 | W11: 0.159 | X11: 0.0053400945 | Y11: 1.7732136e-06
A12: 13710 | B12: 13711 | C12: שיכון ובינוי אנרגיה בע"מ | D12: 510459928 | E12: ח.פ. | F12: שיכון ובינוי אנרגיה אפ 1 | G12: IL0012351917 | H12: ISIN | I12: ישראל | J12: ישראל | K12: סחיר | L12: TASE | M12: IL0011882425 | N12: אנרגיה | O12: 27/07/2027 | P12: לא | Q12: ILS | R12: 447 | S12: 1 | T12: 3200 | U12: 1 | V12: 59.9 | W12: 1.917 | X12: 0.064376686 | Y12: 2.1376704e-05
A13: 13710 | B13: 15444 | C13: רני צים מרכזי קניות בע"מ | D13: 514353671 | E13: ח.פ. | F13: אופציה 2 רני צים | G13: IL0012302670 | H13: ISIN | I13: ישראל | J13: ישראל | K13: סחיר | L13: TASE | M13: IL0011436198 | N13: נדל"ן מניב בישראל | O13: 22/10/2028 | P13: לא | Q13: ILS | R13: 700 | S13: 1 | T13: 150 | U13: 1 | V13: 50 | W13: 0.075 | X13: 0.018867692 | Y13: 2.3196136e-06
... A63: 559 | B63: 7207 | C63: שיכון ובינוי אנרגיה בע"מ | D63: 510459928 | E63: ח.פ. | F63: שיכון ובינוי אנרגיה אפ 1 | G63: IL0012351917 | H63: ISIN | I63: ישראל | J63: ישראל | K63: סחיר | L63: TASE | M63: IL0011882425 | N63: אנרגיה | O63: 27/07/2027 | P63: לא | Q63: ILS | R63: 447 | S63: 1 | T63: 2750 | U63: 1 | V63: 59.9 | W63: 1.647 | X63: 0.033543354 | Y63: 1.267301e-05

Sheet אופציות
A1: מספר קופה/קרן/ח.פ. עבור חברת ביטוח | B1: מספר מסלול | C1: שם מנפיק | D1: מספר מנפיק | E1: סוג מספר מזהה מנפיק | F1: שם נייר ערך | G1: מספר נייר ערך | H1: סוג מספר נייר ערך | I1: מאפיין עיקרי | J1: ישראל/חו"ל | K1: מדינה לפי חשיפה כלכלית | L1: זירת מסחר | M1: ענף מסחר | N1: נכס בסיס | O1: תאריך פקיעה | P1: בעל עניין/צד קשור | Q1: מטבע פעילות | R1: שער מימוש | S1: ערך נקוב (יחידות) | T1: שער חליפין | U1: שער נייר הערך | V1: שווי הוגן (באלפי ש"ח) | W1: שיעור מנכסי אפיק ההשקעה | X1: שיעור מסך נכסי ההשקעה

Sheet חוזים עתידיים
A1: מספר קופה/קרן/ח.פ. עבור חברת ביטוח | B1: מספר מסלול | C1: שם מנפיק | D1: מספר מנפיק | E1: סוג מספר מזהה מנפיק | F1: שם נייר ערך | G1: מספר נייר ערך | H1: סוג מספר נייר ערך | I1: ישראל/חו"ל | J1: מדינה לפי חשיפה כלכלית | K1: זירת מסחר | L1: נכס בסיס | M1: בעל עניין/צד קשור | N1: מטבע פעילות | O1: ערך נקוב (יחידות) | P1: שער חליפין | Q1: שער נייר הערך | R1: שווי הוגן (באלפי ש"ח) | S1: שיעור מנכסי אפיק ההשקעה | T1: שיעור מסך נכסי ההשקעה
A2: 13710 | B2: 13711 | C2: EUREX FRANKFURT AG | D2: 529900UT4DG0LG5R9O07 | E2: LEI | F2: F 09/2026 MINI DFWU6 INDEX | G2: DFWU6 | H2: טיקר | I2: חו"ל | J2: גרמניה | K2: EUREX | L2: מניות לרבות מדדי מניות | M2: לא | N2: EUR | O2: 3 | P2: 3.3945 | Q2: 25136 | R2: 0.484 | S2: 0.0042611547 | T2: 5.3945424e-06
A3: 13710 | B3: 13711 | C3: CHICAGO MERCANTILE EXCHANGE INC | D3: SNZ2OJLFK8MNNCLQOF39 | E3: LEI | F3: F 09/26 S&P E-M ESU6 INDEX | G3: ESU6 | H3: טיקר | I3: חו"ל | J3: ארה"ב | K3: CME | L3: מניות לרבות מדדי מניות | M3: לא | N3: USD | O3: 9 | P3: 2.978 | Q3: 7548.25 | R3: 52.249 | S3: 0.46027214 | T3: 0.00058269596
A4: 13710 | B4: 13711 | C4: Hong Kong Futers Exchange | D4: 213800YTVSXYQN17BW16 | E4: LEI | F4: F-07/26 MINI HANG SENG HUN6 INDEX | G4: HUN6 | H4: טיקר | I4: חו"ל | J4: הונג קונג | K4: HKSE | L4: מניות לרבות מדדי מניות | M4: לא | N4: HKD | O4: 3 | P4: 0.3803 | Q4: 22844 | R4: -5.111 | S4: -0.045025881 | T4: -5.7001926e-05
A5: 13710 | B5: 13711 | C5: EUREX FRANKFURT AG | D5: 529900UT4DG0LG5R9O07 | E5: LEI | F5: F09/26 EURO 600 SXOU6 INDEX | G5: SXOU6 | H5: טיקר | I5: חו"ל | J5: אירופה | K5: EUREX | L5: מניות לרבות מדדי מניות | M5: לא | N5: EUR | O5: 6 | P5: 3.3945 | Q5: 644.3 | R5: 4.542 | S5: 0.04001 | T5: 5.0651914e-05
A6: 13710 | B6: 13711 | C6: EUREX FRANKFURT AG | D6: 529900UT4DG0LG5R9O07 | E6: LEI | F6: F-09/26 EUROSTO VGU6 INDEX | G6: VGU6 | H6: טיקר | I6: חו"ל | J6: אירופה | K6: EUREX | L6: מניות לרבות מדדי מניות | M6: לא | N6: EUR | O6: 2 | P6: 3.3945 | Q6: 6356 | R6: 4.65 | S6: 0.040966891 | T6: 5.186332e-05
A7: 13710 | B7: 13711 | C7: CHICAGO MERCANTILE EXCHANGE INC | D7: SNZ2OJLFK8MNNCLQOF39 | E7: LEI | F7: F-09/26 MICRO E HWAU6 INDEX | G7: HWAU6 | H7: טיקר | I7: חו"ל | J7: ארה"ב | K7: CME | L7: מניות לרבות מדדי מניות | M7: לא | N7: USD | O7: 14 | P7: 2.978 | Q7: 7548.25 | R7: -1.074 | S7: -0.0094572873 | T7: -1.197275e-05
A8: 13710 | B8: 13711 | C8: CHICAGO MERCANTILE EXCHANGE INC | D8: SNZ2OJLFK8MNNCLQOF39 | E8: LEI | F8: F9/26 MINI RUSS RTYU6 INDEX | G8: RTYU6 | H8: טיקר | I8: חו"ל | J8: ארה"ב | K8: CME | L8: מניות לרבות מדדי מניות | M8: לא | N8: USD | O8: 2 | P8: 2.978 | Q8: 3045.6 | R8: 23.407 | S8: 0.20619772 | T8: 0.00026104247
A9: 13710 | B9: 13711 | C9: Australian Securities Exchange | D9: 549300ZD7BBOVZFVHK49 | E9: LEI | F9: FUTURE ASX 200 XPU6 INDEX | G9: XPU6 | H9: טיקר | I9: חו"ל | J9: אוסטרליה | K9: ASX | L9: מניות לרבות מדדי מניות | M9: לא | N9: AUD | O9: 1 | P9: 2.0512 | Q9: 8776 | R9: -6.82 | S9: -0.060080879 | T9: -7.6061274e-05
A10: 13710 | B10: 13711 | C10: CHICAGO MERCANTILE EXCHANGE INC | D10: SNZ2OJLFK8MNNCLQOF39 | E10: LEI | F10: MICRO EMINI NAS HWBU6 INDEX | G10: HWBU6 | H10: טיקר | I10: חו"ל | J10: ארה"ב | K10: CME | L10: מניות לרבות מדדי מניות | M10: לא | N10: USD | O10: 2 | P10: 2.978 | Q10: 30523.5 | R10: 5.64 | S10: 0.049682202 | T10: 6.2896743e-05
A11: 13710 | B11: 13711 | C11: Chicago Board Options Exch | D11: 549300EX04Q2QBFQTQ27 | E11: LEI | F11: UXYU6_F9/26 10 YEAR | G11: UXYU6 | H11: טיקר | I11: חו"ל | J11: ארה"ב | K11: CBOE | L11: ריבית ואג"ח | M11: לא | N11: USD | O11: 7 | P11: 2.978 | Q11: 112.469 | R11: 20.521 | S11: 0.18077192 | T11: 0.00022885388
A12: 13710 | B12: 13711 | C12: Chicago Board Options Exch | D12: 549300EX04Q2QBFQTQ27 | E12: LEI | F12: WNU6_F-09/26 U.S ULT | G12: WNU6 | H12: טיקר | I12: חו"ל | J12: ארה"ב | K12: CBOE | L12: ריבית ואג"ח | M12: לא | N12: USD | O12: 2 | P12: 2.978 | Q12: 116.156 | R12: 15.03 | S12: 0.13240202 | T12: 0.00016761849
A13: 13710 | B13: 15444 | C13: EUREX FRANKFURT AG | D13: 529900UT4DG0LG5R9O07 | E13: LEI | F13: F 09/2026 MINI DFWU6 INDEX | G13: DFWU6 | H13: טיקר | I13: חו"ל | J13: גרמניה | K13: EUREX | L13: מניות לרבות מדדי מניות | M13: לא | N13: EUR | O13: 2 | P13: 3.3945 | Q13: 25136 | R13: 0.322 | S13: 0.016883395 | T13: 9.9736425e-06
... A59: 559 | B59: 7207 | C59: Chicago Board Options Exch | D59: 549300EX04Q2QBFQTQ27 | E59: LEI | F59: WNU6_F-09/26 U.S ULT | G59: WNU6 | H59: טיקר | I59: חו"ל | J59: ארה"ב | K59: CBOE | L59: ריבית ואג"ח | M59: לא | N59: USD | O59: 3 | P59: 2.978 | Q59: 116.156 | R59: 22.545 | S59: 0.18054052 | T59: 0.00017344809

Sheet מוצרים מובנים
A1: מספר קופה/קרן/ח.פ. עבור חברת ביטוח | B1: מספר מסלול | C1: שם מנפיק | D1: מספר מנפיק | E1: סוג מספר מזהה מנפיק | F1: שם נייר ערך | G1: מספר נייר ערך | H1: סוג מספר נייר ערך | I1: מאפיין עיקרי | J1: ישראל/חו"ל | K1: מדינה לפי חשיפה כלכלית | L1: סטאטוס סחירות | M1: זירת מסחר | N1: נכס בסיס | O1: בעל עניין/צד קשור | P1: מח"מ | Q1: שיעור ריבית | R1: תשואה לפדיון | S1: דירוג | T1: שם מדרג | U1: דירוג נייר הערך/המנפיק | V1: מטבע פעילות | W1: ערך נקוב (יחידות) | X1: שער חליפין | Y1: שער נייר הערך | Z1: שווי הוגן (באלפי ש"ח) | AA1: שיעור מנכסי אפיק ההשקעה | AB1: שיעור מסך נכסי ההשקעה
A2: 13710 | B2: 13711 | C2: אלה פקדונות בע"מ | D2: 515666881 | E2: ח.פ. | F2: אלה פקדון אגח ה | G2: IL0011625774 | H2: ISIN | I2: קרן מובטחת | J2: ישראל | K2: ישראל | L2: סחיר | M2: TASE | N2: מדד המחירים לצרכן | O2: לא | P2: 2.567 | Q2: 0.0005 | R2: 0.02261 | S2: AAA | T2: S&P מעלות | U2: נייר ערך | V2: ILS | W2: 162857.14 | X2: 1 | Y2: 112.1 | Z2: 182.563 | AA2: 0.96634223 | AB2: 0.0020359933
A3: 13710 | B3: 13711 | C3: קרדיטו הנפקות בע"מ | D3: 516804499 | E3: ח.פ. | F3: קרדיטו אגח א | G3: IL0012103276 | H3: ISIN | I3: קרן מובטחת | J3: ישראל | K3: ישראל | L3: סחיר | M3: TASE | N3: ריבית ואג"ח | O3: לא | P3: 9.290 | Q3: 0.0655 | R3: 0.04733 | S3: AAA | T3: S&P מעלות | U3: נייר ערך | V3: ILS | W3: 5350.17 | X3: 1 | Y3: 118.85 | Z3: 6.359 | AA3: 0.033657768 | AB3: 7.0913791e-05
A4: 559 | B4: 556 | C4: אלה פקדונות בע"מ | D4: 515666881 | E4: ח.פ. | F4: אלה פקדון אגח ה | G4: IL0011625774 | H4: ISIN | I4: קרן מובטחת | J4: ישראל | K4: ישראל | L4: סחיר | M4: TASE | N4: מדד המחירים לצרכן | O4: לא | P4: 2.567 | Q4: 0.0005 | R4: 0.02261 | S4: AAA | T4: S&P מעלות | U4: נייר ערך | V4: ILS | W4: 1112833.4 | X4: 1 | Y4: 112.1 | Z4: 1247.486 | AA4: 0.9786273 | AB4: 0.0035496096
A5: 559 | B5: 556 | C5: קרדיטו הנפקות בע"מ | D5: 516804499 | E5: ח.פ. | F5: קרדיטו אגח א | G5: IL0012103276 | H5: ISIN | I5: קרן מובטחת | J5: ישראל | K5: ישראל | L5: סחיר | M5: TASE | N5: ריבית ואג"ח | O5: לא | P5: 9.290 | Q5: 0.0655 | R5: 0.04733 | S5: AAA | T5: S&P מעלות | U5: נייר ערך | V5: ILS | W5: 22923.38 | X5: 1 | Y5: 118.85 | Z5: 27.244 | AA5: 0.0213727 | AB5: 7.7521586e-05
A6: 559 | B6: 7205 | C6: אלה פקדונות בע"מ | D6: 515666881 | E6: ח.פ. | F6: אלה פקדון אגח ה | G6: IL0011625774 | H6: ISIN | I6: קרן מובטחת | J6: ישראל | K6: ישראל | L6: סחיר | M6: TASE | N6: מדד המחירים לצרכן | O6: לא | P6: 2.567 | Q6: 0.0005 | R6: 0.02261 | S6: AAA | T6: S&P מעלות | U6: נייר ערך | V6: ILS | W6: 6184121.2 | X6: 1 | Y6: 112.1 | Z6: 6932.4 | AA6: 0.98200792 | AB6: 0.0034247457
A7: 559 | B7: 7205 | C7: קרדיטו הנפקות בע"מ | D7: 516804499 | E7: ח.פ. | F7: קרדיטו אגח א | G7: IL0012103276 | H7: ISIN | I7: קרן מובטחת | J7: ישראל | K7: ישראל | L7: סחיר | M7: TASE | N7: ריבית ואג"ח | O7: לא | P7: 9.290 | Q7: 0.0655 | R7: 0.04733 | S7: AAA | T7: S&P מעלות | U7: נייר ערך | V7: ILS | W7: 106868.79 | X7: 1 | Y7: 118.85 | Z7: 127.014 | AA7: 0.017992084 | AB7: 6.2747265e-05
A8: 559 | B8: 7206 | C8: אלה פקדונות בע"מ | D8: 515666881 | E8: ח.פ. | F8: אלה פקדון אגח ה | G8: IL0011625774 | H8: ISIN | I8: קרן מובטחת | J8: ישראל | K8: ישראל | L8: סחיר | M8: TASE | N8: מדד המחירים לצרכן | O8: לא | P8: 2.567 | Q8: 0.0005 | R8: 0.02261 | S8: AAA | T8: S&P מעלות | U8: נייר ערך | V8: ILS | W8: 425714.38 | X8: 1 | Y8: 112.1 | Z8: 477.226 | AA8: 0.98369593 | AB8: 0.005037009
A9: 559 | B9: 7206 | C9: קרדיטו הנפקות בע"מ | D9: 516804499 | E9: ח.פ. | F9: קרדיטו אגח א | G9: IL0012103276 | H9: ISIN | I9: קרן מובטחת | J9: ישראל | K9: ישראל | L9: סחיר | M9: TASE | N9: ריבית ואג"ח | O9: לא | P9: 9.290 | Q9: 0.0655 | R9: 0.04733 | S9: AAA | T9: S&P מעלות | U9: נייר ערך | V9: ILS | W9: 6655.18 | X9: 1 | Y9: 118.85 | Z9: 7.91 | AA9: 0.016304066 | AB9: 8.3484871e-05
A10: 559 | B10: 7207 | C10: אלה פקדונות בע"מ | D10: 515666881 | E10: ח.פ. | F10: אלה פקדון אגח ה | G10: IL0011625774 | H10: ISIN | I10: קרן מובטחת | J10: ישראל | K10: ישראל | L10: סחיר | M10: TASE | N10: מדד המחירים לצרכן | O10: לא | P10: 2.567 | Q10: 0.0005 | R10: 0.02261 | S10: AAA | T10: S&P מעלות | U10: נייר ערך | V10: ILS | W10: 562143.08 | X10: 1 | Y10: 112.1 | Z10: 630.162 | AA10: 0.98353975 | AB10: 0.0048481131
A11: 559 | B11: 7207 | C11: קרדיטו הנפקות בע"מ | D11: 516804499 | E11: ח.פ. | F11: קרדיטו אגח א | G11: IL0012103276 | H11: ISIN | I11: קרן מובטחת | J11: ישראל | K11: ישראל | L11: סחיר | M11: TASE | N11: ריבית ואג"ח | O11: לא | P11: 9.290 | Q11: 0.0655 | R11: 0.04733 | S11: AAA | T11: S&P מעלות | U11: נייר ערך | V11: ILS | W11: 8873.56 | X11: 1 | Y11: 118.85 | Z11: 10.546 | AA11: 0.016460253 | AB11: 8.11367e-05

Sheet לא סחיר איגרות חוב ממשלתיות
A1: מספר קופה/קרן/ח.פ. עבור חברת ביטוח | B1: מספר מסלול | C1: שם מנפיק | D1: שם נייר ערך | E1: מספר נייר ערך | F1: סוג מספר נייר ערך | G1: מאפיין עיקרי | H1: ישראל/חו"ל | I1: מדינה לפי חשיפה כלכלית | J1: תאריך רכישה | K1: דירוג | L1: שם מדרג | M1: מטבע פעילות | N1: מח"מ | O1: מועד פדיון | P1: שיעור ריבית | Q1: תשואה לפדיון | R1: ערך נקוב (יחידות) | S1: שער חליפין | T1: שער נייר הערך | U1: שווי הוגן (באלפי ש"ח) | V1: עלות מופחתת (באלפי ש"ח) | W1: השיטה שיושמה בדוח הכספי | X1: שיעור מנכסי אפיק ההשקעה | Y1: שיעור מסך נכסי ההשקעה

Sheet לא סחיר איגרות חוב מיועדות
A1: מספר קופה/קרן/ח.פ. עבור חברת ביטוח | B1: מספר מסלול | C1: מאפיין עיקרי | D1: שם נייר ערך | E1: מספר נייר ערך | F1: תאריך רכישה | G1: מח"מ | H1: סוג הצמדה | I1: מועד פדיון | J1: שיעור ריבית | K1: תשואה לפדיון | L1: ערך נקוב (יחידות) | M1: שער נייר הערך | N1: שווי הוגן (באלפי ש"ח) | O1: עלות מופחתת (באלפי ש"ח) | P1: השיטה שיושמה בדוח הכספי | Q1: שיעור מנכסי אפיק ההשקעה | R1: שיעור מסך נכסי ההשקעה

Sheet אפיק השקעה מובטח תשואה
A1: מספר קרן | B1: מספר מסלול | C1: מאפיין עיקרי | D1: חודש הנפקת שכבה | E1: חודש הבדיקה | F1: שווי הנכסים באפיק (באלפי ש"ח) | G1: שיעור מסך נכסי ההשקעה

Sheet לא סחיר ניירות ערך מסחריים
A1: מספר קופה/קרן/ח.פ. עבור חברת ביטוח | B1: מספר מסלול | C1: שם מנפיק | D1: מספר מנפיק | E1: סוג מספר מזהה מנפיק | F1: שם נייר ערך | G1: מספר נייר ערך | H1: סוג מספר נייר ערך | I1: מאפיין עיקרי | J1: ישראל/חו"ל | K1: מדינה לפי חשיפה כלכלית | L1: ענף מסחר | M1: בעל עניין/צד קשור | N1: תאריך רכישה | O1: דירוג | P1: שם מדרג | Q1: דירוג נייר הערך/המנפיק | R1: מטבע פעילות | S1: מח"מ | T1: סוג הצמדה | U1: ריבית עוגן | V1: מועד פדיון | W1: שיעור ריבית | X1: תשואה לפדיון | Y1: נחיתות חוזית | Z1: האם סווג כחוב בעייתי | AA1: סוג גורם משערך | AB1: תלות/אי-תלות המשערך | AC1: שם גורם משערך | AD1: תאריך שערוך אחרון | AE1: תאריך אחרון בו נבחנה בפועל ירידת ערך | AF1: ערך נקוב (יחידות) | AG1: שער חליפין | AH1: שער נייר הערך | AI1: שווי הוגן (באלפי ש"ח) | AJ1: עלות מופחתת (באלפי ש"ח) | AK1: עלות מופחתת (במטבע הפעילות) | AL1: השיטה שיושמה בדוח הכספי | AM1: שיעור מנכסי אפיק ההשקעה | AN1: שיעור מסך נכסי ההשקעה
A2: 13710 | B2: 13711 | C2: אלקטרה נדל"ן בע"מ | D2: 510607328 | E2: ח.פ. | F2: אלקטרה נדלן נעמ 1 | G2: IL0012254327 | H2: ISIN | I2: נש"ר לא צמוד למדד המחירים לצרכן | J2: ישראל | K2: ארה"ב | L2: נדל"ן מניב בחו"ל | M2: לא | N2: 16/07/2025 | O2: BBB | P2: S&P מעלות | Q2: נייר ערך | R2: ILS | S2: 0.990 | T2: לא צמוד | U2: ללא | V2: 15/07/2030 | W2: 0.0549 | X2: 0.0551 | Y2: החוב לא נחות | AA2: חברת ציטוט | AB2: אי-תלות | AC2: Ness Fair Value | AD2: 30/06/2026 | AF2: 90000 | AG2: 1 | AH2: 105.23 | AI2: 94.707 | AL2: שווי הוגן | AM2: 0.51355126 | AN2: 0.0010561996
A3: 13710 | B3: 13711 | C3: רפאל-רשות לפיתוח אמצעי לחימה בע"מ | D3: 520042185 | E3: ח.פ. | F3: נייר ערך מסחרי רפאל סדרה 3 | G3: IL0012202193 | H3: ISIN | I3: נש"ר צמוד למט"ח | J3: ישראל | K3: ישראל | L3: ביטחוניות | M3: לא | N3: 09/04/2025 | O3: P-1 | P3: מידרוג Moodys | Q3: נייר ערך | R3: USD | S3: 3.420 | T3: לא צמוד | U3: SOFR | V3: 13/03/2030 | W3: 0.044754 | X3: 0.0469 | Y3: החוב לא נחות | AA3: חברת ציטוט | AB3: אי-תלות | AC3: Ness Fair Value | AD3: 30/06/2026 | AF3: 30000 | AG3: 2.978 | AH3: 100.04 | AI3: 89.709 | AL3: שווי הוגן | AM3: 0.48644874 | AN3: 0.001000459
A4: 559 | B4: 556 | C4: אלקטרה נדל"ן בע"מ | D4: 510607328 | E4: ח.פ. | F4: אלקטרה נדלן נעמ 1 | G4: IL0012254327 | H4: ISIN | I4: נש"ר לא צמוד למדד המחירים לצרכן | J4: ישראל | K4: ארה"ב | L4: נדל"ן מניב בחו"ל | M4: לא | N4: 16/07/2025 | O4: BBB | P4: S&P מעלות | Q4: נייר ערך | R4: ILS | S4: 0.990 | T4: לא צמוד | U4: ללא | V4: 15/07/2030 | W4: 0.0549 | X4: 0.0551 | Y4: החוב לא נחות | AA4: חברת ציטוט | AB4: אי-תלות | AC4: Ness Fair Value | AD4: 30/06/2026 | AF4: 390000 | AG4: 1 | AH4: 105.23 | AI4: 410.397 | AL4: שווי הוגן | AM4: 0.49502774 | AN4: 0.0011677476
A5: 559 | B5: 556 | C5: רפאל-רשות לפיתוח אמצעי לחימה בע"מ | D5: 520042185 | E5: ח.פ. | F5: נייר ערך מסחרי רפאל סדרה 3 | G5: IL0012202193 | H5: ISIN | I5: נש"ר צמוד למט"ח | J5: ישראל | K5: ישראל | L5: ביטחוניות | M5: לא | N5: 09/04/2025 | O5: P-1 | P5: מידרוג Moodys | Q5: נייר ערך | R5: USD | S5: 3.420 | T5: לא צמוד | U5: SOFR | V5: 13/03/2030 | W5: 0.044754 | X5: 0.0469 | Y5: החוב לא נחות | AA5: חברת ציטוט | AB5: אי-תלות | AC5: Ness Fair Value | AD5: 30/06/2026 | AF5: 140000 | AG5: 2.978 | AH5: 100.04 | AI5: 418.641 | AL5: שווי הוגן | AM5: 0.50497226 | AN5: 0.0011912063
A6: 559 | B6: 7205 | C6: אלקטרה נדל"ן בע"מ | D6: 510607328 | E6: ח.פ. | F6: אלקטרה נדלן נעמ 1 | G6: IL0012254327 | H6: ISIN | I6: נש"ר לא צמוד למדד המחירים לצרכן | J6: ישראל | K6: ארה"ב | L6: נדל"ן מניב בחו"ל | M6: לא | N6: 16/07/2025 | O6: BBB | P6: S&P מעלות | Q6: נייר ערך | R6: ILS | S6: 0.990 | T6: לא צמוד | U6: ללא | V6: 15/07/2030 | W6: 0.0549 | X6: 0.0551 | Y6: החוב לא נחות | AA6: חברת ציטוט | AB6: אי-תלות | AC6: Ness Fair Value | AD6: 30/06/2026 | AF6: 2040000 | AG6: 1 | AH6: 105.23 | AI6: 2146.692 | AL6: שווי הוגן | AM6: 0.49753488 | AN6: 0.0010605092
A7: 559 | B7: 7205 | C7: רפאל-רשות לפיתוח אמצעי לחימה בע"מ | D7: 520042185 | E7: ח.פ. | F7: נייר ערך מסחרי רפאל סדרה 3 | G7: IL0012202193 | H7: ISIN | I7: נש"ר צמוד למט"ח | J7: ישראל | K7: ישראל | L7: ביטחוניות | M7: לא | N7: 09/04/2025 | O7: P-1 | P7: מידרוג Moodys | Q7: נייר ערך | R7: USD | S7: 3.420 | T7: לא צמוד | U7: SOFR | V7: 13/03/2030 | W7: 0.044754 | X7: 0.0469 | Y7: החוב לא נחות | AA7: חברת ציטוט | AB7: אי-תלות | AC7: Ness Fair Value | AD7: 30/06/2026 | AF7: 725000 | AG7: 2.978 | AH7: 100.04 | AI7: 2167.964 | AL7: שווי הוגן | AM7: 0.50246512 | AN7: 0.0010710182
A8: 559 | B8: 7206 | C8: אלקטרה נדל"ן בע"מ | D8: 510607328 | E8: ח.פ. | F8: אלקטרה נדלן נעמ 1 | G8: IL0012254327 | H8: ISIN | I8: נש"ר לא צמוד למדד המחירים לצרכן | J8: ישראל | K8: ארה"ב | L8: נדל"ן מניב בחו"ל | M8: לא | N8: 16/07/2025 | O8: BBB | P8: S&P מעלות | Q8: נייר ערך | R8: ILS | S8: 0.990 | T8: לא צמוד | U8: ללא | V8: 15/07/2030 | W8: 0.0549 | X8: 0.0551 | Y8: החוב לא נחות | AA8: חברת ציטוט | AB8: אי-תלות | AC8: Ness Fair Value | AD8: 30/06/2026 | AF8: 115000 | AG8: 1 | AH8: 105.23 | AI8: 121.014 | AL8: שווי הוגן | AM8: 0.47349378 | AN8: 0.0012772803
A9: 559 | B9: 7206 | C9: רפאל-רשות לפיתוח אמצעי לחימה בע"מ | D9: 520042185 | E9: ח.פ. | F9: נייר ערך מסחרי רפאל סדרה 3 | G9: IL0012202193 | H9: ISIN | I9: נש"ר צמוד למט"ח | J9: ישראל | K9: ישראל | L9: ביטחוניות | M9: לא | N9: 09/04/2025 | O9: P-1 | P9: מידרוג Moodys | Q9: נייר ערך | R9: USD | S9: 3.420 | T9: לא צמוד | U9: SOFR | V9: 13/03/2030 | W9: 0.044754 | X9: 0.0469 | Y9: החוב לא נחות | AA9: חברת ציטוט | AB9: אי-תלות | AC9: Ness Fair Value | AD9: 30/06/2026 | AF9: 45000 | AG9: 2.978 | AH9: 100.04 | AI9: 134.563 | AL9: שווי הוגן | AM9: 0.52650622 | AN9: 0.0014202848
A10: 559 | B10: 7207 | C10: אלקטרה נדל"ן בע"מ | D10: 510607328 | E10: ח.פ. | F10: אלקטרה נדלן נעמ 1 | G10: IL0012254327 | H10: ISIN | I10: נש"ר לא צמוד למדד המחירים לצרכן | J10: ישראל | K10: ארה"ב | L10: נדל"ן מניב בחו"ל | M10: לא | N10: 16/07/2025 | O10: BBB | P10: S&P מעלות | Q10: נייר ערך | R10: ILS | S10: 0.990 | T10: לא צמוד | U10: ללא | V10: 15/07/2030 | W10: 0.0549 | X10: 0.0551 | Y10: החוב לא נחות | AA10: חברת ציטוט | AB10: אי-תלות | AC10: Ness Fair Value | AD10: 30/06/2026 | AF10: 165000 | AG10: 1 | AH10: 105.23 | AI10: 173.63 | AL10: שווי הוגן | AM10: 0.49180247 | AN10: 0.0013358072
A11: 559 | B11: 7207 | C11: רפאל-רשות לפיתוח אמצעי לחימה בע"מ | D11: 520042185 | E11: ח.פ. | F11: נייר ערך מסחרי רפאל סדרה 3 | G11: IL0012202193 | H11: ISIN | I11: נש"ר צמוד למט"ח | J11: ישראל | K11: ישראל | L11: ביטחוניות | M11: לא | N11: 09/04/2025 | O11: P-1 | P11: מידרוג Moodys | Q11: נייר ערך | R11: USD | S11: 3.420 | T11: לא צמוד | U11: SOFR | V11: 13/03/2030 | W11: 0.044754 | X11: 0.0469 | Y11: החוב לא נחות | AA11: חברת ציטוט | AB11: אי-תלות | AC11: Ness Fair Value | AD11: 30/06/2026 | AF11: 60000 | AG11: 2.978 | AH11: 100.04 | AI11: 179.418 | AL11: שווי הוגן | AM11: 0.50819753 | AN11: 0.0013803386

Sheet לא סחיר איגרות חוב
A1: מספר קופה/קרן/ח.פ. עבור חברת ביטוח | B1: מספר מסלול | C1: שם מנפיק | D1: מספר מנפיק | E1: סוג מספר מזהה מנפיק | F1: שם נייר ערך | G1: מספר נייר ערך | H1: סוג מספר נייר ערך | I1: מאפיין עיקרי | J1: ישראל/חו"ל | K1: מדינה לפי חשיפה כלכלית | L1: סטאטוס סחירות | M1: ענף מסחר | N1: בעל עניין/צד קשור | O1: תאריך רכישה | P1: דירוג | Q1: שם מדרג | R1: דירוג נייר הערך/המנפיק | S1: מטבע פעילות | T1: מח"מ | U1: מועד פדיון | V1: תשואה לפדיון | W1: שיעור ריבית | X1: נחיתות חוזית | Y1: האם סווג כחוב בעייתי | Z1: סוג גורם משערך | AA1: תלות/אי-תלות המשערך | AB1: תאריך שערוך אחרון | AC1: תאריך אחרון בו נבחנה בפועל ירידת ערך | AD1: ערך נקוב (יחידות) | AE1: שער חליפין | AF1: שער נייר הערך | AG1: שווי הוגן (באלפי ש"ח) | AH1: עלות מופחתת (באלפי ש"ח) | AI1: עלות מופחתת (במטבע הפעילות) | AJ1: השיטה שיושמה בדוח הכספי | AK1: שיעור מנכסי אפיק ההשקעה | AL1: שיעור מסך נכסי ההשקעה
A2: 13710 | B2: 13711 | C2: אגד חברה לתחבורה בע"מ | D2: 570012377 | E2: מספר שותפות | F2: אגד אגח 1-רמ | G2: IL0011987877 | H2: ISIN | I2: נש"ר צמוד למדד המחירים לצרכן | J2: ישראל | K2: ישראל | L2: לא סחיר | M2: שרותים | N2: לא | O2: 16/08/2023 | P2: AA- | Q2: S&P מעלות | R2: נייר ערך | S2: ILS | T2: 2.080 | U2: 31/12/2029 | V2: 0.0271 | W2: 0.0364 | X2: החוב לא נחות | Z2: חברת ציטוט | AA2: אי-תלות | AB2: 30/06/2026 | AD2: 3500 | AE2: 1 | AF2: 109.78 | AG2: 3.842 | AJ2: שווי הוגן | AK2: 0.019125021 | AL2: 4.2850432e-05
A3: 13710 | B3: 13711 | C3: גב-ים נגב בע"מ | D3: 514189596 | E3: ח.פ. | F3: גב-ים נגב אגח ב-רמ | G3: IL0012084534 | H3: ISIN | I3: נש"ר צמוד למדד המחירים לצרכן | J3: ישראל | K3: ישראל | L3: לא סחיר | M3: נדל"ן מניב בישראל | N3: לא | O3: 11/07/2024 | P3: A+ | Q3: S&P מעלות | R3: נייר ערך | S3: ILS | T3: 2.320 | U3: 31/12/2028 | V3: 0.0321 | W3: 0.0384 | X3: החוב לא נחות | Z3: חברת ציטוט | AA3: אי-תלות | AB3: 30/06/2026 | AD3: 48750 | AE3: 1 | AF3: 106.64 | AG3: 51.987 | AJ3: שווי הוגן | AK3: 0.25876493 | AL3: 0.00057977394
A4: 13710 | B4: 13711 | C4: מקורות חברת מים בע"מ | D4: 520010869 | E4: ח.פ. | F4: מקורות אגח 8 רמ | G4: IL0011243461 | H4: ISIN | I4: נש"ר צמוד למדד המחירים לצרכן | J4: ישראל | K4: ישראל | L4: לא סחיר | M4: שרותים | N4: לא | O4: 18/01/2023 | P4: AAA | Q4: S&P מעלות | R4: נייר ערך | S4: ILS | T4: 8.750 | U4: 14/07/2048 | V4: 0.0264 | W4: 0.041 | X4: החוב לא נחות | Z4: חברת ציטוט | AA4: אי-תלות | AB4: 30/06/2026 | AD4: 13269.24 | AE4: 1 | AF4: 144.82 | AG4: 19.217 | AJ4: שווי הוגן | AK4: 0.09565006 | AL4: 0.00021430807
A5: 13710 | B5: 13711 | C5: עלמדב אינק | D5: 002624970 | E5: מספר תאגיד או שותפות בחו"ל | F5: עלמדב אגח ג-רמ | G5: IL0012118878 | H5: ISIN | I5: נש"ר לא צמוד למדד המחירים לצרכן | J5: ישראל | K5: קנדה | L5: לא סחיר | M5: בנייה | N5: לא | O5: 30/09/2024 | P5: NR | Q5: NR | R5: NR | S5: ILS | T5: 2.510 | U5: 30/04/2029 | V5: 0.1016 | W5: 0.095 | X5: החוב לא נחות | Z5: חברת ציטוט | AA5: אי-תלות | AB5: 30/06/2026 | AD5: 49000 | AE5: 1 | AF5: 100.54 | AG5: 49.265 | AJ5: שווי הוגן | AK5: 0.2452142 | AL5: 0.00054941296
A6: 13710 | B6: 13711 | C6: רשות שדות התעופה בישראל | D6: 500102868 | E6: ח.פ. | F6: רש"ת אגח ב -רמ | G6: IL0011873432 | H6: ISIN | I6: נש"ר צמוד למדד המחירים לצרכן | J6: ישראל | K6: ישראל | L6: לא סחיר | M6: שרותים | N6: לא | O6: 12/11/2025 | P6: AAA | Q6: S&P מעלות | R6: נייר ערך | S6: ILS | T6: 5.940 | U6: 31/12/2036 | V6: 0.0247 | W6: 0.0175 | X6: החוב לא נחות | Z6: חברת ציטוט | AA6: אי-תלות | AB6: 30/06/2026 | AD6: 61388.89 | AE6: 1 | AF6: 108.39 | AG6: 66.539 | AJ6: שווי הוגן | AK6: 0.33119948 | AL6: 0.00074206669
A7: 13710 | B7: 13711 | C7: אנרג'יאן ישראל פיננס בע"מ | D7: 516301843 | E7: ח.פ. | F7: ENOIGA 8.5 30/09/2033 | G7: IL0011971442 | H7: ISIN | I7: צמוד למט"ח | J7: ישראל | K7: ישראל | L7: לא סחיר | M7: Energy Equipment & Services | N7: לא | O7: 28/06/2023 | P7: BB- | Q7: S&P | R7: נייר ערך | S7: USD | T7: 5.530 | U7: 30/09/2033 | V7: 0.0714 | W7: 0.085 | X7: החוב לא נחות | Z7: חברת ציטוט | AA7: אי-תלות | AB7: 30/06/2026 | AD7: 3000 | AE7: 2.978 | AF7: 112.542 | AG7: 10.055 | AJ7: שווי הוגן | AK7: 0.050046313 | AL7: 0.00011213092
A8: 559 | B8: 556 | C8: אגד חברה לתחבורה בע"מ | D8: 570012377 | E8: מספר שותפות | F8: אגד אגח 1-רמ | G8: IL0011987877 | H8: ISIN | I8: נש"ר צמוד למדד המחירים לצרכן | J8: ישראל | K8: ישראל | L8: לא סחיר | M8: שרותים | N8: לא | O8: 16/08/2023 | P8: AA- | Q8: S&P מעלות | R8: נייר ערך | S8: ILS | T8: 2.080 | U8: 31/12/2029 | V8: 0.0271 | W8: 0.0364 | X8: החוב לא נחות | Z8: חברת ציטוט | AA8: אי-תלות | AB8: 30/06/2026 | AD8: 154000 | AE8: 1 | AF8: 109.78 | AG8: 169.061 | AJ8: שווי הוגן | AK8: 0.033220176 | AL8: 0.00048104838
A9: 559 | B9: 556 | C9: URBANCORP INC | D9: 1656 | E9: פנימי | F9: אורבנקורפ אגח א | G9: IL0011370413 | H9: ISIN | I9: אחר | J9: ישראל | K9: קנדה | L9: לא סחיר | M9: אחר | N9: לא | O9: 30/06/2022 | P9: R/S | Q9: מידרוג Moodys | R9: נייר ערך | S9: ILS | T9: NA | U9: 26/11/2028 | V9: 0 | W9: 0.0815 | X9: החוב לא נחות | Z9: גורם תלוי/פנימי | AA9: קיימת תלות | AB9: 06/08/2025 | AD9: 14100 | AE9: 1 | AF9: 119 | AG9: 16.779 | AJ9: שווי הוגן | AK9: 0.0032970388 | AL9: 4.774313e-05
A10: 559 | B10: 556 | C10: אורמת טכנולגיות אינק | D10: 5493000TSHHWY24VHM09 | E10: LEI | F10: אורמת אגח 4 רמ | G10: IL0011672123 | H10: ISIN | I10: נש"ר לא צמוד למדד המחירים לצרכן | J10: ישראל | K10: ארה"ב | L10: לא סחיר | M10: אנרגיה מתחדשת | N10: לא | O10: 12/09/2016 | P10: AA- | Q10: S&P מעלות | R10: נייר ערך | S10: ILS | T10: 2.790 | U10: 15/06/2031 | V10: 0.0431 | W10: 0.0335 | X10: החוב לא נחות | Z10: חברת ציטוט | AA10: אי-תלות | AB10: 30/06/2026 | AD10: 450000 | AE10: 1 | AF10: 97.65 | AG10: 439.425 | AJ10: שווי הוגן | AK10: 0.086346103 | AL10: 0.0012503442
A11: 559 | B11: 556 | C11: אורתם סהר הנדסה בע"מ | D11: 512855404 | E11: ח.פ. | F11: אורתם סהר אגח ה | G11: IL0011283962 | H11: ISIN | I11: אחר | J11: ישראל | K11: ישראל | L11: לא סחיר | M11: אחר | N11: לא | O11: 30/06/2022 | P11: NR | Q11: NR | R11: NR | S11: ILS | T11: NA | U11: 31/05/2020 | V11: 0 | W11: 0.0585 | X11: החוב לא נחות | Z11: גורם תלוי/פנימי | AA11: קיימת תלות | AB11: 45956 | AD11: 496800 | AE11: 1 | AF11: 0 | AG11: 0 | AJ11: שווי הוגן | AK11: 0 | AL11: 0
A12: 559 | B12: 556 | C12: אינטרנט גולד - קווי זהב בע"מ | D12: 520044264 | E12: ח.פ. | F12: אינטרנט זהב אגח ד חשמל | G12: IL0011316143 | H12: ISIN | I12: אחר | J12: ישראל | K12: ישראל | L12: לא סחיר | M12: חברות ללא פעילות ומעטפת | N12: לא | O12: 31/05/2022 | P12: R/S | Q12: מידרוג Moodys | R12: נייר ערך | S12: ILS | T12: NA | U12: 15/09/2022 | V12: 0 | W12: 0.06 | X12: החוב לא נחות | Z12: גורם תלוי/פנימי | AA12: קיימת תלות | AB12: 45956 | AD12: 194298.72 | AE12: 1 | AF12: 0 | AG12: 0 | AJ12: שווי הוגן | AK12: 0 | AL12: 0
A13: 559 | B13: 556 | C13: אלון חברת הדלק לישראל בע"מ | D13: 520041690 | E13: ח.פ. | F13: אלון חברת הדלק רמ אגח א מחוג | G13: IL0011015679 | H13: ISIN | I13: נש"ר צמוד למדד המחירים לצרכן | J13: ישראל | K13: ישראל | L13: לא סחיר | M13: השקעה ואחזקות | N13: לא | O13: 30/06/2022 | P13: R/S | Q13: S&P מעלות | R13: נייר ערך | S13: ILS | T13: NA | U13: 31/12/2023 | V13: 0 | W13: 0.0535 | X13: החוב לא נחות | Z13: גורם תלוי/פנימי | AA13: קיימת תלות | AB13: 30/06/2026 | AD13: 276019.92 | AE13: 1 | AF13: 0 | AG13: 0 | AJ13: שווי הוגן | AK13: 5.4237343e-10 | AL13: 7.8538976e-12
A14: 559 | B14: 556 | C14: אפריקה-ישראל להשקעות בע"מ | D14: 520005067 | E14: ח.פ. | F14: אפריקה אגח כז סכומים לקבל) | G14: IL0061104316 | H14: ISIN | I14: אחר | J14: ישראל | K14: ישראל | L14: לא סחיר | M14: אחר | N14: לא | O14: 31/08/2022 | P14: NR | Q14: NR | R14: NR | S14: ILS | T14: NA | U14: 30/09/2021 | V14: 0.0001 | W14: 0.0645 | X14: החוב לא נחות | Z14: גורם תלוי/פנימי | AA14: קיימת תלות | AB14: 01/07/2021 | AD14: 99201.36 | AE14: 1 | AF14: 0 | AG14: 0 | AJ14: שווי הוגן | AK14: 1.9492862e-10 | AL14: 2.8226851e-12
A15: 559 | B15: 556 | C15: אפריקה-ישראל להשקעות בע"מ | D15: 520005067 | E15: ח.פ. | F15: אפריקה אגח כח (סכומים לקבל) | G15: IL0061104803 | H15: ISIN | I15: אחר | J15: ישראל | K15: ישראל | L15: לא סחיר | M15: אחר | N15: לא | O15: 31/08/2022 | P15: NR | Q15: NR | R15: NR | S15: ILS | T15: NA | U15: 30/09/2021 | V15: 0.0001 | W15: 0.057 | X15: החוב לא נחות | Z15: גורם תלוי/פנימי | AA15: קיימת תלות | AB15: 01/07/2021 | AD15: 442000.69 | AE15: 1 | AF15: 0 | AG15: 0 | AJ15: שווי הוגן | AK15: 8.685222e-10 | AL15: 1.2576731e-11
A16: 559 | B16: 556 | C16: ברוקלנד | D16: 1814237 | E16: פנימי | F16: ברוקלנד אפריל אגח ב (מחוקה- מחוג | G16: IL0011369936 | H16: ISIN | I16: אחר | J16: ישראל | K16: ישראל | L16: לא סחיר | M16: בנייה | N16: לא | O16: 28/09/2023 | P16: R/S | Q16: S&P מעלות | R16: נייר ערך | S16: ILS | T16: NA | U16: 01/12/2021 | V16: 0 | W16: 0.0885 | X16: החוב לא נחות | Z16: גורם תלוי/פנימי | AA16: קיימת תלות | AB16: 14/12/2025 | AD16: 131660 | AE16: 1 | AF16: 0 | AG16: 0 | AJ16: שווי הוגן | AK16: 2.5870917e-10 | AL16: 3.7462664e-12
A17: 559 | B17: 556 | C17: גב-ים נגב בע"מ | D17: 514189596 | E17: ח.פ. | F17: גב-ים נגב אגח ב-רמ | G17: IL0012084534 | H17: ISIN | I17: נש"ר צמוד למדד המחירים לצרכן | J17: ישראל | K17: ישראל | L17: לא סחיר | M17: נדל"ן מניב בישראל | N17: לא | O17: 11/07/2024 | P17: A+ | Q17: S&P מעלות | R17: נייר ערך | S17: ILS | T17: 2.320 | U17: 31/12/2028 | V17: 0.0321 | W17: 0.0384 | X17: החוב לא נחות | Z17: חברת ציטוט | AA17: אי-תלות | AB17: 30/06/2026 | AD17: 263250 | AE17: 1 | AF17: 106.64 | AG17: 280.73 | AJ17: שווי הוגן | AK17: 0.055162824 | AL17: 0.0007987913
A18: 559 | B18: 556 | C18: גמול חברה להשקעות בע"מ | D18: 520018136 | E18: ח.פ. | F18: גמול השקעות אגח ב | G18: IL0011167553 | H18: ISIN | I18: נש"ר צמוד למדד המחירים לצרכן | J18: ישראל | K18: ישראל | L18: לא סחיר | M18: אחר | N18: לא | O18: 30/06/2022 | P18: NR | Q18: NR | R18: NR | S18: ILS | T18: NA | U18: 26/11/2028 | V18: 0 | W18: 0.045 | X18: החוב לא נחות | Z18: גורם תלוי/פנימי | AA18: קיימת תלות | AB18: 19/02/2026 | AD18: 223549.34 | AE18: 1 | AF18: 3.06 | AG18: 6.841 | AJ18: שווי הוגן | AK18: 0.0013441657 | AL18: 1.9464338e-05
A19: 559 | B19: 556 | C19: חבס השקעות (1960) בע"מ | D19: 520039017 | E19: ח.פ. | F19: חבס אגח 4 | G19: IL0041501243 | H19: ISIN | I19: נש"ר צמוד למדד המחירים לצרכן | J19: ישראל | K19: ישראל | L19: לא סחיר | M19: אחר | N19: לא | O19: 30/06/2022 | P19: NR | Q19: NR | R19: NR | S19: ILS | T19: NA | U19: 28/06/2019 | V19: 0 | W19: 0.05 | X19: החוב לא נחות | Z19: גורם תלוי/פנימי | AA19: קיימת תלות | AB19: 31/07/2022 | AD19: 12500 | AE19: 1 | AF19: 1 | AG19: 0.125 | AJ19: שווי הוגן | AK19: 2.4562241e-05 | AL19: 3.5567621e-07
A20: 559 | B20: 556 | C20: י.ח.ק להשקעות שותפות מוגבלת | D20: 550016091 | E20: מספר שותפות | F20: י.ח.ק. אגח ב רמ | G20: IL0011817835 | H20: ISIN | I20: נש"ר לא צמוד למדד המחירים לצרכן | J20: ישראל | K20: ישראל | L20: לא סחיר | M20: השקעה ואחזקות | N20: לא | O20: 29/12/2022 | P20: A+ | Q20: S&P מעלות | R20: נייר ערך | S20: ILS | T20: 1.460 | U20: 31/12/2028 | V20: 0.0403 | W20: 0.0286 | X20: החוב לא נחות | Z20: חברת ציטוט | AA20: אי-תלות | AB20: 30/06/2026 | AD20: 162857.2 | AE20: 1 | AF20: 99.74 | AG20: 162.434 | AJ20: שווי הוגן | AK20: 0.0319179 | AL20: 0.00046219063
A21: 559 | B21: 556 | C21: מעין ונצ'ורס בע"מ | D21: 512420647 | E21: ח.פ. | F21: מעין ונצורס אגח ב' להמרה(מחוקה) | G21: IL0011351850 | H21: ISIN | I21: אג"ח להמרה צמוד למדד המחירים לצרכן | J21: ישראל | K21: ישראל | L21: לא סחיר | M21: השקעות בהייטק | N21: לא | O21: 06/04/2015 | P21: NR | Q21: NR | R21: NR | S21: ILS | T21: NA | U21: 02/04/2022 | V21: 0.0001 | W21: 0.045 | X21: החוב לא נחות | Z21: גורם תלוי/פנימי | AA21: קיימת תלות | AB21: 31/10/2022 | AD21: 604981.84 | AE21: 1 | AF21: 0 | AG21: 0 | AJ21: שווי הוגן | AK21: 1.1887768e-09 | AL21: 1.7214212e-11
A22: 559 | B22: 556 | C22: מקורות חברת מים בע"מ | D22: 520010869 | E22: ח.פ. | F22: מקורות אגח 8 רמ | G22: IL0011243461 | H22: ISIN | I22: נש"ר צמוד למדד המחירים לצרכן | J22: ישראל | K22: ישראל | L22: לא סחיר | M22: שרותים | N22: לא | O22: 14/07/2011 | P22: AAA | Q22: S&P מעלות | R22: נייר ערך | S22: ILS | T22: 8.750 | U22: 14/07/2048 | V22: 0.0264 | W22: 0.041 | X22: החוב לא נחות | Z22: חברת ציטוט | AA22: אי-תלות | AB22: 30/06/2026 | AD22: 1337981.2 | AE22: 1 | AF22: 144.82 | AG22: 1937.664 | AJ22: שווי הוגן | AK22: 0.38074705 | AL22: 0.0055134492
A23: 559 | B23: 556 | C23: נתיבי הגז הטבעי לישראל בע"מ | D23: 513436394 | E23: ח.פ. | F23: נתיבי גז אג"ח א - רמ | G23: IL0011030843 | H23: ISIN | I23: נש"ר צמוד למדד המחירים לצרכן | J23: ישראל | K23: ישראל | L23: לא סחיר | M23: שרותים | N23: לא | O23: 28/12/2006 | P23: AAA | Q23: S&P מעלות | R23: נייר ערך | S23: ILS | T23: 0.500 | U23: 29/12/2026 | V23: 0.0517 | W23: 0.056 | X23: החוב לא נחות | Z23: חברת ציטוט | AA23: אי-תלות | AB23: 30/06/2026 | AC23: 31/03/2024 | AD23: 9627.78 | AE23: 1 | AF23: 144.5 | AG23: 13.912 | AJ23: שווי הוגן | AK23: 0.0027337071 | AL23: 3.9585744e-05
A24: 559 | B24: 556 | C24: סיאלו טכנולוגיה ישראל בע"מ | D24: 513310235 | E24: ח.פ. | F24: סיאלו אגח א ( מחוקה ) | G24: IL0011020604 | H24: ISIN | I24: אחר | J24: ישראל | K24: ישראל | L24: לא סחיר | M24: מכשור רפואי | N24: לא | O24: 13/03/2007 | P24: NR | Q24: NR | R24: NR | S24: ILS | T24: NA | U24: 28/09/2019 | V24: 0.0001 | W24: 0.07 | X24: החוב לא נחות | Z24: גורם תלוי/פנימי | AA24: קיימת תלות | AB24: 29/11/2018 | AD24: 38735 | AE24: 1 | AF24: 0 | AG24: 0 | AJ24: שווי הוגן | AK24: 7.6113473e-11 | AL24: 1.1021695e-12
A25: 559 | B25: 556 | C25: עלמדב אינק | D25: 002624970 | E25: מספר תאגיד או שותפות בחו"ל | F25: עלמדב אגח ג-רמ | G25: IL0012118878 | H25: ISIN | I25: נש"ר לא צמוד למדד המחירים לצרכן | J25: ישראל | K25: קנדה | L25: לא סחיר | M25: בנייה | N25: לא | O25: 30/09/2024 | P25: NR | Q25: NR | R25: NR | S25: ILS | T25: 2.510 | U25: 30/04/2029 | V25: 0.1016 | W25: 0.095 | X25: החוב לא נחות | Z25: חברת ציטוט | AA25: אי-תלות | AB25: 30/06/2026 | AD25: 267000 | AE25: 1 | AF25: 100.54 | AG25: 268.442 | AJ25: שווי הוגן | AK25: 0.052748258 | AL25: 0.0007638269
A26: 559 | B26: 556 | C26: רפאל-רשות לפיתוח אמצעי לחימה בע"מ | D26: 520042185 | E26: ח.פ. | F26: רפאל סד' ד 2020/2034 | G26: IL0011402844 | H26: ISIN | I26: נש"ר לא צמוד למדד המחירים לצרכן | J26: ישראל | K26: ישראל | L26: לא סחיר | M26: ביטחוניות | N26: לא | O26: 01/03/2017 | P26: AAA | Q26: S&P מעלות | R26: נייר ערך | S26: ILS | T26: 3.800 | U26: 15/09/2034 | V26: 0.0376 | W26: 0.0374 | X26: החוב לא נחות | Z26: חברת ציטוט | AA26: אי-תלות | AB26: 30/06/2026 | AD26: 289457.9 | AE26: 1 | AF26: 101.13 | AG26: 292.729 | AJ26: שווי הוגן | AK26: 0.057520598 | AL26: 0.0008329333
A27: 559 | B27: 556 | C27: רשות שדות התעופה בישראל | D27: 500102868 | E27: ח.פ. | F27: רש"ת אגח א - רמ | G27: IL0011873358 | H27: ISIN | I27: נש"ר צמוד למדד המחירים לצרכן | J27: ישראל | K27: ישראל | L27: לא סחיר | M27: שרותים | N27: לא | O27: 30/06/2022 | P27: Aaa | Q27: מידרוג Moodys | R27: נייר ערך | S27: ILS | T27: 2.980 | U27: 31/12/2031 | V27: 0.0236 | W27: 0.0155 | X27: החוב לא נחות | Z27: חברת ציטוט | AA27: אי-תלות | AB27: 30/06/2026 | AD27: 552411.48 | AE27: 1 | AF27: 110.35 | AG27: 609.586 | AJ27: שווי הוגן | AK27: 0.1197824 | AL27: 0.0017345221
A28: 559 | B28: 556 | C28: רשות שדות התעופה בישראל | D28: 500102868 | E28: ח.פ. | F28: רש"ת אגח ב -רמ | G28: IL0011873432 | H28: ISIN | I28: נש"ר צמוד למדד המחירים לצרכן | J28: ישראל | K28: ישראל | L28: לא סחיר | M28: שרותים | N28: לא | O28: 30/06/2022 | P28: AAA | Q28: S&P מעלות | R28: נייר ערך | S28: ILS | T28: 5.940 | U28: 31/12/2036 | V28: 0.0247 | W28: 0.0175 | X28: החוב לא נחות | Z28: חברת ציטוט | AA28: אי-תלות | AB28: 30/06/2026 | AD28: 474111.11 | AE28: 1 | AF28: 108.39 | AG28: 513.889 | AJ28: שווי הוגן | AK28: 0.10097813 | AL28: 0.0014622248
A29: 559 | B29: 556 | C29: תשתיות אנרגיה בעמ | D29: 520027293 | E29: ח.פ. | F29: תשת אנרג אגח א 2023/2040 | G29: IL0011680878 | H29: ISIN | I29: נש"ר צמוד למדד המחירים לצרכן | J29: ישראל | K29: ישראל | L29: לא סחיר | M29: אנרגיה | N29: לא | O29: 17/08/2020 | P29: AAA | Q29: S&P מעלות | R29: נייר ערך | S29: ILS | T29: 6.930 | U29: 31/12/2040 | V29: 0.025 | W29: 0.0083 | X29: החוב לא נחות | Z29: חברת ציטוט | AA29: אי-תלות | AB29: 30/06/2026 | AD29: 244496.11 | AE29: 1 | AF29: 106.42 | AG29: 260.193 | AJ29: שווי הוגן | AK29: 0.051127339 | AL29: 0.00074035501
A30: 559 | B30: 556 | C30: אנרג'יאן ישראל פיננס בע"מ | D30: 516301843 | E30: ח.פ. | F30: ENOIGA 8.5 30/09/2033 | G30: IL0011971442 | H30: ISIN | I30: צמוד למט"ח | J30: ישראל | K30: ישראל | L30: לא סחיר | M30: Energy Equipment & Services | N30: לא | O30: 28/06/2023 | P30: BB- | Q30: S&P | R30: נייר ערך | S30: USD | T30: 5.530 | U30: 30/09/2033 | V30: 0.0714 | W30: 0.085 | X30: החוב לא נחות | Z30: חברת ציטוט | AA30: אי-תלות | AB30: 30/06/2026 | AD30: 35000 | AE30: 2.978 | AF30: 112.542 | AG30: 117.303 | AJ30: שווי הוגן | AK30: 0.023049749 | AL30: 0.00033377441
A31: 559 | B31: 7205 | C31: אגד חברה לתחבורה בע"מ | D31: 570012377 | E31: מספר שותפות | F31: אגד אגח 1-רמ | G31: IL0011987877 | H31: ISIN | I31: נש"ר צמוד למדד המחירים לצרכן | J31: ישראל | K31: ישראל | L31: לא סחיר | M31: שרותים | N31: לא | O31: 16/08/2023 | P31: AA- | Q31: S&P מעלות | R31: נייר ערך | S31: ILS | T31: 2.080 | U31: 31/12/2029 | V31: 0.0271 | W31: 0.0364 | X31: החוב לא נחות | Z31: חברת ציטוט | AA31: אי-תלות | AB31: 30/06/2026 | AD31: 1172500 | AE31: 1 | AF31: 109.78 | AG31: 1287.17 | AJ31: שווי הוגן | AK31: 0.049052965 | AL31: 0.00063588825
A32: 559 | B32: 7205 | C32: URBANCORP INC | D32: 1656 | E32: פנימי | F32: אורבנקורפ אגח א | G32: IL0011370413 | H32: ISIN | I32: אחר | J32: ישראל | K32: קנדה | L32: לא סחיר | M32: אחר | N32: לא | O32: 30/06/2022 | P32: R/S | Q32: מידרוג Moodys | R32: נייר ערך | S32: ILS | T32: NA | U32: 26/11/2028 | V32: 0 | W32: 0.0815 | X32: החוב לא נחות | Z32: גורם תלוי/פנימי | AA32: קיימת תלות | AB32: 06/08/2025 | AD32: 82975.73 | AE32: 1 | AF32: 119 | AG32: 98.741 | AJ32: שווי הוגן | AK32: 0.0037629394 | AL32: 4.8780109e-05
A33: 559 | B33: 7205 | C33: אורמת טכנולגיות אינק | D33: 5493000TSHHWY24VHM09 | E33: LEI | F33: אורמת אגח 4 רמ | G33: IL0011672123 | H33: ISIN | I33: נש"ר לא צמוד למדד המחירים לצרכן | J33: ישראל | K33: ארה"ב | L33: לא סחיר | M33: אנרגיה מתחדשת | N33: לא | O33: 12/09/2016 | P33: AA- | Q33: S&P מעלות | R33: נייר ערך | S33: ILS | T33: 2.790 | U33: 15/06/2031 | V33: 0.0431 | W33: 0.0335 | X33: החוב לא נחות | Z33: חברת ציטוט | AA33: אי-תלות | AB33: 30/06/2026 | AD33: 2437500 | AE33: 1 | AF33: 97.65 | AG33: 2380.219 | AJ33: שווי הוגן | AK33: 0.090708097 | AL33: 0.0011758762
A34: 559 | B34: 7205 | C34: אורתם סהר הנדסה בע"מ | D34: 512855404 | E34: ח.פ. | F34: אורתם סהר אגח ה | G34: IL0011283962 | H34: ISIN | I34: אחר | J34: ישראל | K34: ישראל | L34: לא סחיר | M34: אחר | N34: לא | O34: 30/06/2022 | P34: NR | Q34: NR | R34: NR | S34: ILS | T34: NA | U34: 31/05/2020 | V34: 0 | W34: 0.0585 | X34: החוב לא נחות | Z34: גורם תלוי/פנימי | AA34: קיימת תלות | AB34: 45956 | AD34: 2815200 | AE34: 1 | AF34: 0 | AG34: 0 | AJ34: שווי הוגן | AK34: 0 | AL34: 0
A35: 559 | B35: 7205 | C35: אינטרנט גולד - קווי זהב בע"מ | D35: 520044264 | E35: ח.פ. | F35: אינטרנט זהב אגח ד חשמל | G35: IL0011316143 | H35: ISIN | I35: אחר | J35: ישראל | K35: ישראל | L35: לא סחיר | M35: חברות ללא פעילות ומעטפת | N35: לא | O35: 30/06/2022 | P35: R/S | Q35: מידרוג Moodys | R35: נייר ערך | S35: ILS | T35: NA | U35: 15/09/2022 | V35: 0 | W35: 0.06 | X35: החוב לא נחות | Z35: גורם תלוי/פנימי | AA35: קיימת תלות | AB35: 45956 | AD35: 1211726.2 | AE35: 1 | AF35: 0 | AG35: 0 | AJ35: שווי הוגן | AK35: 0 | AL35: 0
A36: 559 | B36: 7205 | C36: אלון חברת הדלק לישראל בע"מ | D36: 520041690 | E36: ח.פ. | F36: אלון חברת הדלק רמ אגח א מחוג | G36: IL0011015679 | H36: ISIN | I36: נש"ר צמוד למדד המחירים לצרכן | J36: ישראל | K36: ישראל | L36: לא סחיר | M36: השקעה ואחזקות | N36: לא | O36: 30/06/2022 | P36: R/S | Q36: S&P מעלות | R36: נייר ערך | S36: ILS | T36: NA | U36: 31/12/2023 | V36: 0 | W36: 0.0535 | X36: החוב לא נחות | Z36: גורם תלוי/פנימי | AA36: קיימת תלות | AB36: 30/06/2026 | AD36: 1104077.7 | AE36: 1 | AF36: 0 | AG36: 0 | AJ36: שווי הוגן | AK36: 4.2075453e-10 | AL36: 5.4543668e-12
A37: 559 | B37: 7205 | C37: אפריקה-ישראל להשקעות בע"מ | D37: 520005067 | E37: ח.פ. | F37: אפריקה אגח כז סכומים לקבל) | G37: IL0061104316 | H37: ISIN | I37: אחר | J37: ישראל | K37: ישראל | L37: לא סחיר | M37: אחר | N37: לא | O37: 31/08/2022 | P37: NR | Q37: NR | R37: NR | S37: ILS | T37: NA | U37: 30/09/2021 | V37: 0.0001 | W37: 0.0645 | X37: החוב לא נחות | Z37: גורם תלוי/פנימי | AA37: קיימת תלות | AB37: 01/07/2021 | AD37: 527995.83 | AE37: 1 | AF37: 0 | AG37: 0 | AJ37: שווי הוגן | AK37: 2.0121469e-10 | AL37: 2.6084061e-12
A38: 559 | B38: 7205 | C38: אפריקה-ישראל להשקעות בע"מ | D38: 520005067 | E38: ח.פ. | F38: אפריקה אגח כח (סכומים לקבל) | G38: IL0061104803 | H38: ISIN | I38: אחר | J38: ישראל | K38: ישראל | L38: לא סחיר | M38: אחר | N38: לא | O38: 31/08/2022 | P38: NR | Q38: NR | R38: NR | S38: ILS | T38: NA | U38: 30/09/2021 | V38: 0.0001 | W38: 0.057 | X38: החוב לא נחות | Z38: גורם תלוי/פנימי | AA38: קיימת תלות | AB38: 01/07/2021 | AD38: 2183500.9 | AE38: 1 | AF38: 0 | AG38: 0 | AJ38: שווי הוגן | AK38: 8.3211349e-10 | AL38: 1.0786936e-11
A39: 559 | B39: 7205 | C39: ברוקלנד | D39: 1814237 | E39: פנימי | F39: ברוקלנד אפריל אגח ב (מחוקה- מחוג | G39: IL0011369936 | H39: ISIN | I39: אחר | J39: ישראל | K39: ישראל | L39: לא סחיר | M39: בנייה | N39: לא | O39: 28/09/2023 | P39: R/S | Q39: S&P מעלות | R39: נייר ערך | S39: ILS | T39: NA | U39: 01/12/2021 | V39: 0 | W39: 0.0885 | X39: החוב לא נחות | Z39: גורם תלוי/פנימי | AA39: קיימת תלות | AB39: 14/12/2025 | AD39: 769140.54 | AE39: 1 | AF39: 0 | AG39: 0 | AJ39: שווי הוגן | AK39: 2.9311287e-10 | AL39: 3.7997098e-12
A40: 559 | B40: 7205 | C40: גב-ים נגב בע"מ | D40: 514189596 | E40: ח.פ. | F40: גב-ים נגב אגח ב-רמ | G40: IL0012084534 | H40: ISIN | I40: נש"ר צמוד למדד המחירים לצרכן | J40: ישראל | K40: ישראל | L40: לא סחיר | M40: נדל"ן מניב בישראל | N40: לא | O40: 11/07/2024 | P40: A+ | Q40: S&P מעלות | R40: נייר ערך | S40: ILS | T40: 2.320 | U40: 31/12/2028 | V40: 0.0321 | W40: 0.0384 | X40: החוב לא נחות | Z40: חברת ציטוט | AA40: אי-תלות | AB40: 30/06/2026 | AD40: 1423500 | AE40: 1 | AF40: 106.64 | AG40: 1518.02 | AJ40: שווי הוגן | AK40: 0.057850456 | AL40: 0.00074993277
A41: 559 | B41: 7205 | C41: גמול חברה להשקעות בע"מ | D41: 520018136 | E41: ח.פ. | F41: גמול השקעות אגח ב | G41: IL0011167553 | H41: ISIN | I41: נש"ר צמוד למדד המחירים לצרכן | J41: ישראל | K41: ישראל | L41: לא סחיר | M41: אחר | N41: לא | O41: 30/06/2022 | P41: NR | Q41: NR | R41: NR | S41: ILS | T41: NA | U41: 26/11/2028 | V41: 0 | W41: 0.045 | X41: החוב לא נחות | Z41: גורם תלוי/פנימי | AA41: קיימת תלות | AB41: 19/02/2026 | AD41: 936329.55 | AE41: 1 | AF41: 3.06 | AG41: 28.652 | AJ41: שווי הוגן | AK41: 0.0010918911 | AL41: 1.4154511e-05
A42: 559 | B42: 7205 | C42: חבס השקעות (1960) בע"מ | D42: 520039017 | E42: ח.פ. | F42: חבס אגח 4 | G42: IL0041501243 | H42: ISIN | I42: נש"ר צמוד למדד המחירים לצרכן | J42: ישראל | K42: ישראל | L42: לא סחיר | M42: אחר | N42: לא | O42: 30/06/2022 | P42: NR | Q42: NR | R42: NR | S42: ILS | T42: NA | U42: 28/06/2019 | V42: 0 | W42: 0.05 | X42: החוב לא נחות | Z42: גורם תלוי/פנימי | AA42: קיימת תלות | AB42: 31/07/2022 | AD42: 79027.45 | AE42: 1 | AF42: 1 | AG42: 0.79 | AJ42: שווי הוגן | AK42: 3.0116684e-05 | AL42: 3.9041158e-07
A43: 559 | B43: 7205 | C43: י.ח.ק להשקעות שותפות מוגבלת | D43: 550016091 | E43: מספר שותפות | F43: י.ח.ק. אגח ב רמ | G43: IL0011817835 | H43: ISIN | I43: נש"ר לא צמוד למדד המחירים לצרכן | J43: ישראל | K43: ישראל | L43: לא סחיר | M43: השקעה ואחזקות | N43: לא | O43: 29/12/2022 | P43: A+ | Q43: S&P מעלות | R43: נייר ערך | S43: ILS | T43: 1.460 | U43: 31/12/2028 | V43: 0.0403 | W43: 0.0286 | X43: החוב לא נחות | Z43: חברת ציטוט | AA43: אי-תלות | AB43: 30/06/2026 | AD43: 865714.64 | AE43: 1 | AF43: 99.74 | AG43: 863.464 | AJ43: שווי הוגן | AK43: 0.032905865 | AL43: 0.00042656856
A44: 559 | B44: 7205 | C44: מעין ונצ'ורס בע"מ | D44: 512420647 | E44: ח.פ. | F44: מעין ונצורס אגח ב' להמרה(מחוקה) | G44: IL0011351850 | H44: ISIN | I44: אג"ח להמרה צמוד למדד המחירים לצרכן | J44: ישראל | K44: ישראל | L44: לא סחיר | M44: השקעות בהייטק | N44: לא | O44: 06/04/2015 | P44: NR | Q44: NR | R44: NR | S44: ILS | T44: NA | U44: 02/04/2022 | V44: 0.0001 | W44: 0.045 | X44: החוב לא נחות | Z44: גורם תלוי/פנימי | AA44: קיימת תלות | AB44: 31/10/2022 | AD44: 1014167 | AE44: 1 | AF44: 0 | AG44: 0 | AJ44: שווי הוגן | AK44: 3.8649037e-10 | AL44: 5.0101902e-12
A45: 559 | B45: 7205 | C45: מקורות חברת מים בע"מ | D45: 520010869 | E45: ח.פ. | F45: מקורות אגח 8 רמ | G45: IL0011243461 | H45: ISIN | I45: נש"ר צמוד למדד המחירים לצרכן | J45: ישראל | K45: ישראל | L45: לא סחיר | M45: שרותים | N45: לא | O45: 14/07/2011 | P45: AAA | Q45: S&P מעלות | R45: נייר ערך | S45: ILS | T45: 8.750 | U45: 14/07/2048 | V45: 0.0264 | W45: 0.041 | X45: החוב לא נחות | Z45: חברת ציטוט | AA45: אי-תלות | AB45: 30/06/2026 | AD45: 6410146.4 | AE45: 1 | AF45: 144.82 | AG45: 9283.174 | AJ45: שווי הוגן | AK45: 0.35377381 | AL45: 0.0045860756
A46: 559 | B46: 7205 | C46: נתיבי הגז הטבעי לישראל בע"מ | D46: 513436394 | E46: ח.פ. | F46: נתיבי גז אג"ח א - רמ | G46: IL0011030843 | H46: ISIN | I46: נש"ר צמוד למדד המחירים לצרכן | J46: ישראל | K46: ישראל | L46: לא סחיר | M46: שרותים | N46: לא | O46: 28/12/2006 | P46: AAA | Q46: S&P מעלות | R46: נייר ערך | S46: ILS | T46: 0.500 | U46: 29/12/2026 | V46: 0.0517 | W46: 0.056 | X46: החוב לא נחות | Z46: חברת ציטוט | AA46: אי-תלות | AB46: 30/06/2026 | AC46: 31/03/2024 | AD46: 38511.12 | AE46: 1 | AF46: 144.5 | AG46: 55.649 | AJ46: שווי הוגן | AK46: 0.0021207192 | AL46: 2.7491518e-05
A47: 559 | B47: 7205 | C47: סיאלו טכנולוגיה ישראל בע"מ | D47: 513310235 | E47: ח.פ. | F47: סיאלו אגח א ( מחוקה ) | G47: IL0011020604 | H47: ISIN | I47: אחר | J47: ישראל | K47: ישראל | L47: לא סחיר | M47: מכשור רפואי | N47: לא | O47: 13/03/2007 | P47: NR | Q47: NR | R47: NR | S47: ILS | T47: NA | U47: 28/09/2019 | V47: 0.0001 | W47: 0.07 | X47: החוב לא נחות | Z47: גורם תלוי/פנימי | AA47: קיימת תלות | AB47: 29/11/2018 | AD47: 116243.8 | AE47: 1 | AF47: 0 | AG47: 0 | AJ47: שווי הוגן | AK47: 4.4299516e-11 | AL47: 5.7426787e-13
A48: 559 | B48: 7205 | C48: עלמדב אינק | D48: 002624970 | E48: מספר תאגיד או שותפות בחו"ל | F48: עלמדב אגח ג-רמ | G48: IL0012118878 | H48: ISIN | I48: נש"ר לא צמוד למדד המחירים לצרכן | J48: ישראל | K48: קנדה | L48: לא סחיר | M48: בנייה | N48: לא | O48: 30/09/2024 | P48: NR | Q48: NR | R48: NR | S48: ILS | T48: 2.510 | U48: 30/04/2029 | V48: 0.1016 | W48: 0.095 | X48: החוב לא נחות | Z48: חברת ציטוט | AA48: אי-תלות | AB48: 30/06/2026 | AD48: 1353000 | AE48: 1 | AF48: 100.54 | AG48: 1360.306 | AJ48: שווי הוגן | AK48: 0.051840103 | AL48: 0.00067201876
A49: 559 | B49: 7205 | C49: רפאל-רשות לפיתוח אמצעי לחימה בע"מ | D49: 520042185 | E49: ח.פ. | F49: רפאל סד' ד 2020/2034 | G49: IL0011402844 | H49: ISIN | I49: נש"ר לא צמוד למדד המחירים לצרכן | J49: ישראל | K49: ישראל | L49: לא סחיר | M49: ביטחוניות | N49: לא | O49: 01/03/2017 | P49: AAA | Q49: S&P מעלות | R49: נייר ערך | S49: ILS | T49: 3.800 | U49: 15/09/2034 | V49: 0.0376 | W49: 0.0374 | X49: החוב לא נחות | Z49: חברת ציטוט | AA49: אי-תלות | AB49: 30/06/2026 | AD49: 1524478.2 | AE49: 1 | AF49: 101.13 | AG49: 1541.705 | AJ49: שווי הוגן | AK49: 0.058753051 | AL49: 0.00076163336
A50: 559 | B50: 7205 | C50: רשות שדות התעופה בישראל | D50: 500102868 | E50: ח.פ. | F50: רש"ת אגח א - רמ | G50: IL0011873358 | H50: ISIN | I50: נש"ר צמוד למדד המחירים לצרכן | J50: ישראל | K50: ישראל | L50: לא סחיר | M50: שרותים | N50: לא | O50: 30/06/2022 | P50: Aaa | Q50: מידרוג Moodys | R50: נייר ערך | S50: ILS | T50: 2.980 | U50: 31/12/2031 | V50: 0.0236 | W50: 0.0155 | X50: החוב לא נחות | Z50: חברת ציטוט | AA50: אי-תלות | AB50: 30/06/2026 | AD50: 2987506.4 | AE50: 1 | AF50: 110.35 | AG50: 3296.713 | AJ50: שווי הוגן | AK50: 0.12563492 | AL50: 0.001628643
A51: 559 | B51: 7205 | C51: רשות שדות התעופה בישראל | D51: 500102868 | E51: ח.פ. | F51: רש"ת אגח ב -רמ | G51: IL0011873432 | H51: ISIN | I51: נש"ר צמוד למדד המחירים לצרכן | J51: ישראל | K51: ישראל | L51: לא סחיר | M51: שרותים | N51: לא | O51: 30/06/2022 | P51: AAA | Q51: S&P מעלות | R51: נייר ערך | S51: ILS | T51: 5.940 | U51: 31/12/2036 | V51: 0.0247 | W51: 0.0175 | X51: החוב לא נחות | Z51: חברת ציטוט | AA51: אי-תלות | AB51: 30/06/2026 | AD51: 2363000 | AE51: 1 | AF51: 108.39 | AG51: 2561.256 | AJ51: שווי הוגן | AK51: 0.09760726 | AL51: 0.0012653121
A52: 559 | B52: 7205 | C52: תשתיות אנרגיה בעמ | D52: 520027293 | E52: ח.פ. | F52: תשת אנרג אגח א 2023/2040 | G52: IL0011680878 | H52: ISIN | I52: נש"ר צמוד למדד המחירים לצרכן | J52: ישראל | K52: ישראל | L52: לא סחיר | M52: אנרגיה | N52: לא | O52: 17/08/2020 | P52: AAA | Q52: S&P מעלות | R52: נייר ערך | S52: ILS | T52: 6.930 | U52: 31/12/2040 | V52: 0.025 | W52: 0.0083 | X52: החוב לא נחות | Z52: חברת ציטוט | AA52: אי-תלות | AB52: 30/06/2026 | AD52: 1222481.2 | AE52: 1 | AF52: 106.42 | AG52: 1300.964 | AJ52: שווי הוגן | AK52: 0.049578642 | AL52: 0.00064270276
A53: 559 | B53: 7205 | C53: אנרג'יאן ישראל פיננס בע"מ | D53: 516301843 | E53: ח.פ. | F53: ENOIGA 8.5 30/09/2033 | G53: IL0011971442 | H53: ISIN | I53: צמוד למט"ח | J53: ישראל | K53: ישראל | L53: לא סחיר | M53: Energy Equipment & Services | N53: לא | O53: 28/06/2023 | P53: BB- | Q53: S&P | R53: נייר ערך | S53: USD | T53: 5.530 | U53: 30/09/2033 | V53: 0.0714 | W53: 0.085 | X53: החוב לא נחות | Z53: חברת ציטוט | AA53: אי-תלות | AB53: 30/06/2026 | AD53: 198000 | AE53: 2.978 | AF53: 112.542 | AG53: 663.598 | AJ53: שווי הוגן | AK53: 0.025289169 | AL53: 0.00032783105
A54: 559 | B54: 7206 | C54: אגד חברה לתחבורה בע"מ | D54: 570012377 | E54: מספר שותפות | F54: אגד אגח 1-רמ | G54: IL0011987877 | H54: ISIN | I54: נש"ר צמוד למדד המחירים לצרכן | J54: ישראל | K54: ישראל | L54: לא סחיר | M54: שרותים | N54: לא | O54: 16/08/2023 | P54: AA- | Q54: S&P מעלות | R54: נייר ערך | S54: ILS | T54: 2.080 | U54: 31/12/2029 | V54: 0.0271 | W54: 0.0364 | X54: החוב לא נחות | Z54: חברת ציטוט | AA54: אי-תלות | AB54: 30/06/2026 | AD54: 28000 | AE54: 1 | AF54: 109.78 | AG54: 30.738 | AJ54: שווי הוגן | AK54: 0.043188822 | AL54: 0.00032443675
A55: 559 | B55: 7206 | C55: URBANCORP INC | D55: 1656 | E55: פנימי | F55: אורבנקורפ אגח א | G55: IL0011370413 | H55: ISIN | I55: אחר | J55: ישראל | K55: קנדה | L55: לא סחיר | M55: אחר | N55: לא | O55: 30/06/2022 | P55: R/S | Q55: מידרוג Moodys | R55: נייר ערך | S55: ILS | T55: NA | U55: 26/11/2028 | V55: 0 | W55: 0.0815 | X55: החוב לא נחות | Z55: גורם תלוי/פנימי | AA55: קיימת תלות | AB55: 06/08/2025 | AD55: 210 | AE55: 1 | AF55: 119 | AG55: 0.25 | AJ55: שווי הוגן | AK55: 0.00035112064 | AL55: 2.6376371e-06
A56: 559 | B56: 7206 | C56: אורמת טכנולגיות אינק | D56: 5493000TSHHWY24VHM09 | E56: LEI | F56: אורמת אגח 4 רמ | G56: IL0011672123 | H56: ISIN | I56: נש"ר לא צמוד למדד המחירים לצרכן | J56: ישראל | K56: ארה"ב | L56: לא סחיר | M56: אנרגיה מתחדשת | N56: לא | O56: 12/09/2016 | P56: AA- | Q56: S&P מעלות | R56: נייר ערך | S56: ILS | T56: 2.790 | U56: 15/06/2031 | V56: 0.0431 | W56: 0.0335 | X56: החוב לא נחות | Z56: חברת ציטוט | AA56: אי-תלות | AB56: 30/06/2026 | AD56: 37500 | AE56: 1 | AF56: 97.65 | AG56: 36.619 | AJ56: שווי הוגן | AK56: 0.051450976 | AL56: 0.0003865025
A57: 559 | B57: 7206 | C57: אינטרנט גולד - קווי זהב בע"מ | D57: 520044264 | E57: ח.פ. | F57: אינטרנט זהב אגח ד חשמל | G57: IL0011316143 | H57: ISIN | I57: אחר | J57: ישראל | K57: ישראל | L57: לא סחיר | M57: חברות ללא פעילות ומעטפת | N57: לא | O57: 30/06/2022 | P57: R/S | Q57: מידרוג Moodys | R57: נייר ערך | S57: ILS | T57: NA | U57: 15/09/2022 | V57: 0 | W57: 0.06 | X57: החוב לא נחות | Z57: גורם תלוי/פנימי | AA57: קיימת תלות | AB57: 45956 | AD57: 68302.96 | AE57: 1 | AF57: 0 | AG57: 0 | AJ57: שווי הוגן | AK57: 0 | AL57: 0
A58: 559 | B58: 7206 | C58: אפריקה-ישראל להשקעות בע"מ | D58: 520005067 | E58: ח.פ. | F58: אפריקה אגח כז סכומים לקבל) | G58: IL0061104316 | H58: ISIN | I58: אחר | J58: ישראל | K58: ישראל | L58: לא סחיר | M58: אחר | N58: לא | O58: 31/08/2022 | P58: NR | Q58: NR | R58: NR | S58: ILS | T58: NA | U58: 30/09/2021 | V58: 0.0001 | W58: 0.0645 | X58: החוב לא נחות | Z58: גורם תלוי/פנימי | AA58: קיימת תלות | AB58: 01/07/2021 | AD58: 10392.48 | AE58: 1 | AF58: 0 | AG58: 0 | AJ58: שווי הוגן | AK58: 1.4601898e-10 | AL58: 1.0969024e-12
A59: 559 | B59: 7206 | C59: אפריקה-ישראל להשקעות בע"מ | D59: 520005067 | E59: ח.פ. | F59: אפריקה אגח כח (סכומים לקבל) | G59: IL0061104803 | H59: ISIN | I59: אחר | J59: ישראל | K59: ישראל | L59: לא סחיר | M59: אחר | N59: לא | O59: 31/08/2022 | P59: NR | Q59: NR | R59: NR | S59: ILS | T59: NA | U59: 30/09/2021 | V59: 0.0001 | W59: 0.057 | X59: החוב לא נחות | Z59: גורם תלוי/פנימי | AA59: קיימת תלות | AB59: 01/07/2021 | AD59: 7000 | AE59: 1 | AF59: 0 | AG59: 0 | AJ59: שווי הוגן | AK59: 9.8353119e-11 | AL59: 7.3883393e-13
A60: 559 | B60: 7206 | C60: ברוקלנד | D60: 1814237 | E60: פנימי | F60: ברוקלנד אפריל אגח ב (מחוקה- מחוג | G60: IL0011369936 | H60: ISIN | I60: אחר | J60: ישראל | K60: ישראל | L60: לא סחיר | M60: בנייה | N60: לא | O60: 28/09/2023 | P60: R/S | Q60: S&P מעלות | R60: נייר ערך | S60: ILS | T60: NA | U60: 01/12/2021 | V60: 0 | W60: 0.0885 | X60: החוב לא נחות | Z60: גורם תלוי/פנימי | AA60: קיימת תלות | AB60: 14/12/2025 | AD60: 24650 | AE60: 1 | AF60: 0 | AG60: 0 | AJ60: שווי הוגן | AK60: 3.4634348e-10 | AL60: 2.6017509e-12
A61: 559 | B61: 7206 | C61: גב-ים נגב בע"מ | D61: 514189596 | E61: ח.פ. | F61: גב-ים נגב אגח ב-רמ | G61: IL0012084534 | H61: ISIN | I61: נש"ר צמוד למדד המחירים לצרכן | J61: ישראל | K61: ישראל | L61: לא סחיר | M61: נדל"ן מניב בישראל | N61: לא | O61: 11/07/2024 | P61: A+ | Q61: S&P מעלות | R61: נייר ערך | S61: ILS | T61: 2.320 | U61: 31/12/2028 | V61: 0.0321 | W61: 0.0384 | X61: החוב לא נחות | Z61: חברת ציטוט | AA61: אי-תלות | AB61: 30/06/2026 | AD61: 87750 | AE61: 1 | AF61: 106.64 | AG61: 93.577 | AJ61: שווי הוגן | AK61: 0.13147929 | AL61: 0.00098767953
A62: 559 | B62: 7206 | C62: י.ח.ק להשקעות שותפות מוגבלת | D62: 550016091 | E62: מספר שותפות | F62: י.ח.ק. אגח ב רמ | G62: IL0011817835 | H62: ISIN | I62: נש"ר לא צמוד למדד המחירים לצרכן | J62: ישראל | K62: ישראל | L62: לא סחיר | M62: השקעה ואחזקות | N62: לא | O62: 29/12/2022 | P62: A+ | Q62: S&P מעלות | R62: נייר ערך | S62: ILS | T62: 1.460 | U62: 31/12/2028 | V62: 0.0403 | W62: 0.0286 | X62: החוב לא נחות | Z62: חברת ציטוט | AA62: אי-תלות | AB62: 30/06/2026 | AD62: 17142.87 | AE62: 1 | AF62: 99.74 | AG62: 17.098 | AJ62: שווי הוגן | AK62: 0.024023871 | AL62: 0.00018046862
A63: 559 | B63: 7206 | C63: מקורות חברת מים בע"מ | D63: 520010869 | E63: ח.פ. | F63: מקורות אגח 8 רמ | G63: IL0011243461 | H63: ISIN | I63: נש"ר צמוד למדד המחירים לצרכן | J63: ישראל | K63: ישראל | L63: לא סחיר | M63: שרותים | N63: לא | O63: 14/07/2011 | P63: AAA | Q63: S&P מעלות | R63: נייר ערך | S63: ILS | T63: 8.750 | U63: 14/07/2048 | V63: 0.0264 | W63: 0.041 | X63: החוב לא נחות | Z63: חברת ציטוט | AA63: אי-תלות | AB63: 30/06/2026 | AD63: 78141.06 | AE63: 1 | AF63: 144.82 | AG63: 113.164 | AJ63: שווי הוגן | AK63: 0.1590003 | AL63: 0.0011944188
A64: 559 | B64: 7206 | C64: עלמדב אינק | D64: 002624970 | E64: מספר תאגיד או שותפות בחו"ל | F64: עלמדב אגח ג-רמ | G64: IL0012118878 | H64: ISIN | I64: נש"ר לא צמוד למדד המחירים לצרכן | J64: ישראל | K64: קנדה | L64: לא סחיר | M64: בנייה | N64: לא | O64: 30/09/2024 | P64: NR | Q64: NR | R64: NR | S64: ILS | T64: 2.510 | U64: 30/04/2029 | V64: 0.1016 | W64: 0.095 | X64: החוב לא נחות | Z64: חברת ציטוט | AA64: אי-תלות | AB64: 30/06/2026 | AD64: 63000 | AE64: 1 | AF64: 100.54 | AG64: 63.34 | AJ64: שווי הוגן | AK64: 0.088995804 | AL64: 0.00066854127
A65: 559 | B65: 7206 | C65: רפאל-רשות לפיתוח אמצעי לחימה בע"מ | D65: 520042185 | E65: ח.פ. | F65: רפאל סד' ד 2020/2034 | G65: IL0011402844 | H65: ISIN | I65: נש"ר לא צמוד למדד המחירים לצרכן | J65: ישראל | K65: ישראל | L65: לא סחיר | M65: ביטחוניות | N65: לא | O65: 01/03/2017 | P65: AAA | Q65: S&P מעלות | R65: נייר ערך | S65: ILS | T65: 3.800 | U65: 15/09/2034 | V65: 0.0376 | W65: 0.0374 | X65: החוב לא נחות | Z65: חברת ציטוט | AA65: אי-תלות | AB65: 30/06/2026 | AD65: 38594.4 | AE65: 1 | AF65: 101.13 | AG65: 39.031 | AJ65: שווי הוגן | AK65: 0.054839615 | AL65: 0.00041195814
A66: 559 | B66: 7206 | C66: רשות שדות התעופה בישראל | D66: 500102868 | E66: ח.פ. | F66: רש"ת אגח א - רמ | G66: IL0011873358 | H66: ISIN | I66: נש"ר צמוד למדד המחירים לצרכן | J66: ישראל | K66: ישראל | L66: לא סחיר | M66: שרותים | N66: לא | O66: 30/06/2022 | P66: Aaa | Q66: מידרוג Moodys | R66: נייר ערך | S66: ILS | T66: 2.980 | U66: 31/12/2031 | V66: 0.0236 | W66: 0.0155 | X66: החוב לא נחות | Z66: חברת ציטוט | AA66: אי-תלות | AB66: 30/06/2026 | AD66: 100051.73 | AE66: 1 | AF66: 110.35 | AG66: 110.407 | AJ66: שווי הוגן | AK66: 0.15512687 | AL66: 0.0011653214
A67: 559 | B67: 7206 | C67: רשות שדות התעופה בישראל | D67: 500102868 | E67: ח.פ. | F67: רש"ת אגח ב -רמ | G67: IL0011873432 | H67: ISIN | I67: נש"ר צמוד למדד המחירים לצרכן | J67: ישראל | K67: ישראל | L67: לא סחיר | M67: שרותים | N67: לא | O67: 30/06/2022 | P67: AAA | Q67: S&P מעלות | R67: נייר ערך | S67: ILS | T67: 5.940 | U67: 31/12/2036 | V67: 0.0247 | W67: 0.0175 | X67: החוב לא נחות | Z67: חברת ציטוט | AA67: אי-תלות | AB67: 30/06/2026 | AD67: 105777.78 | AE67: 1 | AF67: 108.39 | AG67: 114.653 | AJ67: שווי הוגן | AK67: 0.16109192 | AL67: 0.0012101312
A68: 559 | B68: 7206 | C68: תשתיות אנרגיה בעמ | D68: 520027293 | E68: ח.פ. | F68: תשת אנרג אגח א 2023/2040 | G68: IL0011680878 | H68: ISIN | I68: נש"ר צמוד למדד המחירים לצרכן | J68: ישראל | K68: ישראל | L68: לא סחיר | M68: אנרגיה | N68: לא | O68: 17/08/2020 | P68: AAA | Q68: S&P מעלות | R68: נייר ערך | S68: ILS | T68: 6.930 | U68: 31/12/2040 | V68: 0.025 | W68: 0.0083 | X68: החוב לא נחות | Z68: חברת ציטוט | AA68: אי-תלות | AB68: 30/06/2026 | AD68: 65198.72 | AE68: 1 | AF68: 106.42 | AG68: 69.384 | AJ68: שווי הוגן | AK68: 0.097488283 | AL68: 0.00073233723
A69: 559 | B69: 7206 | C69: אנרג'יאן ישראל פיננס בע"מ | D69: 516301843 | E69: ח.פ. | F69: ENOIGA 8.5 30/09/2033 | G69: IL0011971442 | H69: ISIN | I69: צמוד למט"ח | J69: ישראל | K69: ישראל | L69: לא סחיר | M69: Energy Equipment & Services | N69: לא | O69: 28/06/2023 | P69: BB- | Q69: S&P | R69: נייר ערך | S69: USD | T69: 5.530 | U69: 30/09/2033 | V69: 0.0714 | W69: 0.085 | X69: החוב לא נחות | Z69: חברת ציטוט | AA69: אי-תלות | AB69: 30/06/2026 | AD69: 7000 | AE69: 2.978 | AF69: 112.542 | AG69: 23.461 | AJ69: שווי הוגן | AK69: 0.032963121 | AL69: 0.00024762074
... A71: 559 | B71: 7207 | C71: אורמת טכנולגיות אינק | D71: 5493000TSHHWY24VHM09 | E71: LEI | F71: אורמת אגח 4 רמ | G71: IL0011672123 | H71: ISIN | I71: נש"ר לא צמוד למדד המחירים לצרכן | J71: ישראל | K71: ארה"ב | L71: לא סחיר | M71: אנרגיה מתחדשת | N71: לא | O71: 12/09/2016 | P71: AA- | Q71: S&P מעלות | R71: נייר ערך | S71: ILS | T71: 2.790 | U71: 15/06/2031 | V71: 0.0431 | W71: 0.0335 | X71: החוב לא נחות | Z71: חברת ציטוט | AA71: אי-תלות | AB71: 30/06/2026 | AD71: 75000 | AE71: 1 | AF71: 97.65 | AG71: 73.237 | AJ71: שווי הוגן | AK71: 0.059406985 | AL71: 0.00056344791
A72: 559 | B72: 7207 | C72: אינטרנט גולד - קווי זהב בע"מ | D72: 520044264 | E72: ח.פ. | F72: אינטרנט זהב אגח ד חשמל | G72: IL0011316143 | H72: ISIN | I72: אחר | J72: ישראל | K72: ישראל | L72: לא סחיר | M72: חברות ללא פעילות ומעטפת | N72: לא | O72: 30/06/2022 | P72: R/S | Q72: מידרוג Moodys | R72: נייר ערך | S72: ILS | T72: NA | U72: 15/09/2022 | V72: 0 | W72: 0.06 | X72: החוב לא נחות | Z72: גורם תלוי/פנימי | AA72: קיימת תלות | AB72: 45956 | AD72: 115385.59 | AE72: 1 | AF72: 0 | AG72: 0 | AJ72: שווי הוגן | AK72: 0 | AL72: 0
A73: 559 | B73: 7207 | C73: אפריקה-ישראל להשקעות בע"מ | D73: 520005067 | E73: ח.פ. | F73: אפריקה אגח כז סכומים לקבל) | G73: IL0061104316 | H73: ISIN | I73: אחר | J73: ישראל | K73: ישראל | L73: לא סחיר | M73: אחר | N73: לא | O73: 31/08/2022 | P73: NR | Q73: NR | R73: NR | S73: ILS | T73: NA | U73: 30/09/2021 | V73: 0.0001 | W73: 0.0645 | X73: החוב לא נחות | Z73: גורם תלוי/פנימי | AA73: קיימת תלות | AB73: 01/07/2021 | AD73: 42515.04 | AE73: 1 | AF73: 0 | AG73: 0 | AJ73: שווי הוגן | AK73: 3.4486299e-10 | AL73: 3.2708668e-12
A74: 559 | B74: 7207 | C74: אפריקה-ישראל להשקעות בע"מ | D74: 520005067 | E74: ח.פ. | F74: אפריקה אגח כח (סכומים לקבל) | G74: IL0061104803 | H74: ISIN | I74: אחר | J74: ישראל | K74: ישראל | L74: לא סחיר | M74: אחר | N74: לא | O74: 31/08/2022 | P74: NR | Q74: NR | R74: NR | S74: ILS | T74: NA | U74: 30/09/2021 | V74: 0.0001 | W74: 0.057 | X74: החוב לא נחות | Z74: גורם תלוי/פנימי | AA74: קיימת תלות | AB74: 01/07/2021 | AD74: 9000 | AE74: 1 | AF74: 0 | AG74: 0 | AJ74: שווי הוגן | AK74: 7.3003975e-11 | AL74: 6.9240911e-13
A75: 559 | B75: 7207 | C75: ברוקלנד | D75: 1814237 | E75: פנימי | F75: ברוקלנד אפריל אגח ב (מחוקה- מחוג | G75: IL0011369936 | H75: ISIN | I75: אחר | J75: ישראל | K75: ישראל | L75: לא סחיר | M75: בנייה | N75: לא | O75: 28/09/2023 | P75: R/S | Q75: S&P מעלות | R75: נייר ערך | S75: ILS | T75: NA | U75: 01/12/2021 | V75: 0 | W75: 0.0885 | X75: החוב לא נחות | Z75: גורם תלוי/פנימי | AA75: קיימת תלות | AB75: 14/12/2025 | AD75: 37700 | AE75: 1 | AF75: 0 | AG75: 0 | AJ75: שווי הוגן | AK75: 3.0580554e-10 | AL75: 2.9004248e-12
A76: 559 | B76: 7207 | C76: גב-ים נגב בע"מ | D76: 514189596 | E76: ח.פ. | F76: גב-ים נגב אגח ב-רמ | G76: IL0012084534 | H76: ISIN | I76: נש"ר צמוד למדד המחירים לצרכן | J76: ישראל | K76: ישראל | L76: לא סחיר | M76: נדל"ן מניב בישראל | N76: לא | O76: 11/07/2024 | P76: A+ | Q76: S&P מעלות | R76: נייר ערך | S76: ILS | T76: 2.320 | U76: 31/12/2028 | V76: 0.0321 | W76: 0.0384 | X76: החוב לא נחות | Z76: חברת ציטוט | AA76: אי-תלות | AB76: 30/06/2026 | AD76: 126750 | AE76: 1 | AF76: 106.64 | AG76: 135.166 | AJ76: שווי הוגן | AK76: 0.10964078 | AL76: 0.0010398923
A77: 559 | B77: 7207 | C77: י.ח.ק להשקעות שותפות מוגבלת | D77: 550016091 | E77: מספר שותפות | F77: י.ח.ק. אגח ב רמ | G77: IL0011817835 | H77: ISIN | I77: נש"ר לא צמוד למדד המחירים לצרכן | J77: ישראל | K77: ישראל | L77: לא סחיר | M77: השקעה ואחזקות | N77: לא | O77: 29/12/2022 | P77: A+ | Q77: S&P מעלות | R77: נייר ערך | S77: ILS | T77: 1.460 | U77: 31/12/2028 | V77: 0.0403 | W77: 0.0286 | X77: החוב לא נחות | Z77: חברת ציטוט | AA77: אי-תלות | AB77: 30/06/2026 | AD77: 25714.29 | AE77: 1 | AF77: 99.74 | AG77: 25.647 | AJ77: שווי הוגן | AK77: 0.020804051 | AL77: 0.00019731685
A78: 559 | B78: 7207 | C78: מקורות חברת מים בע"מ | D78: 520010869 | E78: ח.פ. | F78: מקורות אגח 8 רמ | G78: IL0011243461 | H78: ISIN | I78: נש"ר צמוד למדד המחירים לצרכן | J78: ישראל | K78: ישראל | L78: לא סחיר | M78: שרותים | N78: לא | O78: 14/07/2011 | P78: AAA | Q78: S&P מעלות | R78: נייר ערך | S78: ILS | T78: 8.750 | U78: 14/07/2048 | V78: 0.0264 | W78: 0.041 | X78: החוב לא נחות | Z78: חברת ציטוט | AA78: אי-תלות | AB78: 30/06/2026 | AD78: 182820.55 | AE78: 1 | AF78: 144.82 | AG78: 264.761 | AJ78: שווי הוגן | AK78: 0.21476206 | AL78: 0.0020369193
A79: 559 | B79: 7207 | C79: עלמדב אינק | D79: 002624970 | E79: מספר תאגיד או שותפות בחו"ל | F79: עלמדב אגח ג-רמ | G79: IL0012118878 | H79: ISIN | I79: נש"ר לא צמוד למדד המחירים לצרכן | J79: ישראל | K79: קנדה | L79: לא סחיר | M79: בנייה | N79: לא | O79: 30/09/2024 | P79: NR | Q79: NR | R79: NR | S79: ILS | T79: 2.510 | U79: 30/04/2029 | V79: 0.1016 | W79: 0.095 | X79: החוב לא נחות | Z79: חברת ציטוט | AA79: אי-תלות | AB79: 30/06/2026 | AD79: 88000 | AE79: 1 | AF79: 100.54 | AG79: 88.475 | AJ79: שווי הוגן | AK79: 0.071767126 | AL79: 0.00068067816
A80: 559 | B80: 7207 | C80: רפאל-רשות לפיתוח אמצעי לחימה בע"מ | D80: 520042185 | E80: ח.פ. | F80: רפאל סד' ד 2020/2034 | G80: IL0011402844 | H80: ISIN | I80: נש"ר לא צמוד למדד המחירים לצרכן | J80: ישראל | K80: ישראל | L80: לא סחיר | M80: ביטחוניות | N80: לא | O80: 01/03/2017 | P80: AAA | Q80: S&P מעלות | R80: נייר ערך | S80: ILS | T80: 3.800 | U80: 15/09/2034 | V80: 0.0376 | W80: 0.0374 | X80: החוב לא נחות | Z80: חברת ציטוט | AA80: אי-תלות | AB80: 30/06/2026 | AD80: 77188.77 | AE80: 1 | AF80: 101.13 | AG80: 78.061 | AJ80: שווי הוגן | AK80: 0.063319595 | AL80: 0.00060055722
A81: 559 | B81: 7207 | C81: רשות שדות התעופה בישראל | D81: 500102868 | E81: ח.פ. | F81: רש"ת אגח א - רמ | G81: IL0011873358 | H81: ISIN | I81: נש"ר צמוד למדד המחירים לצרכן | J81: ישראל | K81: ישראל | L81: לא סחיר | M81: שרותים | N81: לא | O81: 30/06/2022 | P81: Aaa | Q81: מידרוג Moodys | R81: נייר ערך | S81: ILS | T81: 2.980 | U81: 31/12/2031 | V81: 0.0236 | W81: 0.0155 | X81: החוב לא נחות | Z81: חברת ציטוט | AA81: אי-תלות | AB81: 30/06/2026 | AD81: 200102.68 | AE81: 1 | AF81: 110.35 | AG81: 220.813 | AJ81: שווי הוגן | AK81: 0.17911388 | AL81: 0.0016988127
A82: 559 | B82: 7207 | C82: רשות שדות התעופה בישראל | D82: 500102868 | E82: ח.פ. | F82: רש"ת אגח ב -רמ | G82: IL0011873432 | H82: ISIN | I82: נש"ר צמוד למדד המחירים לצרכן | J82: ישראל | K82: ישראל | L82: לא סחיר | M82: שרותים | N82: לא | O82: 30/06/2022 | P82: AAA | Q82: S&P מעלות | R82: נייר ערך | S82: ILS | T82: 5.940 | U82: 31/12/2036 | V82: 0.0247 | W82: 0.0175 | X82: החוב לא נחות | Z82: חברת ציטוט | AA82: אי-תלות | AB82: 30/06/2026 | AD82: 159611.11 | AE82: 1 | AF82: 108.39 | AG82: 173.002 | AJ82: שווי הוגן | AK82: 0.14033188 | AL82: 0.0013309833
A83: 559 | B83: 7207 | C83: תשתיות אנרגיה בעמ | D83: 520027293 | E83: ח.פ. | F83: תשת אנרג אגח א 2023/2040 | G83: IL0011680878 | H83: ISIN | I83: נש"ר צמוד למדד המחירים לצרכן | J83: ישראל | K83: ישראל | L83: לא סחיר | M83: אנרגיה | N83: לא | O83: 17/08/2020 | P83: AAA | Q83: S&P מעלות | R83: נייר ערך | S83: ILS | T83: 6.930 | U83: 31/12/2040 | V83: 0.025 | W83: 0.0083 | X83: החוב לא נחות | Z83: חברת ציטוט | AA83: אי-תלות | AB83: 30/06/2026 | AD83: 97798.89 | AE83: 1 | AF83: 106.42 | AG83: 104.078 | AJ83: שווי הוגן | AK83: 0.084423078 | AL83: 0.00080071404
A84: 559 | B84: 7207 | C84: אנרג'יאן ישראל פיננס בע"מ | D84: 516301843 | E84: ח.פ. | F84: ENOIGA 8.5 30/09/2033 | G84: IL0011971442 | H84: ISIN | I84: צמוד למט"ח | J84: ישראל | K84: ישראל | L84: לא סחיר | M84: Energy Equipment & Services | N84: לא | O84: 28/06/2023 | P84: BB- | Q84: S&P | R84: נייר ערך | S84: USD | T84: 5.530 | U84: 30/09/2033 | V84: 0.0714 | W84: 0.085 | X84: החוב לא נחות | Z84: חברת ציטוט | AA84: אי-תלות | AB84: 30/06/2026 | AD84: 7000 | AE84: 2.978 | AF84: 112.542 | AG84: 23.461 | AJ84: שווי הוגן | AK84: 0.01903015 | AL84: 0.00018049222

Sheet לא סחיר מניות מבכ ויהש
A1: מספר קופה/קרן/ח.פ. עבור חברת ביטוח | B1: מספר מסלול | C1: שם מנפיק | D1: מספר מנפיק | E1: סוג מספר מזהה מנפיק | F1: שם נייר ערך | G1: מספר נייר ערך | H1: סוג מספר נייר ערך | I1: מאפיין עיקרי | J1: ישראל/חו"ל | K1: מדינה לפי חשיפה כלכלית | L1: סטאטוס סחירות | M1: ענף מסחר | N1: בעל עניין/צד קשור | O1: תאריך רכישה | P1: מטבע פעילות | Q1: סוג גורם משערך | R1: תלות/אי-תלות המשערך | S1: תאריך שערוך אחרון | T1: תאריך אחרון בו נבחנה בפועל ירידת ערך | U1: ערך נקוב (יחידות) | V1: שער חליפין | W1: שער נייר הערך | X1: שווי הוגן (באלפי ש"ח) | Y1: שיעור מנכסי אפיק ההשקעה | Z1: שיעור מסך נכסי ההשקעה

Sheet קרנות השקעה
A1: מספר קופה/קרן/ח.פ. עבור חברת ביטוח | B1: מספר מסלול | C1: שם שותף כללי קרן השקעות | D1: מספר מזהה שותף כללי קרן השקעות | E1: סוג מספר מזהה שותף כללי קרן השקעות | F1: שם קרן השקעה | G1: מספר מזהה קרן השקעה | H1: סוג מספר מזהה קרן השקעות | I1: מאפיין עיקרי | J1: אסטרטגיית קרן ההשקעה | K1: ישראל/חו"ל | L1: מדינת התאגדות קרן השקעה | M1: מיקום משרד השותף הכללי | N1: מדינה לפי חשיפה כלכלית | O1: בעל עניין/צד קשור | P1: תאריך רכישה | Q1: מטבע פעילות | R1: סוג גורם משערך | S1: תלות/אי-תלות המשערך | T1: תאריך שערוך אחרון | U1: שער חליפין | V1: NAV (במטבע הדיווח של קרן ההשקעה) | W1: שווי הוגן (באלפי ש"ח) | X1: שיעור החזקה בקרן השקעה | Y1: שיעור מנכסי אפיק ההשקעה | Z1: שיעור מסך נכסי ההשקעה
A2: 559 | B2: 556 | C2: Ap Partners | F2: AP Partners קרן השקעה | G2: 666105929 | H2: פנימי | I2: פרייבט אקוויטי | J2: Buyout | K2: ישראל | N2: ישראל | O2: לא | P2: 17/04/2018 | Q2: ILS | R2: דיווח מנהל הקרן | S2: אי-תלות | T2: 27/05/2026 | U2: 1 | V2: 1313.696 | W2: 1313.696 | X2: 0.006321 | Y2: 0.085805399 | Z2: 0.0037380024
A3: 559 | B3: 556 | C3: Electra Capital PM | F3: ELECTRA CAPITAL PM קרן השקעה | G3: 666107420 | H3: פנימי | I3: קרן חוב | J3: Mezzanine Debt | K3: ישראל | N3: ארה"ב | O3: לא | P3: 18/03/2020 | Q3: USD | R3: דיווח מנהל הקרן | S3: אי-תלות | T3: 11/06/2026 | U3: 2.978 | V3: 203.022 | W3: 604.601 | X3: 0.001471 | Y3: 0.039490124 | Z3: 0.0017203367
A4: 559 | B4: 556 | C4: יסודות א נדלן ופיתוח שותפות מוגבלת | F4: יסודות אנקס קרן נדלן | G4: 666103635 | H4: פנימי | I4: קרן חוב | J4: Direct Lending Debt | K4: ישראל | N4: ישראל | O4: לא | P4: 09/10/2016 | Q4: ILS | R4: דיווח מנהל הקרן | S4: אי-תלות | T4: 05/04/2026 | U4: 1 | V4: 0 | W4: 0 | X4: 0.003593 | Y4: 5.2218848e-10 | Z4: 2.2748473e-11
A5: 559 | B5: 556 | C5: יסודות א נדלן שותפות מוגבלת | F5: יסודות קרן נדלן | G5: 666103007 | H5: פנימי | I5: קרן חוב | J5: Direct Lending Debt | K5: ישראל | N5: ישראל | O5: לא | P5: 07/09/2015 | Q5: ILS | R5: דיווח מנהל הקרן | S5: אי-תלות | T5: 11/06/2026 | U5: 1 | V5: 9.184 | W5: 9.184 | X5: 0.004341 | Y5: 0.00059987395 | Z5: 2.6132741e-05
A6: 559 | B6: 556 | C6: קרן נוי 2 להשקעה בתשתיות אנרגיה | F6: נוי 2 - קרן השקעה חשמל | G6: 666103072 | H6: פנימי | I6: פרייבט אקוויטי | J6: Direct Lending Debt | K6: ישראל | N6: ישראל | O6: לא | P6: 23/12/2014 | Q6: ILS | R6: דיווח מנהל הקרן | S6: אי-תלות | T6: 29/06/2026 | U6: 1 | V6: 390.242 | W6: 390.242 | X6: 0.00053 | Y6: 0.025489089 | Z6: 0.0011103995
A7: 559 | B7: 556 | C7: קוגיטו קפיטל אל.אמ.אי שותף כללי, שותפות מוגבלת | F7: קוגיטו קפיטל קרן השקעה | G7: 666103494 | H7: פנימי | I7: קרן נדל"ן | J7: Direct Lending Debt | K7: ישראל | N7: ישראל | O7: לא | P7: 14/12/2015 | Q7: ILS | R7: דיווח מנהל הקרן | S7: אי-תלות | T7: 28/05/2026 | U7: 1 | V7: 255.069 | W7: 255.069 | X7: 0.001733 | Y7: 0.016660095 | Z7: 0.00072577571
A8: 559 | B8: 556 | C8: קוגיטו קפיטל אל.אמ.אי שותף כללי, שותפות מוגבלת | F8: קוגיטו קרן משלימה | G8: 666103965 | H8: פנימי | I8: קרן נדל"ן | J8: Direct Lending Debt | K8: ישראל | N8: ישראל | O8: לא | P8: 12/12/2016 | Q8: ILS | R8: דיווח מנהל הקרן | S8: אי-תלות | T8: 28/05/2026 | U8: 1 | V8: 92.382 | W8: 92.382 | X8: 0.001135 | Y8: 0.0060340259 | Z8: 0.00026286461
A9: 559 | B9: 556 | C9: קרדיטו בע"מ | F9: קרדיטו - קרן השקעה | G9: 666107446 | H9: פנימי | I9: קרן חוב | J9: Mezzanine Debt | K9: ישראל | N9: ישראל | O9: לא | P9: 22/03/2020 | Q9: ILS | R9: דיווח מנהל הקרן | S9: אי-תלות | T9: 25/06/2026 | U9: 1 | V9: 1958.911 | W9: 1958.911 | X9: 0.005053 | Y9: 0.12794831 | Z9: 0.0055739045
A10: 559 | B10: 556 | C10: לידר טופ קפיטל מימון קבוצות רכישה | F10: קרן לידר טופ קפיטל | G10: 666109921 | H10: פנימי | I10: קרן חוב | J10: Mezzanine Debt | K10: ישראל | N10: ישראל | O10: לא | P10: 30/06/2022 | Q10: ILS | R10: דיווח מנהל הקרן | S10: אי-תלות | T10: 10/06/2026 | U10: 1 | V10: 174.52 | W10: 174.52 | X10: 0.006 | Y10: 0.011398949 | Z10: 0.00049658061
A11: 559 | B11: 556 | C11: SHAVIT CAPITAL FUND V (CI), L.P | F11: שביט קרן השקעה | G11: 666106133 | H11: פנימי | I11: פרייבט אקוויטי | J11: Buyout | K11: ישראל | N11: ישראל | O11: לא | P11: 05/09/2018 | Q11: USD | R11: דיווח מנהל הקרן | S11: אי-תלות | T11: 13/04/2026 | U11: 2.978 | V11: 336.704 | W11: 1002.706 | X11: 0.005 | Y11: 0.065492767 | Z11: 0.0028531085
A12: 559 | B12: 556 | C12: Frux Capital Investments | F12: Frux Debt Fund II | G12: 666109723 | H12: פנימי | I12: קרן חוב | J12: Direct Lending Debt | K12: חו"ל | N12: ספרד | O12: לא | P12: 16/12/2021 | Q12: EUR | R12: דיווח מנהל הקרן | S12: אי-תלות | T12: 28/05/2026 | U12: 3.3945 | V12: 112.371 | W12: 381.442 | X12: 0.001132 | Y12: 0.024914268 | Z12: 0.0010853582
A13: 559 | B13: 556 | C13: Hamilton Lane Advisors, LLC | F13: Hamilton Lane VII LP | G13: 666110408 | H13: פנימי | I13: קרן חוב | J13: Distressed Debt | K13: חו"ל | N13: גלובלי | O13: לא | P13: 30/06/2022 | Q13: USD | R13: דיווח מנהל הקרן | S13: אי-תלות | T13: 29/06/2026 | U13: 2.978 | V13: 112.353 | W13: 334.587 | X13: 0.000252 | Y13: 0.021853867 | Z13: 0.00095203573
